Workbook
Name abc: OFFSET([1]SorP!$B$1,MATCH('[1]Smelter Lookup'!$G1&"*",[1]SorP!$A:$A,0)-1,0,COUNTIF([1]SorP!$A:$A,'[1]Smelter Lookup'!$G1&"*"),1)
Name CL: 'C'!$B$2:$B$250
Name dropX: 'Smelter List'!$B$2508:$B$2517
Name FromArray_1: _xlfn.ANCHORARRAY(#REF!)
Name listIndex: #REF!:INDEX(#REF!,SUMPRODUCT(--(#REF!<>"")))
Name listIndex2: #REF!:INDEX(#REF!,SUMPRODUCT(--(#REF!<>"")))
Name LN: L!$D$1:$I$1
Name Metal: 'Smelter List'!$W$3:$Z$3
Name MetalSmelter: 'Smelter Look-up'!$L$5:$L$96
Name SL: Declaration!$P$3
Name SLX: #REF!
Name SmelterdropX: Declaration!$AC$42:INDEX(Declaration!$AC$42:$AC$51,SUMPRODUCT(--(Declaration!$AC$42:$AC$51<>"")))
Name SmelterID: 'Smelter Look-up'!#REF!
Name SmelterIdetifiedForMetal: 'Smelter List'!$B$5:$B$2502
Name SN: OFFSET('Smelter Look-up'!$B$4,MATCH(!$B1,'Smelter Look-up'!$A:$A,0)-4,0,COUNTIF('Smelter Look-up'!$A:$A,!$B1),1)
Name SorP: SorP!$A$5616:$B$5661
Name SorP_List: OFFSET([2]SorP!$B$1,MATCH('[2]Smelter Lookup'!$G1&"*",[2]SorP!$A:$A,0)-1,0,COUNTIF([2]SorP!$A:$A,'[2]Smelter Lookup'!$G1&"*"),1)
Name SSLX: OFFSET('Smelter List'!$AD$4,MATCH(!$A1,'Smelter List'!$AC:$AC,0)-4,0,COUNTIF('Smelter List'!$AC:$AC,!$A1),1)
Name Ymetal: #REF!

Sheet Revision
B2: DOCUMENT TITLE
B3: Extended Mineral Reporting Template
B4: SHEET
B5: 1 of 8
B9: REVISION HISTORY
B10: • A change in the first digit of the revision number (e.g., 1.0 to 2.0) signifies that a set of major improvements have occurred and would likely include different data reporting requirements. • Changes to the first decimal places (2.10 to 2.20) indicate that minor changes have been made to the template and are not expected to result in substantial changes to the data being reported. • Changes to the second decimal places (2.10 to 2.11) indicates an even more minor change, for example an update to the smelter reference list • Changes to alpha characters (e.g., "a", or "b", or "c") following the revision number indicates that the version is an alpha or a beta version; these only appear on pre-released versions and would be dropped once the version is released to the public. A version with a letter (post version 4.xx) should not be used in commerce. RMI recommends that companies reject these versions as they are pre-release and could contain errors or other inconsistencies which could impact the accuracy of the data.
B12: REVISION | C12: ORIGINATOR | D12: RELEASE DATE | E12: DESCRIPTION OF FUNCTIONAL CHANGE | F12: UPDATES TO SMELTER LIST
B13: 1 | C13: RMI | D13: 44489 | E13: Version 1.0: The Extended Mineral Reporting Template is the updated and renamed Cobalt Reporting Template that incorporates mica within its scope. This includes updates to the Declaration tab in line with the IPC-1755A October 2021 amendment. | F13: This version incorporates changes to the standard smelter list for cobalt and includes the standard smelter list for mica as of July 28, 2021. The latest version of the Standard Smelter List is available at: https://www.responsiblemineralsinitiative.org/smelters-refiners-lists/smelter-reference-lists-export/
B14: 1.01 | C14: RMI | D14: 44523 | E14: 1. Minor revisions to correct reported issues including those related to the “Declaration”, "Checker" and "Smelter List" tabs, and Chinese and Korean translations. | F14: This version incorporates changes to the standard smelter list for cobalt and includes the standard smelter list for mica as of July 28, 2021. The latest version of the Standard Smelter List is available at: https://www.responsiblemineralsinitiative.org/smelters-refiners-lists/smelter-reference-lists-export/
B15: 1.02 | C15: RMI | D15: 44553 | E15: 1. Minor revisions to correct reported issues for Chinese translations. | F15: This version incorporates changes to the standard smelter list for cobalt and includes the standard smelter list for mica as of July 28, 2021. The latest version of the Standard Smelter List is available at: https://www.responsiblemineralsinitiative.org/smelters-refiners-lists/smelter-reference-lists-export/
B16: 1.1 | C16: RMI | D16: 44848 | E16: 1. Corrections to all bugs and errors 2. Enhancements which do not conflict with IPC-1755A such as the activation of filter/search function in the Smelter List tab. a. Update to ISO short names for countries, states / provinces 3. Updates to the Smelter Reference List and Standard Smelter List | F16: This version incorporates changes to the standard smelter lists for cobalt and mica as of July 25, 2022. The latest version of the Standard Smelter List is available at: https://www.responsiblemineralsinitiative.org/smelters-refiners-lists/smelter-reference-lists-export/
B17: 1.11 | C17: RMI | D17: 44869 | E17: 1. Minor revisions to correct reported issues including those related to the "Declaration" tab, and Chinese translations. | F17: This version incorporates changes to the standard smelter lists for cobalt and mica as of July 25, 2022. The latest version of the Standard Smelter List is available at: https://www.responsiblemineralsinitiative.org/smelters-refiners-lists/smelter-reference-lists-export/
B18: 1.2 | C18: RMI | D18: 45058 | E18: 1. Corrections to all bugs and errors. 2. Updates to the Smelter Reference List and Standard Smelter List. | F18: This version incorporates changes to the standard smelter lists for cobalt and mica as of March 27, 2023. The latest version of the Standard Smelter List is available at: https://www.responsiblemineralsinitiative.org/smelters-refiners-lists/smelter-reference-lists-export/
B19: 1.3 | C19: RMI | D19: 45408 | E19: 1. Corrections to all bugs and errors 2. Updates to highlighting on the Smelter List tabs. 3. Updates to Smelter Reference List and Standard Smelter List 4. Added German translation to file. | F19: This version incorporates changes to the standard smelter lists for cobalt and mica as of February 28, 2024. The latest version of the Standard Smelter List is available at: https://www.responsiblemineralsinitiative.org/facilities-lists/smelter-reference-lists-export/
B20: 2.0 | C20: RMI | D20: 45772 | E20: 1. Addition of four new minerals: copper, graphite (natural), lithium, and nickel. 2. Added Mine List tab. 3. Updates to Smelter Reference List and Standard Smelter List | F20: This version incorporates changes to the smelter list as reflected in the Standard Smelter List as of March 5, 2025. The latest version of the Standard Smelter List is available at: https://www.responsiblemineralsinitiative.org/facilities-lists/smelter-reference-lists-export/
B21: 2.1 | C21: RMI | D21: 45947 | E21: 1. Corrections to all bugs and errors 2. Added notice of Select Minerals/Metals in Scope 3. Change to Product List to include "Requestor's Product Number" and "Requestor's Product Name" 4. Updates to the Smelter List and Mine List tabs 5. Updates to Smelter Reference List and Standard Smelter List | F21: This version incorporates changes to the smelter list as reflected in the Standard Smelter List as of September 5, 2025. The latest version of the Standard Smelter List is available at: https://www.responsiblemineralsinitiative.org/facilities-lists/smelter-reference-lists-export/
B22: 2.11 | C22: RMI | D22: 46129 | E22: 1. Enhancements which do not conflict with IPC-1755 a. Update to ISO short names for countries, states / provinces 2. Corrected date input issue on Declaration tab 3. Updates to Smelter Reference List and Standard Smelter List | F22: This version incorporates changes to the smelter list as reflected in the Standard Smelter List as of March 11, 2026. The latest version of the Standard Smelter List is available at: https://www.responsiblemineralsinitiative.org/facilities-lists/smelter-reference-lists-export/
B23: =OFFSET(L!$C$1,MATCH("General"&"Cpy",L!$A:$A,0)-1,SL,,) -> © 2026 Responsible Minerals Initiative. All rights reserved.

Sheet Instructions
A1: =OFFSET(L!$C$1,MATCH("Instructions"&ADDRESS(ROW(),COLUMN(),4),L!$A:$A,0)-1,SL,,) -> RMI:www.responsiblemineralsinitiative.org/
A2: =OFFSET(L!$C$1,MATCH("Instructions"&ADDRESS(ROW(),COLUMN(),4),L!$A:$A,0)-1,SL,,) -> Introduction
A3: =OFFSET(L!$C$1,MATCH("Instructions"&ADDRESS(ROW(),COLUMN(),4),L!$A:$A,0)-1,SL,,) -> This Extended Mineral Reporting Template (EMRT) is a free, standardized reporting template created by the Responsible Minerals Initiative® (RMI®). The Template facilitates the transfer of information through the supply chain regarding mineral country of origin and smelters, refiners and processors being utilized and supports the exercise of due diligence in accordance with the OECD Due Diligence Guidance for Responsible Supply Chains of Minerals from Conflict-Affected and High-Risk Areas. The template also facilitates the identification of new smelters and refiners to potentially undergo an audit via the Responsible Minerals Assurance Process. The EMRT was designed for downstream companies to disclose information about their supply chains up to but not including the smelter. If you are a smelter or refiner, we recommend you enter your own name in the smelter list tab. When filling out the form, none of the cell entries should start with "=" or "#."
A5: =OFFSET(L!$C$1,MATCH("Instructions"&ADDRESS(ROW(),COLUMN(),4),L!$A:$A,0)-1,SL,,) -> Instructions for completing Company Information questions (rows 7 - 26). Provide comments in ENGLISH only
A6: =OFFSET(L!$C$1,MATCH("Instructions"&ADDRESS(ROW(),COLUMN(),4),L!$A:$A,0)-1,SL,,) -> Note: Entries with (*) are mandatory fields.
A7: =OFFSET(L!$C$1,MATCH("Instructions"&ADDRESS(ROW(),COLUMN(),4),L!$A:$A,0)-1,SL,,) -> 1. Insert your company's Legal Name. Please do not use abbreviations. In this field you have the option to add other commercial names, DBAs, etc. This field is mandatory.
A8: =OFFSET(L!$C$1,MATCH("Instructions"&ADDRESS(ROW(),COLUMN(),4),L!$A:$A,0)-1,SL,,) -> 2. Select your company's Declaration Scope. The options for scope are: A. Company-wide B. Product (or List of Products) C. User-Defined For "Company-wide", the declaration encompasses the entirety of a company's products or product substances produced by the parent company. Therefore if the user is reporting specified mineral data at the company level, they will be reporting data on all products they manufacture. For Scope selection of Product (or List of Products), a link to the worksheet tab for Product List will be displayed. If this scope is chosen, it is mandatory to list the Responder's Product Number of the products covered under the Scope of this Declaration in Column B of the Product List worksheet. It is optional to list the Responder's Product Name in Column C of the Product List worksheet. For Scope selection of "User Defined", it is mandatory that the user describes the scope to which the specified minerals disclosure is applicable. The scope of this class shall be defined in a text field by the supplier and should be easily understood by customers or the receivers of the document. As an example, companies may provide a link to clarifying information. This field is mandatory.
A9: =OFFSET(L!$C$1,MATCH("Instructions"&ADDRESS(ROW(),COLUMN(),4),L!$A:$A,0)-1,SL,,) -> 3. The requesting company is required to select all minerals that are in scope of the declaration. These fields are pre-populated with the six EMRT minerals. To remove a mineral from the declaration, the user selects "Delete [Mineral]". Minerals are automatically populated in alphabetical order for Questions 1-7 and C. This field is mandatory.
A10: =OFFSET(L!$C$1,MATCH("Instructions"&ADDRESS(ROW(),COLUMN(),4),L!$A:$A,0)-1,SL,,) -> 4. Insert your company’s unique identifier number or code (DUNS number, VAT number, customer-specific identifier, etc.)
A11: =OFFSET(L!$C$1,MATCH("Instructions"&ADDRESS(ROW(),COLUMN(),4),L!$A:$A,0)-1,SL,,) -> 5. Insert the source for the unique identifier number or code ("DUNS", "VAT", "Customer", etc).
A12: =OFFSET(L!$C$1,MATCH("Instructions"&ADDRESS(ROW(),COLUMN(),4),L!$A:$A,0)-1,SL,,) -> 6. Insert your full company address (street, city, state, country, postal code). This field is optional.
A13: =OFFSET(L!$C$1,MATCH("Instructions"&ADDRESS(ROW(),COLUMN(),4),L!$A:$A,0)-1,SL,,) -> 7. Insert the name of the person to contact regarding the contents of the declaration information. This field is mandatory.
... A88: =OFFSET(L!$C$1,MATCH("Instructions"&ADDRESS(ROW(),COLUMN(),4),L!$A:$A,0)-1,SL,,) -> By accessing and using the List or any Tool, and in consideration thereof, the User agrees to the foregoing.
A89: =OFFSET(L!$C$1,MATCH("General"&"Cpy",L!$A:$A,0)-1,SL,,) -> © 2026 Responsible Minerals Initiative. All rights reserved.
A90: Return to declaration tab
A91: Revision 2.11 April 17, 2026

Sheet Definitions
B2: =OFFSET(L!$C$1,MATCH("Definitions"&ADDRESS(ROW(),COLUMN(),4),L!$A:$A,0)-1,SL,,) -> ITEM | C2: =OFFSET(L!$C$1,MATCH("Definitions"&ADDRESS(ROW(),COLUMN(),4),L!$A:$A,0)-1,SL,,) -> DEFINITION
B3: =OFFSET(L!$C$1,MATCH("Definitions"&ADDRESS(ROW(),COLUMN(),4),L!$A:$A,0)-1,SL,,) -> Authorizer | C3: =OFFSET(L!$C$1,MATCH("Definitions"&ADDRESS(ROW(),COLUMN(),4),L!$A:$A,0)-1,SL,,) -> This field identifies the person responsible for the content of the declaration. The authorizer may be a different individual from the contact person. It is not correct to use the words ‘‘same’’ or similar identification to provide the name of the authorizer.
B4: =OFFSET(L!$C$1,MATCH("Definitions"&ADDRESS(ROW(),COLUMN(),4),L!$A:$A,0)-1,SL,,) -> Cobalt Refiner | C4: =OFFSET(L!$C$1,MATCH("Definitions"&ADDRESS(ROW(),COLUMN(),4),L!$A:$A,0)-1,SL,,) -> An entity that processes cobalt concentrates, intermediates or recycled feed and produces a cobalt product for direct use in a downstream manufacturing process.
B5: =OFFSET(L!$C$1,MATCH("Definitions"&ADDRESS(ROW(),COLUMN(),4),L!$A:$A,0)-1,SL,,) -> Conflict-Affected and High-Risk Areas (CAHRA) | C5: =OFFSET(L!$C$1,MATCH("Definitions"&ADDRESS(ROW(),COLUMN(),4),L!$A:$A,0)-1,SL,,) -> Conflict-Affected and High-Risk Areas (CAHRA) are defined by the OECD Due Diligence Guidance as "areas identified by the presence of armed conflict, widespread violence or other risks of harm to people. Armed conflict may take a variety of forms, such as a conflict of international or non-international character, which may involve two or more states, or may consist of wars of liberation, or insurgencies, civil wars, etc. High-risk areas may include areas of political instability or repression, institutional weakness, insecurity, collapse of civil infrastructure and widespread violence. Such areas are often characterised by widespread human right abuses and violations of national or international law."
B6: =OFFSET(L!$C$1,MATCH("Definitions"&ADDRESS(ROW(),COLUMN(),4),L!$A:$A,0)-1,SL,,) -> Copper Processor* | C6: =OFFSET(L!$C$1,MATCH("Definitions"&ADDRESS(ROW(),COLUMN(),4),L!$A:$A,0)-1,SL,,) -> A copper processor is a facility engaged in the transformation of copper-bearing materials into intermediate or final copper products through metallurgical, chemical, or electrochemical processes. Copper processors may operate integrated facilities or specialize in one or more stages of the copper value chain, including alloying, casting, or further fabrication.
B7: =OFFSET(L!$C$1,MATCH("Definitions"&ADDRESS(ROW(),COLUMN(),4),L!$A:$A,0)-1,SL,,) -> Declaration of Scope or Class | C7: =OFFSET(L!$C$1,MATCH("Definitions"&ADDRESS(ROW(),COLUMN(),4),L!$A:$A,0)-1,SL,,) -> For the purposes of this template, “scope” describes the applicability of the information provided by the reporting company. The scope may encompass the entirety of a company’s services and/or products, or at a company’s discretion, the template may be used to report on a specific product (or products), or, be ‘User defined’. The ‘User defined’ scope selection or class may be used to describe any subset of a company’s operation or product portfolio
B8: =OFFSET(L!$C$1,MATCH("Definitions"&ADDRESS(ROW(),COLUMN(),4),L!$A:$A,0)-1,SL,,) -> Due Diligence | C8: =OFFSET(L!$C$1,MATCH("Definitions"&ADDRESS(ROW(),COLUMN(),4),L!$A:$A,0)-1,SL,,) -> The OECD Due Diligence Guidance for Responsible Supply Chains of Minerals from Conflict-affected and High-risk Areas (OECD Guidance) defines “Due Diligence” as “an on-going, proactive and reactive process through which companies can ensure that they respect human rights and do not contribute to conflict”. More information is available at http://www.responsiblemineralsinitiative.org/training-and-resources/conflict-affected-and-high-risk-areas/.
B9: =OFFSET(L!$C$1,MATCH("Definitions"&ADDRESS(ROW(),COLUMN(),4),L!$A:$A,0)-1,SL,,) -> Graphite (Natural)* | C9: =OFFSET(L!$C$1,MATCH("Definitions"&ADDRESS(ROW(),COLUMN(),4),L!$A:$A,0)-1,SL,,) -> Natural Graphite is a naturally occurring form of crystalline carbon, found in graphite-bearing ores: flake graphite; amorphous and vein graphite. A natural graphite project or operations (Upstream actor) refers to an active industrial undertaking focused on the extraction of graphite ore and its subsequent beneficiation into graphite concentrate.
B10: =OFFSET(L!$C$1,MATCH("Definitions"&ADDRESS(ROW(),COLUMN(),4),L!$A:$A,0)-1,SL,,) -> Graphite Processor* | C10: =OFFSET(L!$C$1,MATCH("Definitions"&ADDRESS(ROW(),COLUMN(),4),L!$A:$A,0)-1,SL,,) -> A spherical graphite producer (Pinch Point) is a facility that manufactures high-purity, fine-particle graphite products—either coated or uncoated—by processing natural or synthetic graphite concentrate into spherical graphite (also known as spheroidized graphite), primarily for use in lithium-ion battery anodes.
B11: =OFFSET(L!$C$1,MATCH("Definitions"&ADDRESS(ROW(),COLUMN(),4),L!$A:$A,0)-1,SL,,) -> Independent Third-Party Audit Firm | C11: =OFFSET(L!$C$1,MATCH("Definitions"&ADDRESS(ROW(),COLUMN(),4),L!$A:$A,0)-1,SL,,) -> With respect to smelter audits, an “Independent Third-Party Audit Firm” is a private sector organization competent in evaluating the smelter or refiner’s due diligence system against a defined standard. To maintain neutrality and impartiality, such organization and its audit team members must have no conflicts of interest with the auditee. | H11: 14
B12: =OFFSET(L!$C$1,MATCH("Definitions"&ADDRESS(ROW(),COLUMN(),4),L!$A:$A,0)-1,SL,,) -> Intentionally added | C12: =OFFSET(L!$C$1,MATCH("Definitions"&ADDRESS(ROW(),COLUMN(),4),L!$A:$A,0)-1,SL,,) -> Intentionally added refers to a substance used in one or more product life cycle stage(s) intended to give a particular property, reaction or quality.
B13: =OFFSET(L!$C$1,MATCH("Definitions"&ADDRESS(ROW(),COLUMN(),4),L!$A:$A,0)-1,SL,,) -> Lithium Processor* | C13: =OFFSET(L!$C$1,MATCH("Definitions"&ADDRESS(ROW(),COLUMN(),4),L!$A:$A,0)-1,SL,,) -> A lithium processor is a facility that converts lithium-bearing materials into lithium compounds, lithium metal, or intermediates through chemical, thermal, or electrochemical processes. Processed outputs may include lithium carbonate, lithium hydroxide, lithium chloride, lithium sulfate, lithium oxide, lithium metal, or other lithium-containing intermediates used in downstream applications such as batteries, ceramics, glass, lubricants, and pharmaceuticals.
B14: =OFFSET(L!$C$1,MATCH("Definitions"&ADDRESS(ROW(),COLUMN(),4),L!$A:$A,0)-1,SL,,) -> OECD | C14: =OFFSET(L!$C$1,MATCH("Definitions"&ADDRESS(ROW(),COLUMN(),4),L!$A:$A,0)-1,SL,,) -> Organisation for Economic Co-operation and Development. The OECD has developed the OECD Due Diligence Guidance for Responsible Supply Chains. The OECD Due Diligence Guidance provides detailed recommendations to help companies respect human rights and avoid contributing to conflict through their mineral purchasing decisions and practices and uses a reasonableness approach. This Guidance is for use by any company potentially sourcing minerals or metals from conflict-affected and high-risk areas. The OECD Guidance is global in scope, and applies to all mineral supply chains. (http://mneguidelines.oecd.org/mining.htm)
B15: =OFFSET(L!$C$1,MATCH("Definitions"&ADDRESS(ROW(),COLUMN(),4),L!$A:$A,0)-1,SL,,) -> Mica (Natural) | C15: =OFFSET(L!$C$1,MATCH("Definitions"&ADDRESS(ROW(),COLUMN(),4),L!$A:$A,0)-1,SL,,) -> Natural mica is a mineral that is mined or naturally occurring, such as muscovite and phlogopite.
B16: =OFFSET(L!$C$1,MATCH("Definitions"&ADDRESS(ROW(),COLUMN(),4),L!$A:$A,0)-1,SL,,) -> Mica (Synthetic) | C16: =OFFSET(L!$C$1,MATCH("Definitions"&ADDRESS(ROW(),COLUMN(),4),L!$A:$A,0)-1,SL,,) -> Synthetic mica (fluorophlogopite) is a man-made material composed of such materials as magnesium, aluminum and silicon.
B17: =OFFSET(L!$C$1,MATCH("Definitions"&ADDRESS(ROW(),COLUMN(),4),L!$A:$A,0)-1,SL,,) -> Mica Processor | C17: =OFFSET(L!$C$1,MATCH("Definitions"&ADDRESS(ROW(),COLUMN(),4),L!$A:$A,0)-1,SL,,) -> A mica processor is an entity that takes raw mined minerals such as pegmatites (schist), feldspar, kaolin, muscovite or phlogopite and subjects them to various physical or mechanical methods to separate non-mica components from mica components, then produce grades of mica products for use in downstream manufacturing processes. Raw mineral processing can include sorting, separation, milling, grinding, cutting, stamping and binding.
B18: =OFFSET(L!$C$1,MATCH("Definitions"&ADDRESS(ROW(),COLUMN(),4),L!$A:$A,0)-1,SL,,) -> Nickel Processor* | C18: =OFFSET(L!$C$1,MATCH("Definitions"&ADDRESS(ROW(),COLUMN(),4),L!$A:$A,0)-1,SL,,) -> A nickel processor is a facility that transforms nickel-bearing materials into nickel metal, nickel alloys, or intermediates through pyrometallurgical, hydrometallurgical, or electrochemical processes. Processed products may include ferronickel, nickel pig iron (NPI), nickel matte, mixed hydroxide precipitate (MHP), mixed sulfide precipitate (MSP), nickel sulfate, or refined nickel metal.
B19: =OFFSET(L!$C$1,MATCH("Definitions"&ADDRESS(ROW(),COLUMN(),4),L!$A:$A,0)-1,SL,,) -> Processor | C19: =OFFSET(L!$C$1,MATCH("Definitions"&ADDRESS(ROW(),COLUMN(),4),L!$A:$A,0)-1,SL,,) -> A facility that performs process or processes to remove all undesirable and separate the desired elements of primary materials by concentration or purification. This includes, but is not limited to: cleaning, separation, concentrating (e.g. separate valuable minerals from unwanted gangue by mechanical, thermal or chemical means), roasting (e.g. smelting, roasting, or other means to drive off impurities), cathode and anode production and other refining processes. The terms "smelter", "refiner", and "processor" are used interchangeably throughout various publications.
B20: =OFFSET(L!$C$1,MATCH("Definitions"&ADDRESS(ROW(),COLUMN(),4),L!$A:$A,0)-1,SL,,) -> Product | C20: =OFFSET(L!$C$1,MATCH("Definitions"&ADDRESS(ROW(),COLUMN(),4),L!$A:$A,0)-1,SL,,) -> A company’s Product or Finished good is a material or item which has completed the final stage of manufacturing and/or processing and is available for distribution or sale to customers.
B21: =OFFSET(L!$C$1,MATCH("Definitions"&ADDRESS(ROW(),COLUMN(),4),L!$A:$A,0)-1,SL,,) -> Recycled or Scrap Sources | C21: =OFFSET(L!$C$1,MATCH("Definitions"&ADDRESS(ROW(),COLUMN(),4),L!$A:$A,0)-1,SL,,) -> Recycled metals are reclaimed end-user or post-consumer products, or scrap processed metals created during product manufacturing. Recycled metal includes excess, obsolete, defective, and scrap metal materials which contain refined or processed metals that are appropriate to recycle in the production of the in scope metals. Minerals partially processed, unprocessed or a bi-product from another ore are not recycled metals. Note: As of the date of this publication, there is no significant post-consumer recycling of mica.
B22: =OFFSET(L!$C$1,MATCH("Definitions"&ADDRESS(ROW(),COLUMN(),4),L!$A:$A,0)-1,SL,,) -> Responsible Business Alliance (RBA) | C22: =OFFSET(L!$C$1,MATCH("Definitions"&ADDRESS(ROW(),COLUMN(),4),L!$A:$A,0)-1,SL,,) -> Founded in 2004 the Responsible Business Alliance is the world’s largest industry coalition dedicated to electronics supply chain responsibility. (http://www.responsiblebusiness.org)
B23: =OFFSET(L!$C$1,MATCH("Definitions"&ADDRESS(ROW(),COLUMN(),4),L!$A:$A,0)-1,SL,,) -> Responsible Minerals Assurance Process (RMAP) | C23: =OFFSET(L!$C$1,MATCH("Definitions"&ADDRESS(ROW(),COLUMN(),4),L!$A:$A,0)-1,SL,,) -> The Responsible Minerals Assurance Process (RMAP) is a process developed by the RBA to enhance company capability to verify the responsible sourcing of metals. Further details of the RMAP can be found here: http://www.responsiblemineralsinitiative.org/responsible-minerals-assurance-process/.
... B27: =OFFSET(L!$C$1,MATCH("Definitions"&ADDRESS(ROW(),COLUMN(),4),L!$A:$A,0)-1,SL,,) -> Smelter Identification Number | C27: =OFFSET(L!$C$1,MATCH("Definitions"&ADDRESS(ROW(),COLUMN(),4),L!$A:$A,0)-1,SL,,) -> A unique identification number the RMI assigns to companies that have been reported by members of the supply chain as smelters or refiners, whether or not they have been verified to meet the characteristics of smelters or refiners as defined in the RMAP audit protocols or other applicable audit programs.
B28: =OFFSET(L!$C$1,MATCH("Definitions"&ADDRESS(ROW(),COLUMN(),4),L!$A:$A,0)-1,SL,,) -> * Please consult the EMRT Completion Guide for additional details on primary and secondary sources for this mineral.
B29: =OFFSET(L!$C$1,MATCH("General"&"Cpy",L!$A:$A,0)-1,SL,,) -> © 2026 Responsible Minerals Initiative. All rights reserved.

Sheet Declaration
D2: =OFFSET(L!$C$1,MATCH("Declaration"&ADDRESS(ROW(),COLUMN(),4),L!$A:$A,0)-1,SL,,) -> Extended Minerals Reporting Template (EMRT)
B3: Select Language Preference Here: 请选择你的语言: 表示言語をここから選択してください: 사용할 언어를 선택하시오: Sélectionner la langue préférée ici: Wählen sie hier die Sprache: | D3: English | J3: Revision 2.11 April 17, 2026 | P3: =MATCH($D$3,LN,0) -> 1
B4: =OFFSET(L!$C$1,MATCH("Declaration"&ADDRESS(ROW(),COLUMN(),4),L!$A:$A,0)-1,SL,,) -> The purpose of this document is to collect sourcing information on below minerals. | I4: =OFFSET(L!$C$1,MATCH("Declaration"&ADDRESS(ROW(),COLUMN(),4),L!$A:$A,0)-1,SL,,) -> Link to Terms & Conditions
A5: =LEFT(D9,1) -> C
B6: =OFFSET(L!$C$1,MATCH("Declaration"&ADDRESS(ROW(),COLUMN(),4),L!$A:$A,0)-1,SL,,) -> Mandatory fields are noted with an asterisk (*). Consult the instructions tab for guidance on how to answer each question.
B7: =OFFSET(L!$C$1,MATCH("Declaration"&ADDRESS(ROW(),COLUMN(),4),L!$A:$A,0)-1,SL,,) -> Company Information
B8: =OFFSET(L!$C$1,MATCH("Declaration"&ADDRESS(ROW(),COLUMN(),4),L!$A:$A,0)-1,SL,,) -> Company Name (*): | D8: Xiamen Hongfa Electroacoustic Co.,Ltd.
B9: =OFFSET(L!$C$1,MATCH("Declaration"&ADDRESS(ROW(),COLUMN(),4),L!$A:$A,0)-1,SL,,) -> Declaration Scope or Class (*): | D9: C. User defined [Specify in 'Description of scope'] | P9: A. Company | Q9: B. Product (or List of Products) | R9: C. User defined [Specify in 'Description of scope']
B10: =OFFSET(L!$C$1,MATCH("Declaration"&ADDRESS(ROW(),COLUMN(),4)&LEFT($D$9,1),L!$A:$A,0)-1,SL,,) -> Description of Scope: (*) | D10: Capacitor
D11: =IF(D9=Q9,OFFSET(L!$C$1,MATCH("Declaration"&ADDRESS(ROW(),COLUMN(),4),L!$A:$A,0)-1,SL,,),"") | AA11: @@@
B12: =OFFSET(L!$C$1,MATCH("Declaration"&ADDRESS(ROW(),COLUMN(),4),L!$A:$A,0)-1,SL,,) -> Select Minerals/Metals in Scope (*): | D12: Cobalt | E12: Copper | G12: Graphite | P12: =IF(ISBLANK(D12),"",IF(D12="(Delete Cobalt)",IF(ISBLANK(D14),"",D14),D12)) -> Cobalt | Q12: =IF(P13="",P12,IF(P12="",P13,IF(P12>P13,P13,P12))) -> Cobalt | R12: =Q12 -> Cobalt | S12: =IF(R13="",R12,IF(R12="",R13,IF(R12>R13,R13,R12))) -> Cobalt | T12: =S12 -> Cobalt | U12: =IF(T13="",T12,IF(T12="",T13,IF(T12>T13,T13,T12))) -> Cobalt | V12: =U12 -> Cobalt | W12: =IF(V13="",V12,IF(V12="",V13,IF(V12>V13,V13,V12))) -> Cobalt | X12: =W12 -> Cobalt | Y12: =IF(X13="",X12,IF(X12="",X13,IF(X12>X13,X13,X12))) -> Cobalt | Z12: =Y12 -> Cobalt | AA12: =Z12 -> Cobalt
B13: =OFFSET(L!$C$1,MATCH("Declaration"&ADDRESS(ROW(),COLUMN(),4),L!$A:$A,0)-1,SL,,) -> Note: The minerals selected here are reflected in questions 1-7 and C, and will be sorted in alphabetical order. Please ensure that the answers match the intended minerals. | D13: Lithium | E13: Mica | G13: Nickel | P13: =IF(ISBLANK(E12),"",IF(E12="(Delete Copper)",IF(ISBLANK(E14),"",E14),E12)) -> Copper | Q13: =IF(P13="",P13,IF(P12="",P12,IF(P12>P13,P12,P13))) -> Copper | R13: =IF(Q14="",Q13,IF(Q13="",Q14,IF(Q13>Q14,Q14,Q13))) -> Copper | S13: =IF(R13="",R13,IF(R12="",R12,IF(R12>R13,R12,R13))) -> Copper | T13: =IF(S14="",S13,IF(S13="",S14,IF(S13>S14,S14,S13))) -> Copper | U13: =IF(T13="",T13,IF(T12="",T12,IF(T12>T13,T12,T13))) -> Copper | V13: =IF(U14="",U13,IF(U13="",U14,IF(U13>U14,U14,U13))) -> Copper | W13: =IF(V13="",V13,IF(V12="",V12,IF(V12>V13,V12,V13))) -> Copper | X13: =IF(W14="",W13,IF(W13="",W14,IF(W13>W14,W14,W13))) -> Copper | Y13: =IF(X13="",X13,IF(X12="",X12,IF(X12>X13,X12,X13))) -> Copper | Z13: =IF(Y14="",Y13,IF(Y13="",Y14,IF(Y13>Y14,Y14,Y13))) -> Copper | AA13: {=_xlfn.IFNA(INDEX($Z$12:$Z$21,MATCH(0,COUNTIF($AA$12:$AA12,$Z$12:$Z$21),0)),"")} -> Copper
P14: =IF(ISBLANK(G12),"",IF(G12="(Delete Graphite)",IF(ISBLANK(G14),"",G14),G12)) -> Graphite | Q14: =IF(P15="",P14,IF(P14="",P15,IF(P14>P15,P15,P14))) -> Graphite | R14: =IF(Q14="",Q14,IF(Q13="",Q13,IF(Q13>Q14,Q13,Q14))) -> Graphite | S14: =IF(R15="",R14,IF(R14="",R15,IF(R14>R15,R15,R14))) -> Graphite | T14: =IF(S14="",S14,IF(S13="",S13,IF(S13>S14,S13,S14))) -> Graphite | U14: =IF(T15="",T14,IF(T14="",T15,IF(T14>T15,T15,T14))) -> Graphite | V14: =IF(U14="",U14,IF(U13="",U13,IF(U13>U14,U13,U14))) -> Graphite | W14: =IF(V15="",V14,IF(V14="",V15,IF(V14>V15,V15,V14))) -> Graphite | X14: =IF(W14="",W14,IF(W13="",W13,IF(W13>W14,W13,W14))) -> Graphite | Y14: =IF(X15="",X14,IF(X14="",X15,IF(X14>X15,X15,X14))) -> Graphite | Z14: =IF(Y14="",Y14,IF(Y13="",Y13,IF(Y13>Y14,Y13,Y14))) -> Graphite | AA14: {=_xlfn.IFNA(INDEX($Z$12:$Z$21,MATCH(0,COUNTIF($AA$12:$AA13,$Z$12:$Z$21),0)),"")} -> Graphite
P15: =IF(ISBLANK(H12),"",IF(H12="(Delete)",IF(ISBLANK(H14),"",H14),H12)) | Q15: =IF(P15="",P15,IF(P14="",P14,IF(P14>P15,P14,P15))) | R15: =IF(Q16="",Q15,IF(Q15="",Q16,IF(Q15>Q16,Q16,Q15))) -> Lithium | S15: =IF(R15="",R15,IF(R14="",R14,IF(R14>R15,R14,R15))) -> Lithium | T15: =IF(S16="",S15,IF(S15="",S16,IF(S15>S16,S16,S15))) -> Lithium | U15: =IF(T15="",T15,IF(T14="",T14,IF(T14>T15,T14,T15))) -> Lithium | V15: =IF(U16="",U15,IF(U15="",U16,IF(U15>U16,U16,U15))) -> Lithium | W15: =IF(V15="",V15,IF(V14="",V14,IF(V14>V15,V14,V15))) -> Lithium | X15: =IF(W16="",W15,IF(W15="",W16,IF(W15>W16,W16,W15))) -> Lithium | Y15: =IF(X15="",X15,IF(X14="",X14,IF(X14>X15,X14,X15))) -> Lithium | Z15: =IF(Y16="",Y15,IF(Y15="",Y16,IF(Y15>Y16,Y16,Y15))) -> Lithium | AA15: {=_xlfn.IFNA(INDEX($Z$12:$Z$21,MATCH(0,COUNTIF($AA$12:$AA14,$Z$12:$Z$21),0)),"")} -> Lithium
B16: =OFFSET(L!$C$1,MATCH("Declaration"&ADDRESS(ROW(),COLUMN(),4),L!$A:$A,0)-1,SL,,) -> Company Unique ID: | P16: =IF(ISBLANK(I12),"",IF(I12="(Delete)",IF(ISBLANK(I14),"",I14),I12)) | Q16: =IF(P17="",P16,IF(P16="",P17,IF(P16>P17,P17,P16))) -> Lithium | R16: =IF(Q16="",Q16,IF(Q15="",Q15,IF(Q15>Q16,Q15,Q16))) | S16: =IF(R17="",R16,IF(R16="",R17,IF(R16>R17,R17,R16))) -> Mica | T16: =IF(S16="",S16,IF(S15="",S15,IF(S15>S16,S15,S16))) -> Mica | U16: =IF(T17="",T16,IF(T16="",T17,IF(T16>T17,T17,T16))) -> Mica | V16: =IF(U16="",U16,IF(U15="",U15,IF(U15>U16,U15,U16))) -> Mica | W16: =IF(V17="",V16,IF(V16="",V17,IF(V16>V17,V17,V16))) -> Mica | X16: =IF(W16="",W16,IF(W15="",W15,IF(W15>W16,W15,W16))) -> Mica | Y16: =IF(X17="",X16,IF(X16="",X17,IF(X16>X17,X17,X16))) -> Mica | Z16: =IF(Y16="",Y16,IF(Y15="",Y15,IF(Y15>Y16,Y15,Y16))) -> Mica | AA16: {=_xlfn.IFNA(INDEX($Z$12:$Z$21,MATCH(0,COUNTIF($AA$12:$AA15,$Z$12:$Z$21),0)),"")} -> Mica
B17: =OFFSET(L!$C$1,MATCH("Declaration"&ADDRESS(ROW(),COLUMN(),4),L!$A:$A,0)-1,SL,,) -> Company Unique ID Authority: | P17: =IF(ISBLANK(D13),"",IF(D13="(Delete Lithium)",IF(ISBLANK(D15),"",D15),D13)) -> Lithium | Q17: =IF(P17="",P17,IF(P16="",P16,IF(P16>P17,P16,P17))) | R17: =IF(Q18="",Q17,IF(Q17="",Q18,IF(Q17>Q18,Q18,Q17))) -> Mica | S17: =IF(R17="",R17,IF(R16="",R16,IF(R16>R17,R16,R17))) | T17: =IF(S18="",S17,IF(S17="",S18,IF(S17>S18,S18,S17))) -> Nickel | U17: =IF(T17="",T17,IF(T16="",T16,IF(T16>T17,T16,T17))) -> Nickel | V17: =IF(U18="",U17,IF(U17="",U18,IF(U17>U18,U18,U17))) -> Nickel | W17: =IF(V17="",V17,IF(V16="",V16,IF(V16>V17,V16,V17))) -> Nickel | X17: =IF(W18="",W17,IF(W17="",W18,IF(W17>W18,W18,W17))) -> Nickel | Y17: =IF(X17="",X17,IF(X16="",X16,IF(X16>X17,X16,X17))) -> Nickel | Z17: =IF(Y18="",Y17,IF(Y17="",Y18,IF(Y17>Y18,Y18,Y17))) -> Nickel | AA17: {=_xlfn.IFNA(INDEX($Z$12:$Z$21,MATCH(0,COUNTIF($AA$12:$AA16,$Z$12:$Z$21),0)),"")} -> Nickel
B18: =OFFSET(L!$C$1,MATCH("Declaration"&ADDRESS(ROW(),COLUMN(),4),L!$A:$A,0)-1,SL,,) -> Address: | P18: =IF(ISBLANK(E13),"",IF(E13="(Delete Mica)",IF(ISBLANK(E15),"",E15),E13)) -> Mica | Q18: =IF(P19="",P18,IF(P18="",P19,IF(P18>P19,P19,P18))) -> Mica | R18: =IF(Q18="",Q18,IF(Q17="",Q17,IF(Q17>Q18,Q17,Q18))) | S18: =IF(R19="",R18,IF(R18="",R19,IF(R18>R19,R19,R18))) -> Nickel | T18: =IF(S18="",S18,IF(S17="",S17,IF(S17>S18,S17,S18))) | U18: =IF(T19="",T18,IF(T18="",T19,IF(T18>T19,T19,T18))) | V18: =IF(U18="",U18,IF(U17="",U17,IF(U17>U18,U17,U18))) | W18: =IF(V19="",V18,IF(V18="",V19,IF(V18>V19,V19,V18))) | X18: =IF(W18="",W18,IF(W17="",W17,IF(W17>W18,W17,W18))) | Y18: =IF(X19="",X18,IF(X18="",X19,IF(X18>X19,X19,X18))) | Z18: =IF(Y18="",Y18,IF(Y17="",Y17,IF(Y17>Y18,Y17,Y18))) | AA18: {=_xlfn.IFNA(INDEX($Z$12:$Z$21,MATCH(0,COUNTIF($AA$12:$AA17,$Z$12:$Z$21),0)),"")}
B19: =OFFSET(L!$C$1,MATCH("Declaration"&ADDRESS(ROW(),COLUMN(),4),L!$A:$A,0)-1,SL,,) -> Contact Name (*): | D19: Shufang Zhong | P19: =IF(ISBLANK(G13),"",IF(G13="(Delete Nickel)",IF(ISBLANK(G15),"",G15),G13)) -> Nickel | Q19: =IF(P19="",P19,IF(P18="",P18,IF(P18>P19,P18,P19))) -> Nickel | R19: =IF(Q20="",Q19,IF(Q19="",Q20,IF(Q19>Q20,Q20,Q19))) -> Nickel | S19: =IF(R19="",R19,IF(R18="",R18,IF(R18>R19,R18,R19))) | T19: =IF(S20="",S19,IF(S19="",S20,IF(S19>S20,S20,S19))) | U19: =IF(T19="",T19,IF(T18="",T18,IF(T18>T19,T18,T19))) | V19: =IF(U20="",U19,IF(U19="",U20,IF(U19>U20,U20,U19))) | W19: =IF(V19="",V19,IF(V18="",V18,IF(V18>V19,V18,V19))) | X19: =IF(W20="",W19,IF(W19="",W20,IF(W19>W20,W20,W19))) | Y19: =IF(X19="",X19,IF(X18="",X18,IF(X18>X19,X18,X19))) | Z19: =IF(Y20="",Y19,IF(Y19="",Y20,IF(Y19>Y20,Y20,Y19))) | AA19: {=_xlfn.IFNA(INDEX($Z$12:$Z$21,MATCH(0,COUNTIF($AA$12:$AA18,$Z$12:$Z$21),0)),"")}
B20: =OFFSET(L!$C$1,MATCH("Declaration"&ADDRESS(ROW(),COLUMN(),4),L!$A:$A,0)-1,SL,,) -> Email – Contact (*): | D20: marketing@hongfa.com | P20: =IF(ISBLANK(H13),"",IF(H13="(Delete)",IF(ISBLANK(H15),"",H15),H13)) | Q20: =IF(P21="",P20,IF(P20="",P21,IF(P20>P21,P21,P20))) | R20: =IF(Q20="",Q20,IF(Q19="",Q19,IF(Q19>Q20,Q19,Q20))) | S20: =IF(R21="",R20,IF(R20="",R21,IF(R20>R21,R21,R20))) | T20: =IF(S20="",S20,IF(S19="",S19,IF(S19>S20,S19,S20))) | U20: =IF(T21="",T20,IF(T20="",T21,IF(T20>T21,T21,T20))) | V20: =IF(U20="",U20,IF(U19="",U19,IF(U19>U20,U19,U20))) | W20: =IF(V21="",V20,IF(V20="",V21,IF(V20>V21,V21,V20))) | X20: =IF(W20="",W20,IF(W19="",W19,IF(W19>W20,W19,W20))) | Y20: =IF(X21="",X20,IF(X20="",X21,IF(X20>X21,X21,X20))) | Z20: =IF(Y20="",Y20,IF(Y19="",Y19,IF(Y19>Y20,Y19,Y20))) | AA20: {=_xlfn.IFNA(INDEX($Z$12:$Z$21,MATCH(0,COUNTIF($AA$12:$AA19,$Z$12:$Z$21),0)),"")}
B21: =OFFSET(L!$C$1,MATCH("Declaration"&ADDRESS(ROW(),COLUMN(),4),L!$A:$A,0)-1,SL,,) -> Phone – Contact (*): | D21: +86 592 6106688 | P21: =IF(ISBLANK(I13),"",IF(I13="(Delete)",IF(ISBLANK(I15),"",I15),I13)) | Q21: =IF(P21="",P21,IF(P20="",P20,IF(P20>P21,P20,P21))) | R21: =Q21 | S21: =IF(R21="",R21,IF(R20="",R20,IF(R20>R21,R20,R21))) | T21: =S21 | U21: =IF(T21="",T21,IF(T20="",T20,IF(T20>T21,T20,T21))) | V21: =U21 | W21: =IF(V21="",V21,IF(V20="",V20,IF(V20>V21,V20,V21))) | X21: =W21 | Y21: =IF(X21="",X21,IF(X20="",X20,IF(X20>X21,X20,X21))) | Z21: =Y21 | AA21: {=_xlfn.IFNA(INDEX($Z$12:$Z$21,MATCH(0,COUNTIF($AA$12:$AA20,$Z$12:$Z$21),0)),"")}
B22: =OFFSET(L!$C$1,MATCH("Declaration"&ADDRESS(ROW(),COLUMN(),4),L!$A:$A,0)-1,SL,,) -> Authorizer (*): | D22: Ningyi Lu | AA22: =10-COUNTIF(AA12:AA21,"") -> 6
B23: =OFFSET(L!$C$1,MATCH("Declaration"&ADDRESS(ROW(),COLUMN(),4),L!$A:$A,0)-1,SL,,) -> Title - Authorizer: | AA23: =IF(AA22=0,0.1,AA22) -> 6
B24: =OFFSET(L!$C$1,MATCH("Declaration"&ADDRESS(ROW(),COLUMN(),4),L!$A:$A,0)-1,SL,,) -> Email - Authorizer (*): | D24: marketing@hongfa.com
B25: =OFFSET(L!$C$1,MATCH("Declaration"&ADDRESS(ROW(),COLUMN(),4),L!$A:$A,0)-1,SL,,) -> Phone - Authorizer: | D25: +86 592 6106688
B26: =OFFSET(L!$C$1,MATCH("Declaration"&ADDRESS(ROW(),COLUMN(),4),L!$A:$A,0)-1,SL,,) -> Effective Date (*): | D26: 46177
B28: =OFFSET(L!$C$1,MATCH("Declaration"&ADDRESS(ROW(),COLUMN(),4),L!$A:$A,0)-1,SL,,) -> Answer the following questions 1 - 7 based on the declaration scope indicated above
B29: =OFFSET(L!$C$1,MATCH("Declaration"&ADDRESS(ROW(),COLUMN(),4),L!$A:$A,0)-1,SL,,) -> 1) Is any of the specified mineral/metal intentionally added or used in the product(s) or in the production process? (*) | D29: =OFFSET(L!$C$1,MATCH("Declaration"&ADDRESS(ROW(),COLUMN(),4),L!$A:$A,0)-1,SL,,) -> Answer | G29: =OFFSET(L!$C$1,MATCH("Declaration"&ADDRESS(ROW(),COLUMN(),4),L!$A:$A,0)-1,SL,,) -> Comments
B30: =IF(COUNTBLANK(AA12),"",AA12&"(*)") -> Cobalt(*) | D30: No | M30: =IF(AND(B30="",D30<>""),1,0) -> 0 | O30: =IF(B30="","","(*)") -> (*) | P30: =IF(D30="Yes","(*)","") | Q30: =IF(D42="Yes","(*)","")
B31: =IF(COUNTBLANK(AA13),"",AA13&"(*)") -> Copper(*) | D31: Yes | M31: =IF(AND(B31="",D31<>""),1,0) -> 0 | O31: =IF(B31="","","(*)") -> (*) | P31: =IF(D31="Yes","(*)","") -> (*) | Q31: =IF(D43="Yes","(*)","") -> (*)
B32: =IF(COUNTBLANK(AA14),"",AA14&"(*)") -> Graphite(*) | D32: No | M32: =IF(AND(B32="",D32<>""),1,0) -> 0 | O32: =IF(B32="","","(*)") -> (*) | P32: =IF(D32="Yes","(*)","") | Q32: =IF(D44="Yes","(*)","")
B33: =IF(COUNTBLANK(AA15),"",AA15&"(*)") -> Lithium(*) | D33: No | M33: =IF(AND(B33="",D33<>""),1,0) -> 0 | O33: =IF(B33="","","(*)") -> (*) | P33: =IF(D33="Yes","(*)","") | Q33: =IF(D45="Yes","(*)","")
B34: =IF(COUNTBLANK(AA16),"",AA16&"(*)") -> Mica(*) | D34: No | M34: =IF(AND(B34="",D34<>""),1,0) -> 0 | O34: =IF(B34="","","(*)") -> (*) | P34: =IF(D34="Yes","(*)","") | Q34: =IF(D46="Yes","(*)","")
B35: =IF(COUNTBLANK(AA17),"",AA17&"(*)") -> Nickel(*) | D35: Yes | M35: =IF(AND(B35="",D35<>""),1,0) -> 0 | O35: =IF(B35="","","(*)") -> (*) | P35: =IF(D35="Yes","(*)","") -> (*) | Q35: =IF(D47="Yes","(*)","") -> (*)
B36: =IF(COUNTBLANK(AA18),"",AA18&"(*)") | M36: =IF(AND(B36="",D36<>""),1,0) -> 0 | O36: =IF(B36="","","(*)") | P36: =IF(D36="Yes","(*)","") | Q36: =IF(D48="Yes","(*)","")
B37: =IF(COUNTBLANK(AA19),"",AA19&"(*)") | M37: =IF(AND(B37="",D37<>""),1,0) -> 0 | O37: =IF(B37="","","(*)") | P37: =IF(D37="Yes","(*)","") | Q37: =IF(D49="Yes","(*)","")
B38: =IF(COUNTBLANK(AA20),"",AA20&"(*)") | M38: =IF(AND(B38="",D38<>""),1,0) -> 0 | O38: =IF(B38="","","(*)") | P38: =IF(D38="Yes","(*)","") | Q38: =IF(D50="Yes","(*)","")
B39: =IF(COUNTBLANK(AA21),"",AA21&"(*)") | M39: =IF(AND(B39="",D39<>""),1,0) -> 0 | O39: =IF(B39="","","(*)") | P39: =IF(D39="Yes","(*)","") | Q39: =IF(D51="Yes","(*)","")
B41: =OFFSET(L!$C$1,MATCH("Declaration"&ADDRESS(ROW(),COLUMN(),4),L!$A:$A,0)-1,SL,,)&Q41 -> 2) Does any of the specified mineral/metal remain in the product(s)? (*) | D41: =D29 -> Answer | G41: =G29 -> Comments | P41: =COUNTIF(D$30:E$39,"No")+COUNTIF(D$30:E$39,"Unknown")+COUNTIF(D$30:E$39,"Not declaring") -> 4 | Q41: =IF(P41=AA23,"","(*)") -> (*)
B42: =IF(ISERROR(AA12),"",AA12&"")&P42 -> Cobalt | M42: =IF(AND(B42="",D42<>""),1,0) -> 0 | P42: =IF(OR(D30="No",D30="Unknown",D30="Not declaring"),"",O30) | S42: =IF(COUNTIF(D42,"Yes"),AA12,"") | T42: =IF(S43="",S42,IF(S42="",S43,IF(S42>S43,S43,S42))) -> Copper | U42: =T42 -> Copper | V42: =IF(U43="",U42,IF(U42="",U43,IF(U42>U43,U43,U42))) -> Copper | W42: =V42 -> Copper | X42: =IF(W43="",W42,IF(W42="",W43,IF(W42>W43,W43,W42))) -> Copper | Y42: =X42 -> Copper | Z42: =IF(Y43="",Y42,IF(Y42="",Y43,IF(Y42>Y43,Y43,Y42))) -> Copper | AA42: =Z42 -> Copper | AB42: =IF(AA43="",AA42,IF(AA42="",AA43,IF(AA42>AA43,AA43,AA42))) -> Copper | AC42: =AB42 -> Copper
B43: =IF(ISERROR(AA13),"",AA13&"")&P43 -> Copper(*) | D43: Yes | M43: =IF(AND(B43="",D43<>""),1,0) -> 0 | P43: =IF(OR(D31="No",D31="Unknown",D31="Not declaring"),"",O31) -> (*) | S43: =IF(COUNTIF(D43,"Yes"),AA13,"") -> Copper | T43: =IF(S43="",S43,IF(S42="",S42,IF(S42>S43,S42,S43))) | U43: =IF(T44="",T43,IF(T43="",T44,IF(T43>T44,T44,T43))) | V43: =IF(U43="",U43,IF(U42="",U42,IF(U42>U43,U42,U43))) | W43: =IF(V44="",V43,IF(V43="",V44,IF(V43>V44,V44,V43))) -> Nickel | X43: =IF(W43="",W43,IF(W42="",W42,IF(W42>W43,W42,W43))) -> Nickel | Y43: =IF(X44="",X43,IF(X43="",X44,IF(X43>X44,X44,X43))) -> Nickel | Z43: =IF(Y43="",Y43,IF(Y42="",Y42,IF(Y42>Y43,Y42,Y43))) -> Nickel | AA43: =IF(Z44="",Z43,IF(Z43="",Z44,IF(Z43>Z44,Z44,Z43))) -> Nickel | AB43: =IF(AA43="",AA43,IF(AA42="",AA42,IF(AA42>AA43,AA42,AA43))) -> Nickel | AC43: =IF(AB44="",AB43,IF(AB43="",AB44,IF(AB43>AB44,AB44,AB43))) -> Nickel
B44: =IF(ISERROR(AA14),"",AA14&"")&P44 -> Graphite | M44: =IF(AND(B44="",D44<>""),1,0) -> 0 | P44: =IF(OR(D32="No",D32="Unknown",D32="Not declaring"),"",O32) | S44: =IF(COUNTIF(D44,"Yes"),AA14,"") | T44: =IF(S45="",S44,IF(S44="",S45,IF(S44>S45,S45,S44))) | U44: =IF(T44="",T44,IF(T43="",T43,IF(T43>T44,T43,T44))) | V44: =IF(U45="",U44,IF(U44="",U45,IF(U44>U45,U45,U44))) -> Nickel | W44: =IF(V44="",V44,IF(V43="",V43,IF(V43>V44,V43,V44))) | X44: =IF(W45="",W44,IF(W44="",W45,IF(W44>W45,W45,W44))) | Y44: =IF(X44="",X44,IF(X43="",X43,IF(X43>X44,X43,X44))) | Z44: =IF(Y45="",Y44,IF(Y44="",Y45,IF(Y44>Y45,Y45,Y44))) | AA44: =IF(Z44="",Z44,IF(Z43="",Z43,IF(Z43>Z44,Z43,Z44))) | AB44: =IF(AA45="",AA44,IF(AA44="",AA45,IF(AA44>AA45,AA45,AA44))) | AC44: =IF(AB44="",AB44,IF(AB43="",AB43,IF(AB43>AB44,AB43,AB44)))
B45: =IF(ISERROR(AA15),"",AA15&"")&P45 -> Lithium | M45: =IF(AND(B45="",D45<>""),1,0) -> 0 | P45: =IF(OR(D33="No",D33="Unknown",D33="Not declaring"),"",O33) | S45: =IF(COUNTIF(D45,"Yes"),AA15,"") | T45: =IF(S45="",S45,IF(S44="",S44,IF(S44>S45,S44,S45))) | U45: =IF(T46="",T45,IF(T45="",T46,IF(T45>T46,T46,T45))) -> Nickel | V45: =IF(U45="",U45,IF(U44="",U44,IF(U44>U45,U44,U45))) | W45: =IF(V46="",V45,IF(V45="",V46,IF(V45>V46,V46,V45))) | X45: =IF(W45="",W45,IF(W44="",W44,IF(W44>W45,W44,W45))) | Y45: =IF(X46="",X45,IF(X45="",X46,IF(X45>X46,X46,X45))) | Z45: =IF(Y45="",Y45,IF(Y44="",Y44,IF(Y44>Y45,Y44,Y45))) | AA45: =IF(Z46="",Z45,IF(Z45="",Z46,IF(Z45>Z46,Z46,Z45))) | AB45: =IF(AA45="",AA45,IF(AA44="",AA44,IF(AA44>AA45,AA44,AA45))) | AC45: =IF(AB46="",AB45,IF(AB45="",AB46,IF(AB45>AB46,AB46,AB45)))
B46: =IF(ISERROR(AA16),"",AA16&"")&P46 -> Mica | M46: =IF(AND(B46="",D46<>""),1,0) -> 0 | P46: =IF(OR(D34="No",D34="Unknown",D34="Not declaring"),"",O34) | S46: =IF(COUNTIF(D46,"Yes"),AA16,"") | T46: =IF(S47="",S46,IF(S46="",S47,IF(S46>S47,S47,S46))) -> Nickel | U46: =IF(T46="",T46,IF(T45="",T45,IF(T45>T46,T45,T46))) | V46: =IF(U47="",U46,IF(U46="",U47,IF(U46>U47,U47,U46))) | W46: =IF(V46="",V46,IF(V45="",V45,IF(V45>V46,V45,V46))) | X46: =IF(W47="",W46,IF(W46="",W47,IF(W46>W47,W47,W46))) | Y46: =IF(X46="",X46,IF(X45="",X45,IF(X45>X46,X45,X46))) | Z46: =IF(Y47="",Y46,IF(Y46="",Y47,IF(Y46>Y47,Y47,Y46))) | AA46: =IF(Z46="",Z46,IF(Z45="",Z45,IF(Z45>Z46,Z45,Z46))) | AB46: =IF(AA47="",AA46,IF(AA46="",AA47,IF(AA46>AA47,AA47,AA46))) | AC46: =IF(AB46="",AB46,IF(AB45="",AB45,IF(AB45>AB46,AB45,AB46)))
B47: =IF(ISERROR(AA17),"",AA17&"")&P47 -> Nickel(*) | D47: Yes | M47: =IF(AND(B47="",D47<>""),1,0) -> 0 | P47: =IF(OR(D35="No",D35="Unknown",D35="Not declaring"),"",O35) -> (*) | S47: =IF(COUNTIF(D47,"Yes"),AA17,"") -> Nickel | T47: =IF(S47="",S47,IF(S46="",S46,IF(S46>S47,S46,S47))) | U47: =IF(T48="",T47,IF(T47="",T48,IF(T47>T48,T48,T47))) | V47: =IF(U47="",U47,IF(U46="",U46,IF(U46>U47,U46,U47))) | W47: =IF(V48="",V47,IF(V47="",V48,IF(V47>V48,V48,V47))) | X47: =IF(W47="",W47,IF(W46="",W46,IF(W46>W47,W46,W47))) | Y47: =IF(X48="",X47,IF(X47="",X48,IF(X47>X48,X48,X47))) | Z47: =IF(Y47="",Y47,IF(Y46="",Y46,IF(Y46>Y47,Y46,Y47))) | AA47: =IF(Z48="",Z47,IF(Z47="",Z48,IF(Z47>Z48,Z48,Z47))) | AB47: =IF(AA47="",AA47,IF(AA46="",AA46,IF(AA46>AA47,AA46,AA47))) | AC47: =IF(AB48="",AB47,IF(AB47="",AB48,IF(AB47>AB48,AB48,AB47)))
B48: =IF(ISERROR(AA18),"",AA18&"")&P48 | M48: =IF(AND(B48="",D48<>""),1,0) -> 0 | P48: =IF(OR(D36="No",D36="Unknown",D36="Not declaring"),"",O36) | S48: =IF(COUNTIF(D48,"Yes"),AA18,"") | T48: =IF(S49="",S48,IF(S48="",S49,IF(S48>S49,S49,S48))) | U48: =IF(T48="",T48,IF(T47="",T47,IF(T47>T48,T47,T48))) | V48: =IF(U49="",U48,IF(U48="",U49,IF(U48>U49,U49,U48))) | W48: =IF(V48="",V48,IF(V47="",V47,IF(V47>V48,V47,V48))) | X48: =IF(W49="",W48,IF(W48="",W49,IF(W48>W49,W49,W48))) | Y48: =IF(X48="",X48,IF(X47="",X47,IF(X47>X48,X47,X48))) | Z48: =IF(Y49="",Y48,IF(Y48="",Y49,IF(Y48>Y49,Y49,Y48))) | AA48: =IF(Z48="",Z48,IF(Z47="",Z47,IF(Z47>Z48,Z47,Z48))) | AB48: =IF(AA49="",AA48,IF(AA48="",AA49,IF(AA48>AA49,AA49,AA48))) | AC48: =IF(AB48="",AB48,IF(AB47="",AB47,IF(AB47>AB48,AB47,AB48)))
B49: =IF(ISERROR(AA19),"",AA19&"")&P49 | M49: =IF(AND(B49="",D49<>""),1,0) -> 0 | P49: =IF(OR(D37="No",D37="Unknown",D37="Not declaring"),"",O37) | S49: =IF(COUNTIF(D49,"Yes"),AA19,"") | T49: =IF(S49="",S49,IF(S48="",S48,IF(S48>S49,S48,S49))) | U49: =IF(T50="",T49,IF(T49="",T50,IF(T49>T50,T50,T49))) | V49: =IF(U49="",U49,IF(U48="",U48,IF(U48>U49,U48,U49))) | W49: =IF(V50="",V49,IF(V49="",V50,IF(V49>V50,V50,V49))) | X49: =IF(W49="",W49,IF(W48="",W48,IF(W48>W49,W48,W49))) | Y49: =IF(X50="",X49,IF(X49="",X50,IF(X49>X50,X50,X49))) | Z49: =IF(Y49="",Y49,IF(Y48="",Y48,IF(Y48>Y49,Y48,Y49))) | AA49: =IF(Z50="",Z49,IF(Z49="",Z50,IF(Z49>Z50,Z50,Z49))) | AB49: =IF(AA49="",AA49,IF(AA48="",AA48,IF(AA48>AA49,AA48,AA49))) | AC49: =IF(AB50="",AB49,IF(AB49="",AB50,IF(AB49>AB50,AB50,AB49)))
B50: =IF(ISERROR(AA20),"",AA20&"")&P50 | M50: =IF(AND(B50="",D50<>""),1,0) -> 0 | P50: =IF(OR(D38="No",D38="Unknown",D38="Not declaring"),"",O38) | S50: =IF(COUNTIF(D50,"Yes"),AA20,"") | T50: =IF(S51="",S50,IF(S50="",S51,IF(S50>S51,S51,S50))) | U50: =IF(T50="",T50,IF(T49="",T49,IF(T49>T50,T49,T50))) | V50: =IF(U51="",U50,IF(U50="",U51,IF(U50>U51,U51,U50))) | W50: =IF(V50="",V50,IF(V49="",V49,IF(V49>V50,V49,V50))) | X50: =IF(W51="",W50,IF(W50="",W51,IF(W50>W51,W51,W50))) | Y50: =IF(X50="",X50,IF(X49="",X49,IF(X49>X50,X49,X50))) | Z50: =IF(Y51="",Y50,IF(Y50="",Y51,IF(Y50>Y51,Y51,Y50))) | AA50: =IF(Z50="",Z50,IF(Z49="",Z49,IF(Z49>Z50,Z49,Z50))) | AB50: =IF(AA51="",AA50,IF(AA50="",AA51,IF(AA50>AA51,AA51,AA50))) | AC50: =IF(AB50="",AB50,IF(AB49="",AB49,IF(AB49>AB50,AB49,AB50)))
B51: =IF(ISERROR(AA21),"",AA21&"")&P51 | M51: =IF(AND(B51="",D51<>""),1,0) -> 0 | P51: =IF(OR(D39="No",D39="Unknown",D39="Not declaring"),"",O39) | S51: =IF(COUNTIF(D51,"Yes"),AA21,"") | T51: =IF(S51="",S51,IF(S50="",S50,IF(S50>S51,S50,S51))) | U51: =T51 | V51: =IF(U51="",U51,IF(U50="",U50,IF(U50>U51,U50,U51))) | W51: =V51 | X51: =IF(W51="",W51,IF(W50="",W50,IF(W50>W51,W50,W51))) | Y51: =X51 | Z51: =IF(Y51="",Y51,IF(Y50="",Y50,IF(Y50>Y51,Y50,Y51))) | AA51: =Z51 | AB51: =IF(AA51="",AA51,IF(AA50="",AA50,IF(AA50>AA51,AA50,AA51))) | AC51: =AB51
B53: =OFFSET(L!$C$1,MATCH("Declaration"&ADDRESS(ROW(),COLUMN(),4),L!$A:$A,0)-1,SL,,)&Q53 -> 3) Do any of the smelters or processors in your supply chain source the specified mineral/metal from conflict-affected and high-risk areas? (OECD Due Diligence Guidance, see definitions tab) (*) | D53: =D29 -> Answer | G53: =G29 -> Comments | P53: =COUNTIF(D$30:E$39,"No")+COUNTIF(D$30:E$39,"Unknown")+COUNTIF(D$30:E$39,"Not declaring")+COUNTIF(D$42:E$51,"No")+COUNTIF(D$42:E$51,"Unknown") -> 4 | Q53: =IF(P53=AA23,"","(*)") -> (*) | Y53: 37
B54: =IF(ISERROR(AA$12),"",AA$12&"")&P$54 -> Cobalt | M54: =IF(AND(B54="",D54<>""),1,0) -> 0 | P54: =IF(OR(D30="No",D30="Unknown",D30="Not declaring",D42="No",D42="Unknown"),"",O30) | Y54: 38
B55: =IF(ISERROR(AA$13),"",AA$13&"")&P$55 -> Copper(*) | D55: No | M55: =IF(AND(B55="",D55<>""),1,0) -> 0 | P55: =IF(OR(D31="No",D31="Unknown",D31="Not declaring",D43="No",D43="Unknown"),"",O31) -> (*) | Y55: 39
B56: =IF(ISERROR(AA$14),"",AA$14&"")&P$56 -> Graphite | M56: =IF(AND(B56="",D56<>""),1,0) -> 0 | P56: =IF(OR(D32="No",D32="Unknown",D32="Not declaring",D44="No",D44="Unknown"),"",O32) | Y56: 40
B57: =IF(ISERROR(AA$15),"",AA$15&"")&P$57 -> Lithium | M57: =IF(AND(B57="",D57<>""),1,0) -> 0 | P57: =IF(OR(D33="No",D33="Unknown",D33="Not declaring",D45="No",D45="Unknown"),"",O33) | Y57: 41
B58: =IF(ISERROR(AA$16),"",AA$16&"")&P$58 -> Mica | M58: =IF(AND(B58="",D58<>""),1,0) -> 0 | P58: =IF(OR(D34="No",D34="Unknown",D34="Not declaring",D46="No",D46="Unknown"),"",O34) | Y58: 39
B59: =IF(ISERROR(AA$17),"",AA$17&"")&P$59 -> Nickel(*) | D59: No | M59: =IF(AND(B59="",D59<>""),1,0) -> 0 | P59: =IF(OR(D35="No",D35="Unknown",D35="Not declaring",D47="No",D47="Unknown"),"",O35) -> (*) | Y59: 39
B60: =IF(ISERROR(AA$18),"",AA$18&"")&P$60 | M60: =IF(AND(B60="",D60<>""),1,0) -> 0 | P60: =IF(OR(D36="No",D36="Unknown",D36="Not declaring",D48="No",D48="Unknown"),"",O36) | Y60: 39
B61: =IF(ISERROR(AA$19),"",AA$19&"")&P$61 | M61: =IF(AND(B61="",D61<>""),1,0) -> 0 | P61: =IF(OR(D37="No",D37="Unknown",D37="Not declaring",D49="No",D49="Unknown"),"",O37) | Y61: 39
B62: =IF(ISERROR(AA$20),"",AA$20&"")&P$62 | M62: =IF(AND(B62="",D62<>""),1,0) -> 0 | P62: =IF(OR(D38="No",D38="Unknown",D38="Not declaring",D50="No",D50="Unknown"),"",O38) | Y62: 39
B63: =IF(ISERROR(AA$21),"",AA$21&"")&P$63 | M63: =IF(AND(B63="",D63<>""),1,0) -> 0 | P63: =IF(OR(D39="No",D39="Unknown",D39="Not declaring",D51="No",D51="Unknown"),"",O39) | Y63: 39
Y64: 42
B65: =OFFSET(L!$C$1,MATCH("Declaration"&ADDRESS(ROW(),COLUMN(),4),L!$A:$A,0)-1,SL,,)&Q53 -> 4) Does 100 percent of the specified mineral/metal originate from recycled or scrap sources?(*) | D65: =D29 -> Answer | G65: =G29 -> Comments | Y65: 43
B66: =IF(ISERROR(AA$12),"",AA$12&"")&P$54 -> Cobalt | M66: =IF(AND(B66="",D66<>""),1,0) -> 0 | Y66: 44
B67: =IF(ISERROR(AA$13),"",AA$13&"")&P$55 -> Copper(*) | D67: No | M67: =IF(AND(B67="",D67<>""),1,0) -> 0 | Y67: 45
B68: =IF(ISERROR(AA$14),"",AA$14&"")&P$56 -> Graphite | M68: =IF(AND(B68="",D68<>""),1,0) -> 0 | Y68: 45
B69: =IF(ISERROR(AA$15),"",AA$15&"")&P$57 -> Lithium | M69: =IF(AND(B69="",D69<>""),1,0) -> 0 | Y69: 45
B70: =IF(ISERROR(AA$16),"",AA$16&"")&P$58 -> Mica | M70: =IF(AND(B70="",D70<>""),1,0) -> 0 | Y70: 45
B71: =IF(ISERROR(AA$17),"",AA$17&"")&P$59 -> Nickel(*) | D71: No | M71: =IF(AND(B71="",D71<>""),1,0) -> 0 | Y71: 45
B72: =IF(ISERROR(AA$18),"",AA$18&"")&P$60 | M72: =IF(AND(B72="",D72<>""),1,0) -> 0 | Y72: 45
B73: =IF(ISERROR(AA$19),"",AA$19&"")&P$61 | M73: =IF(AND(B73="",D73<>""),1,0) -> 0 | Y73: 45
B74: =IF(ISERROR(AA$20),"",AA$20&"")&P$62 | M74: =IF(AND(B74="",D74<>""),1,0) -> 0 | Y74: 45
B75: =IF(ISERROR(AA$21),"",AA$21&"")&P$63 | M75: =IF(AND(B75="",D75<>""),1,0) -> 0 | Y75: 45
Y76: 48
B77: =OFFSET(L!$C$1,MATCH("Declaration"&ADDRESS(ROW(),COLUMN(),4),L!$A:$A,0)-1,SL,,)&Q53 -> 5) What percentage of relevant suppliers have provided a response to your supply chain survey?(*) | D77: =D29 -> Answer | G77: =G29 -> Comments | Y77: 49
B78: =IF(ISERROR(AA$12),"",AA$12&"")&P$54 -> Cobalt | M78: =IF(AND(B78="",D78<>""),1,0) -> 0 | Y78: 50
B79: =IF(ISERROR(AA$13),"",AA$13&"")&P$55 -> Copper(*) | D79: 100% | M79: =IF(AND(B79="",D79<>""),1,0) -> 0 | Y79: 51
B80: =IF(ISERROR(AA$14),"",AA$14&"")&P$56 -> Graphite | M80: =IF(AND(B80="",D80<>""),1,0) -> 0 | Y80: 52
B81: =IF(ISERROR(AA$15),"",AA$15&"")&P$57 -> Lithium | M81: =IF(AND(B81="",D81<>""),1,0) -> 0 | Y81: 53
B82: =IF(ISERROR(AA$16),"",AA$16&"")&P$58 -> Mica | M82: =IF(AND(B82="",D82<>""),1,0) -> 0 | Y82: 53
B83: =IF(ISERROR(AA$17),"",AA$17&"")&P$59 -> Nickel(*) | D83: 100% | M83: =IF(AND(B83="",D83<>""),1,0) -> 0 | Y83: 53
B84: =IF(ISERROR(AA$18),"",AA$18&"")&P$60 | M84: =IF(AND(B84="",D84<>""),1,0) -> 0 | Y84: 53
B85: =IF(ISERROR(AA$19),"",AA$19&"")&P$61 | M85: =IF(AND(B85="",D85<>""),1,0) -> 0 | Y85: 53
B86: =IF(ISERROR(AA$20),"",AA$20&"")&P$62 | M86: =IF(AND(B86="",D86<>""),1,0) -> 0 | Y86: 53
B87: =IF(ISERROR(AA$21),"",AA$21&"")&P$63 | M87: =IF(AND(B87="",D87<>""),1,0) -> 0 | Y87: 53
Y88: 54
B89: =OFFSET(L!$C$1,MATCH("Declaration"&ADDRESS(ROW(),COLUMN(),4),L!$A:$A,0)-1,SL,,)&Q53 -> 6) Have you identified all of the smelters or processors supplying the specified minerals/metal to your supply chain?(*) | D89: =D29 -> Answer | G89: =G29 -> Comments | Y89: 55
B90: =IF(ISERROR(AA$12),"",AA$12&"")&P$54 -> Cobalt | M90: =IF(AND(B90="",D90<>""),1,0) -> 0 | Y90: 56
B91: =IF(ISERROR(AA$13),"",AA$13&"")&P$55 -> Copper(*) | D91: Yes | M91: =IF(AND(B91="",D91<>""),1,0) -> 0 | Y91: 57
B92: =IF(ISERROR(AA$14),"",AA$14&"")&P$56 -> Graphite | M92: =IF(AND(B92="",D92<>""),1,0) -> 0 | Y92: 58
B93: =IF(ISERROR(AA$15),"",AA$15&"")&P$57 -> Lithium | M93: =IF(AND(B93="",D93<>""),1,0) -> 0 | Y93: 59
B94: =IF(ISERROR(AA$16),"",AA$16&"")&P$58 -> Mica | M94: =IF(AND(B94="",D94<>""),1,0) -> 0 | Y94: 58
B95: =IF(ISERROR(AA$17),"",AA$17&"")&P$59 -> Nickel(*) | D95: Yes | M95: =IF(AND(B95="",D95<>""),1,0) -> 0 | Y95: 58
B96: =IF(ISERROR(AA$18),"",AA$18&"")&P$60 | M96: =IF(AND(B96="",D96<>""),1,0) -> 0 | Y96: 58
B97: =IF(ISERROR(AA$19),"",AA$19&"")&P$61 | M97: =IF(AND(B97="",D97<>""),1,0) -> 0 | Y97: 58
B98: =IF(ISERROR(AA$20),"",AA$20&"")&P$62 | M98: =IF(AND(B98="",D98<>""),1,0) -> 0 | Y98: 58
B99: =IF(ISERROR(AA$21),"",AA$21&"")&P$63 | M99: =IF(AND(B99="",D99<>""),1,0) -> 0 | Y99: 58
Y100: 60
B101: =OFFSET(L!$C$1,MATCH("Declaration"&ADDRESS(ROW(),COLUMN(),4),L!$A:$A,0)-1,SL,,)&Q53 -> 7) Has all applicable smelter or processor information received by your company been reported in this declaration?(*) | D101: =D29 -> Answer | G101: =G29 -> Comments | H101: =IF(Q115="(*)","Click here to enter smelter names","") | Y101: 61
B102: =IF(ISERROR(AA$12),"",AA$12&"")&P$54 -> Cobalt | M102: =IF(AND(B102="",D102<>""),1,0) -> 0 | Y102: 62
B103: =IF(ISERROR(AA$13),"",AA$13&"")&P$55 -> Copper(*) | D103: Yes | M103: =IF(AND(B103="",D103<>""),1,0) -> 0 | Y103: 63
B104: =IF(ISERROR(AA$14),"",AA$14&"")&P$56 -> Graphite | M104: =IF(AND(B104="",D104<>""),1,0) -> 0 | Y104: 64
...

Sheet Smelter List
U1: z
B2: =OFFSET(L!$C$1,MATCH("Smelter List"&ADDRESS(ROW(),COLUMN(),4),L!$A:$A,0)-1,SL,,) -> TO BEGIN: | J2: =OFFSET(L!$C$1,MATCH("Smelter List"&ADDRESS(ROW(),COLUMN(),4),L!$A:$A,0)-1,SL,,) -> Link to "RMAP Conformant Smelter List" | AH2: Yes
B3: =OFFSET(L!$C$1,MATCH("Smelter List"&ADDRESS(ROW(),COLUMN(),4),L!$A:$A,0)-1,SL,,) -> Option A: If you know the Smelter Identification Number, input the number in Column A (columns B, C, E, F, G, I and J will auto-populate); D will grey out. Option B: If you have a Metal and Smelter Look-up name combination, complete the following steps: Step 1. Select Metal in column B Step 2. Select from dropdown in column C Option C: If you have minerals and Smelter Name combination, complete the following steps: Step 1. Select Minerals in column B Step 2: Select "Smelter Not Listed" in the Smelter Look-up drop down and complete columns D & E Step 3. Enter all available smelter information in columns H through Q (*) Mandatory fields are noted with an asterisk. (1) Entry required when Smelter Look-up = "Smelter Not Listed" NOTE: A combination of Options A, B and C may be used to complete the Smelter List. Do not alter autopopulated cells. All errors in the Smelter Look-up should be reported to RBA by contacting RMI@ResponsibleBusiness.org. | G3: =OFFSET(L!$C$1,MATCH("General"&"Cpy",L!$A:$A,0)-1,SL,,) -> © 2026 Responsible Minerals Initiative. All rights reserved. | Q3: Revision 2.11 April 17, 2026 | AH3: No
A4: =OFFSET(L!$C$1,MATCH("Smelter List"&ADDRESS(ROW(),COLUMN(),4),L!$A:$A,0)-1,SL,,) -> Smelter Identification Number Input Column | B4: =OFFSET(L!$C$1,MATCH("Smelter List"&ADDRESS(ROW(),COLUMN(),4),L!$A:$A,0)-1,SL,,) -> Metal (*) | C4: =OFFSET(L!$C$1,MATCH("Smelter List"&ADDRESS(ROW(),COLUMN(),4),L!$A:$A,0)-1,SL,,) -> Smelter Look-up (*) | D4: =OFFSET(L!$C$1,MATCH("Smelter List"&ADDRESS(ROW(),COLUMN(),4),L!$A:$A,0)-1,SL,,) -> Smelter Name (1) | E4: =OFFSET(L!$C$1,MATCH("Smelter List"&ADDRESS(ROW(),COLUMN(),4),L!$A:$A,0)-1,SL,,) -> Smelter Country (*) | F4: =OFFSET(L!$C$1,MATCH("Smelter List"&ADDRESS(ROW(),COLUMN(),4),L!$A:$A,0)-1,SL,,) -> Smelter Identification | G4: =OFFSET(L!$C$1,MATCH("Smelter List"&ADDRESS(ROW(),COLUMN(),4),L!$A:$A,0)-1,SL,,) -> Source of Smelter Identification Number | H4: =OFFSET(L!$C$1,MATCH("Smelter List"&ADDRESS(ROW(),COLUMN(),4),L!$A:$A,0)-1,SL,,) -> Smelter Street | ... Q4: =OFFSET(L!$C$1,MATCH("Smelter List"&ADDRESS(ROW(),COLUMN(),4),L!$A:$A,0)-1,SL,,) -> Comments | R4: Standard Smelter Name | S4: Country Code | T4: State / Province Code | W4: Smelter not yet identified | X4: Smelter Not Listed | AC4: Combined Metal | AD4: Combined Smelter | AH4: Unknown
A5: CID003928 | B5: =IF(LEN(A5)=0,"",INDEX('Smelter Look-up'!$A:$A,MATCH($A5,'Smelter Look-up'!$E:$E,0))) -> Nickel | C5: =IF(LEN(A5)=0,"",INDEX('Smelter Look-up'!$C:$C,MATCH($A5,'Smelter Look-up'!$E:$E,0))) -> Murrin Murrin Nickel Cobalt Plant | E5: =IF(ISERROR($V5),"",OFFSET('Smelter Look-up'!$D$4,$V5-4,0)&"") -> AUSTRALIA | F5: =IF(ISERROR($V5),"",OFFSET('Smelter Look-up'!$E$4,$V5-4,0)) -> CID003928 | G5: =IF(C5=$X$4,"Enter smelter details",IF(ISERROR($V5),"",OFFSET('Smelter Look-up'!$F$4,$V5-4,0))) -> RMI | H5: =IF(ISERROR($V5),"",OFFSET('Smelter Look-up'!$G$4,$V5-4,0)) -> 0 | I5: =IF(ISERROR($V5),"",OFFSET('Smelter Look-up'!$H$4,$V5-4,0)) -> Perth | J5: =IF(ISERROR($V5),"",OFFSET('Smelter Look-up'!$I$4,$V5-4,0)) -> Western Australia | R5: =IF(ISERROR($V5),"",OFFSET('Smelter Look-up'!$C$4,$V5-4,0)&"") -> Murrin Murrin Nickel Cobalt Plant | S5: =IF(B5="","",IF(ISERROR(MATCH($E5,CL,0)),"Unknown",INDIRECT("'C'!$A$"&MATCH($E5,CL,0)+1))) -> AU | T5: =IF(B5="","",IF(ISERROR(MATCH($J5,SorP!$B$1:$B$6261,0)),"",INDIRECT("'SorP'!$A$"&MATCH($S5&$J5,SorP!C:C,0)))) -> AU-WA | V5: =IF(C5="",NA(),MATCH($B5&$C5,'Smelter Look-up'!$J:$J,0)) -> 560 | X5: =IF(AND(C5="Smelter not listed",OR(LEN(D5)=0,LEN(E5)=0)),1,0) -> 0 | AB5: =IF(C5="","",B5) -> Nickel | AC5: =B5 -> Nickel | AD5: =IF(C5="Smelter not listed",D5,C5) -> Murrin Murrin Nickel Cobalt Plant
A6: CID005175 | B6: =IF(LEN(A6)=0,"",INDEX('Smelter Look-up'!$A:$A,MATCH($A6,'Smelter Look-up'!$E:$E,0))) -> Nickel | C6: Hunan CNGR New Energy Science & Technology Co., Ltd. | E6: =IF(ISERROR($V6),"",OFFSET('Smelter Look-up'!$D$4,$V6-4,0)&"") -> CHINA | F6: =IF(ISERROR($V6),"",OFFSET('Smelter Look-up'!$E$4,$V6-4,0)) -> CID005175 | G6: =IF(C6=$X$4,"Enter smelter details",IF(ISERROR($V6),"",OFFSET('Smelter Look-up'!$F$4,$V6-4,0))) -> RMI | H6: =IF(ISERROR($V6),"",OFFSET('Smelter Look-up'!$G$4,$V6-4,0)) -> 0 | I6: =IF(ISERROR($V6),"",OFFSET('Smelter Look-up'!$H$4,$V6-4,0)) -> Changsha | J6: =IF(ISERROR($V6),"",OFFSET('Smelter Look-up'!$I$4,$V6-4,0)) -> Hunan Sheng | R6: =IF(ISERROR($V6),"",OFFSET('Smelter Look-up'!$C$4,$V6-4,0)&"") -> Hunan CNGR New Energy Science & Technology Co., Ltd. | S6: =IF(B6="","",IF(ISERROR(MATCH($E6,CL,0)),"Unknown",INDIRECT("'C'!$A$"&MATCH($E6,CL,0)+1))) -> CN | T6: =IF(B6="","",IF(ISERROR(MATCH($J6,SorP!$B$1:$B$6261,0)),"",INDIRECT("'SorP'!$A$"&MATCH($S6&$J6,SorP!C:C,0)))) -> CN-HN | V6: =IF(C6="",NA(),MATCH($B6&$C6,'Smelter Look-up'!$J:$J,0)) -> 536 | X6: =IF(AND(C6="Smelter not listed",OR(LEN(D6)=0,LEN(E6)=0)),1,0) -> 0 | AB6: =IF(C6="","",B6) -> Nickel | AC6: =B6 -> Nickel | AD6: =IF(C6="Smelter not listed",D6,C6) -> Hunan CNGR New Energy Science & Technology Co., Ltd.
A7: CID004566 | B7: Nickel | C7: Jiangxi Rui da Xinnengyuan Technology Co., Ltd. | E7: =IF(ISERROR($V7),"",OFFSET('Smelter Look-up'!$D$4,$V7-4,0)&"") -> CHINA | F7: =IF(ISERROR($V7),"",OFFSET('Smelter Look-up'!$E$4,$V7-4,0)) -> CID004566 | G7: =IF(C7=$X$4,"Enter smelter details",IF(ISERROR($V7),"",OFFSET('Smelter Look-up'!$F$4,$V7-4,0))) -> RMI | H7: =IF(ISERROR($V7),"",OFFSET('Smelter Look-up'!$G$4,$V7-4,0)) -> 0 | I7: =IF(ISERROR($V7),"",OFFSET('Smelter Look-up'!$H$4,$V7-4,0)) -> Yichun | J7: =IF(ISERROR($V7),"",OFFSET('Smelter Look-up'!$I$4,$V7-4,0)) -> Jiangxi Sheng | R7: =IF(ISERROR($V7),"",OFFSET('Smelter Look-up'!$C$4,$V7-4,0)&"") -> Jiangxi Ruida New Energy Technology Co., Ltd. | S7: =IF(#REF!="","",IF(ISERROR(MATCH(#REF!,CL,0)),"Unknown",INDIRECT("'C'!$A$"&MATCH(#REF!,CL,0)+1))) -> #REF! | T7: =IF(B7="","",IF(ISERROR(MATCH($J7,SorP!$B$1:$B$6261,0)),"",INDIRECT("'SorP'!$A$"&MATCH($S7&$J7,SorP!C:C,0)))) -> #REF! | V7: =IF(C7="",NA(),MATCH($B7&$C7,'Smelter Look-up'!$J:$J,0)) -> 548 | X7: =IF(AND(C7="Smelter not listed",OR(LEN(D7)=0,LEN(E7)=0)),1,0) -> 0 | AB7: =IF(C7="","",B7) -> Nickel | AC7: =B7 -> Nickel | AD7: =IF(C7="Smelter not listed",D7,C7) -> Jiangxi Rui da Xinnengyuan Technology Co., Ltd.
A8: CID003878 | B8: Copper | C8: Toyo Smelter & Refinery, Sumitomo Metal Mining | E8: =IF(ISERROR($V8),"",OFFSET('Smelter Look-up'!$D$4,$V8-4,0)&"") -> JAPAN | F8: =IF(ISERROR($V8),"",OFFSET('Smelter Look-up'!$E$4,$V8-4,0)) -> CID003878 | G8: =IF(C8=$X$4,"Enter smelter details",IF(ISERROR($V8),"",OFFSET('Smelter Look-up'!$F$4,$V8-4,0))) -> RMI | H8: =IF(ISERROR($V8),"",OFFSET('Smelter Look-up'!$G$4,$V8-4,0)) -> 0 | I8: =IF(ISERROR($V8),"",OFFSET('Smelter Look-up'!$H$4,$V8-4,0)) -> Saijyo | J8: =IF(ISERROR($V8),"",OFFSET('Smelter Look-up'!$I$4,$V8-4,0)) -> Ehime | R8: =IF(ISERROR($V8),"",OFFSET('Smelter Look-up'!$C$4,$V8-4,0)&"") -> Toyo Smelter & Refinery, Sumitomo Metal Mining | S8: =IF(B9="","",IF(ISERROR(MATCH($E9,CL,0)),"Unknown",INDIRECT("'C'!$A$"&MATCH($E9,CL,0)+1))) | T8: =IF(B8="","",IF(ISERROR(MATCH($J8,SorP!$B$1:$B$6261,0)),"",INDIRECT("'SorP'!$A$"&MATCH($S8&$J8,SorP!C:C,0)))) -> #N/A | V8: =IF(C8="",NA(),MATCH($B8&$C8,'Smelter Look-up'!$J:$J,0)) -> 362 | X8: =IF(AND(C8="Smelter not listed",OR(LEN(D8)=0,LEN(E8)=0)),1,0) -> 0 | AB8: =IF(C8="","",B8) -> Copper | AC8: =B8 -> Copper | AD8: =IF(C8="Smelter not listed",D8,C8) -> Toyo Smelter & Refinery, Sumitomo Metal Mining
E9: =IF(ISERROR($V9),"",OFFSET('Smelter Look-up'!$D$4,$V9-4,0)&"") | F9: =IF(ISERROR($V9),"",OFFSET('Smelter Look-up'!$E$4,$V9-4,0)) | G9: =IF(C9=$X$4,"Enter smelter details",IF(ISERROR($V9),"",OFFSET('Smelter Look-up'!$F$4,$V9-4,0))) | H9: =IF(ISERROR($V9),"",OFFSET('Smelter Look-up'!$G$4,$V9-4,0)) | I9: =IF(ISERROR($V9),"",OFFSET('Smelter Look-up'!$H$4,$V9-4,0)) | J9: =IF(ISERROR($V9),"",OFFSET('Smelter Look-up'!$I$4,$V9-4,0)) | R9: =IF(ISERROR($V9),"",OFFSET('Smelter Look-up'!$C$4,$V9-4,0)&"") | S9: =IF(B10="","",IF(ISERROR(MATCH($E10,CL,0)),"Unknown",INDIRECT("'C'!$A$"&MATCH($E10,CL,0)+1))) | T9: =IF(B9="","",IF(ISERROR(MATCH($J9,SorP!$B$1:$B$6261,0)),"",INDIRECT("'SorP'!$A$"&MATCH($S9&$J9,SorP!C:C,0)))) | V9: =IF(C9="",NA(),MATCH($B9&$C9,'Smelter Look-up'!$J:$J,0)) -> #N/A | X9: =IF(AND(C9="Smelter not listed",OR(LEN(D9)=0,LEN(E9)=0)),1,0) -> 0 | AB9: =IF(C9="","",B9) | AC9: =B9 -> 0 | AD9: =IF(C9="Smelter not listed",D9,C9) -> 0
B10: =IF(LEN(A10)=0,"",INDEX('Smelter Look-up'!$A:$A,MATCH($A10,'Smelter Look-up'!$E:$E,0))) | C10: =IF(LEN(A10)=0,"",INDEX('Smelter Look-up'!$C:$C,MATCH($A10,'Smelter Look-up'!$E:$E,0))) | E10: =IF(ISERROR($V10),"",OFFSET('Smelter Look-up'!$D$4,$V10-4,0)&"") | F10: =IF(ISERROR($V10),"",OFFSET('Smelter Look-up'!$E$4,$V10-4,0)) | G10: =IF(C10=$X$4,"Enter smelter details",IF(ISERROR($V10),"",OFFSET('Smelter Look-up'!$F$4,$V10-4,0))) | H10: =IF(ISERROR($V10),"",OFFSET('Smelter Look-up'!$G$4,$V10-4,0)) | I10: =IF(ISERROR($V10),"",OFFSET('Smelter Look-up'!$H$4,$V10-4,0)) | J10: =IF(ISERROR($V10),"",OFFSET('Smelter Look-up'!$I$4,$V10-4,0)) | R10: =IF(ISERROR($V10),"",OFFSET('Smelter Look-up'!$C$4,$V10-4,0)&"") | S10: =IF(B11="","",IF(ISERROR(MATCH($E11,CL,0)),"Unknown",INDIRECT("'C'!$A$"&MATCH($E11,CL,0)+1))) | T10: =IF(B10="","",IF(ISERROR(MATCH($J10,SorP!$B$1:$B$6261,0)),"",INDIRECT("'SorP'!$A$"&MATCH($S10&$J10,SorP!C:C,0)))) | V10: =IF(C10="",NA(),MATCH($B10&$C10,'Smelter Look-up'!$J:$J,0)) -> #N/A | X10: =IF(AND(C10="Smelter not listed",OR(LEN(D10)=0,LEN(E10)=0)),1,0) -> 0 | AB10: =IF(C10="","",B10) | AC10: =B10 | AD10: =IF(C10="Smelter not listed",D10,C10)
B11: =IF(LEN(A11)=0,"",INDEX('Smelter Look-up'!$A:$A,MATCH($A11,'Smelter Look-up'!$E:$E,0))) | C11: =IF(LEN(A11)=0,"",INDEX('Smelter Look-up'!$C:$C,MATCH($A11,'Smelter Look-up'!$E:$E,0))) | E11: =IF(ISERROR($V11),"",OFFSET('Smelter Look-up'!$D$4,$V11-4,0)&"") | F11: =IF(ISERROR($V11),"",OFFSET('Smelter Look-up'!$E$4,$V11-4,0)) | G11: =IF(C11=$X$4,"Enter smelter details",IF(ISERROR($V11),"",OFFSET('Smelter Look-up'!$F$4,$V11-4,0))) | H11: =IF(ISERROR($V11),"",OFFSET('Smelter Look-up'!$G$4,$V11-4,0)) | I11: =IF(ISERROR($V11),"",OFFSET('Smelter Look-up'!$H$4,$V11-4,0)) | J11: =IF(ISERROR($V11),"",OFFSET('Smelter Look-up'!$I$4,$V11-4,0)) | R11: =IF(ISERROR($V11),"",OFFSET('Smelter Look-up'!$C$4,$V11-4,0)&"") | S11: =IF(B11="","",IF(ISERROR(MATCH($E11,CL,0)),"Unknown",INDIRECT("'C'!$A$"&MATCH($E11,CL,0)+1))) | T11: =IF(B11="","",IF(ISERROR(MATCH($J11,SorP!$B$1:$B$6261,0)),"",INDIRECT("'SorP'!$A$"&MATCH($S11&$J11,SorP!C:C,0)))) | V11: =IF(C11="",NA(),MATCH($B11&$C11,'Smelter Look-up'!$J:$J,0)) -> #N/A | X11: =IF(AND(C11="Smelter not listed",OR(LEN(D11)=0,LEN(E11)=0)),1,0) -> 0 | AB11: =IF(C11="","",B11) | AC11: =B11 | AD11: =IF(C11="Smelter not listed",D11,C11)
B12: =IF(LEN(A12)=0,"",INDEX('Smelter Look-up'!$A:$A,MATCH($A12,'Smelter Look-up'!$E:$E,0))) | C12: =IF(LEN(A12)=0,"",INDEX('Smelter Look-up'!$C:$C,MATCH($A12,'Smelter Look-up'!$E:$E,0))) | E12: =IF(ISERROR($V12),"",OFFSET('Smelter Look-up'!$D$4,$V12-4,0)&"") | F12: =IF(ISERROR($V12),"",OFFSET('Smelter Look-up'!$E$4,$V12-4,0)) | G12: =IF(C12=$X$4,"Enter smelter details",IF(ISERROR($V12),"",OFFSET('Smelter Look-up'!$F$4,$V12-4,0))) | H12: =IF(ISERROR($V12),"",OFFSET('Smelter Look-up'!$G$4,$V12-4,0)) | I12: =IF(ISERROR($V12),"",OFFSET('Smelter Look-up'!$H$4,$V12-4,0)) | J12: =IF(ISERROR($V12),"",OFFSET('Smelter Look-up'!$I$4,$V12-4,0)) | R12: =IF(ISERROR($V12),"",OFFSET('Smelter Look-up'!$C$4,$V12-4,0)&"") | S12: =IF(B12="","",IF(ISERROR(MATCH($E12,CL,0)),"Unknown",INDIRECT("'C'!$A$"&MATCH($E12,CL,0)+1))) | T12: =IF(B12="","",IF(ISERROR(MATCH($J12,SorP!$B$1:$B$6261,0)),"",INDIRECT("'SorP'!$A$"&MATCH($S12&$J12,SorP!C:C,0)))) | V12: =IF(C12="",NA(),MATCH($B12&$C12,'Smelter Look-up'!$J:$J,0)) -> #N/A | X12: =IF(AND(C12="Smelter not listed",OR(LEN(D12)=0,LEN(E12)=0)),1,0) -> 0 | AB12: =IF(C12="","",B12) | AC12: =B12 | AD12: =IF(C12="Smelter not listed",D12,C12)
B13: =IF(LEN(A13)=0,"",INDEX('Smelter Look-up'!$A:$A,MATCH($A13,'Smelter Look-up'!$E:$E,0))) | C13: =IF(LEN(A13)=0,"",INDEX('Smelter Look-up'!$C:$C,MATCH($A13,'Smelter Look-up'!$E:$E,0))) | E13: =IF(ISERROR($V13),"",OFFSET('Smelter Look-up'!$D$4,$V13-4,0)&"") | F13: =IF(ISERROR($V13),"",OFFSET('Smelter Look-up'!$E$4,$V13-4,0)) | G13: =IF(C13=$X$4,"Enter smelter details",IF(ISERROR($V13),"",OFFSET('Smelter Look-up'!$F$4,$V13-4,0))) | H13: =IF(ISERROR($V13),"",OFFSET('Smelter Look-up'!$G$4,$V13-4,0)) | I13: =IF(ISERROR($V13),"",OFFSET('Smelter Look-up'!$H$4,$V13-4,0)) | J13: =IF(ISERROR($V13),"",OFFSET('Smelter Look-up'!$I$4,$V13-4,0)) | R13: =IF(ISERROR($V13),"",OFFSET('Smelter Look-up'!$C$4,$V13-4,0)&"") | S13: =IF(B13="","",IF(ISERROR(MATCH($E13,CL,0)),"Unknown",INDIRECT("'C'!$A$"&MATCH($E13,CL,0)+1))) | T13: =IF(B13="","",IF(ISERROR(MATCH($J13,SorP!$B$1:$B$6261,0)),"",INDIRECT("'SorP'!$A$"&MATCH($S13&$J13,SorP!C:C,0)))) | V13: =IF(C13="",NA(),MATCH($B13&$C13,'Smelter Look-up'!$J:$J,0)) -> #N/A | X13: =IF(AND(C13="Smelter not listed",OR(LEN(D13)=0,LEN(E13)=0)),1,0) -> 0 | AB13: =IF(C13="","",B13) | AC13: =B13 | AD13: =IF(C13="Smelter not listed",D13,C13)
B14: =IF(LEN(A14)=0,"",INDEX('Smelter Look-up'!$A:$A,MATCH($A14,'Smelter Look-up'!$E:$E,0))) | C14: =IF(LEN(A14)=0,"",INDEX('Smelter Look-up'!$C:$C,MATCH($A14,'Smelter Look-up'!$E:$E,0))) | E14: =IF(ISERROR($V14),"",OFFSET('Smelter Look-up'!$D$4,$V14-4,0)&"") | F14: =IF(ISERROR($V14),"",OFFSET('Smelter Look-up'!$E$4,$V14-4,0)) | G14: =IF(C14=$X$4,"Enter smelter details",IF(ISERROR($V14),"",OFFSET('Smelter Look-up'!$F$4,$V14-4,0))) | H14: =IF(ISERROR($V14),"",OFFSET('Smelter Look-up'!$G$4,$V14-4,0)) | I14: =IF(ISERROR($V14),"",OFFSET('Smelter Look-up'!$H$4,$V14-4,0)) | J14: =IF(ISERROR($V14),"",OFFSET('Smelter Look-up'!$I$4,$V14-4,0)) | R14: =IF(ISERROR($V14),"",OFFSET('Smelter Look-up'!$C$4,$V14-4,0)&"") | S14: =IF(B14="","",IF(ISERROR(MATCH($E14,CL,0)),"Unknown",INDIRECT("'C'!$A$"&MATCH($E14,CL,0)+1))) | T14: =IF(B14="","",IF(ISERROR(MATCH($J14,SorP!$B$1:$B$6261,0)),"",INDIRECT("'SorP'!$A$"&MATCH($S14&$J14,SorP!C:C,0)))) | V14: =IF(C14="",NA(),MATCH($B14&$C14,'Smelter Look-up'!$J:$J,0)) -> #N/A | X14: =IF(AND(C14="Smelter not listed",OR(LEN(D14)=0,LEN(E14)=0)),1,0) -> 0 | AB14: =IF(C14="","",B14) | AC14: =B14 | AD14: =IF(C14="Smelter not listed",D14,C14)
B15: =IF(LEN(A15)=0,"",INDEX('Smelter Look-up'!$A:$A,MATCH($A15,'Smelter Look-up'!$E:$E,0))) | C15: =IF(LEN(A15)=0,"",INDEX('Smelter Look-up'!$C:$C,MATCH($A15,'Smelter Look-up'!$E:$E,0))) | E15: =IF(ISERROR($V15),"",OFFSET('Smelter Look-up'!$D$4,$V15-4,0)&"") | F15: =IF(ISERROR($V15),"",OFFSET('Smelter Look-up'!$E$4,$V15-4,0)) | G15: =IF(C15=$X$4,"Enter smelter details",IF(ISERROR($V15),"",OFFSET('Smelter Look-up'!$F$4,$V15-4,0))) | H15: =IF(ISERROR($V15),"",OFFSET('Smelter Look-up'!$G$4,$V15-4,0)) | I15: =IF(ISERROR($V15),"",OFFSET('Smelter Look-up'!$H$4,$V15-4,0)) | J15: =IF(ISERROR($V15),"",OFFSET('Smelter Look-up'!$I$4,$V15-4,0)) | R15: =IF(ISERROR($V15),"",OFFSET('Smelter Look-up'!$C$4,$V15-4,0)&"") | S15: =IF(B15="","",IF(ISERROR(MATCH($E15,CL,0)),"Unknown",INDIRECT("'C'!$A$"&MATCH($E15,CL,0)+1))) | T15: =IF(B15="","",IF(ISERROR(MATCH($J15,SorP!$B$1:$B$6261,0)),"",INDIRECT("'SorP'!$A$"&MATCH($S15&$J15,SorP!C:C,0)))) | V15: =IF(C15="",NA(),MATCH($B15&$C15,'Smelter Look-up'!$J:$J,0)) -> #N/A | X15: =IF(AND(C15="Smelter not listed",OR(LEN(D15)=0,LEN(E15)=0)),1,0) -> 0 | AB15: =IF(C15="","",B15) | AC15: =B15 | AD15: =IF(C15="Smelter not listed",D15,C15)
B16: =IF(LEN(A16)=0,"",INDEX('Smelter Look-up'!$A:$A,MATCH($A16,'Smelter Look-up'!$E:$E,0))) | C16: =IF(LEN(A16)=0,"",INDEX('Smelter Look-up'!$C:$C,MATCH($A16,'Smelter Look-up'!$E:$E,0))) | E16: =IF(ISERROR($V16),"",OFFSET('Smelter Look-up'!$D$4,$V16-4,0)&"") | F16: =IF(ISERROR($V16),"",OFFSET('Smelter Look-up'!$E$4,$V16-4,0)) | G16: =IF(C16=$X$4,"Enter smelter details",IF(ISERROR($V16),"",OFFSET('Smelter Look-up'!$F$4,$V16-4,0))) | H16: =IF(ISERROR($V16),"",OFFSET('Smelter Look-up'!$G$4,$V16-4,0)) | I16: =IF(ISERROR($V16),"",OFFSET('Smelter Look-up'!$H$4,$V16-4,0)) | J16: =IF(ISERROR($V16),"",OFFSET('Smelter Look-up'!$I$4,$V16-4,0)) | R16: =IF(ISERROR($V16),"",OFFSET('Smelter Look-up'!$C$4,$V16-4,0)&"") | S16: =IF(B16="","",IF(ISERROR(MATCH($E16,CL,0)),"Unknown",INDIRECT("'C'!$A$"&MATCH($E16,CL,0)+1))) | T16: =IF(B16="","",IF(ISERROR(MATCH($J16,SorP!$B$1:$B$6261,0)),"",INDIRECT("'SorP'!$A$"&MATCH($S16&$J16,SorP!C:C,0)))) | V16: =IF(C16="",NA(),MATCH($B16&$C16,'Smelter Look-up'!$J:$J,0)) -> #N/A | X16: =IF(AND(C16="Smelter not listed",OR(LEN(D16)=0,LEN(E16)=0)),1,0) -> 0 | AB16: =IF(C16="","",B16) | AC16: =B16 | AD16: =IF(C16="Smelter not listed",D16,C16)
B17: =IF(LEN(A17)=0,"",INDEX('Smelter Look-up'!$A:$A,MATCH($A17,'Smelter Look-up'!$E:$E,0))) | C17: =IF(LEN(A17)=0,"",INDEX('Smelter Look-up'!$C:$C,MATCH($A17,'Smelter Look-up'!$E:$E,0))) | E17: =IF(ISERROR($V17),"",OFFSET('Smelter Look-up'!$D$4,$V17-4,0)&"") | F17: =IF(ISERROR($V17),"",OFFSET('Smelter Look-up'!$E$4,$V17-4,0)) | G17: =IF(C17=$X$4,"Enter smelter details",IF(ISERROR($V17),"",OFFSET('Smelter Look-up'!$F$4,$V17-4,0))) | H17: =IF(ISERROR($V17),"",OFFSET('Smelter Look-up'!$G$4,$V17-4,0)) | I17: =IF(ISERROR($V17),"",OFFSET('Smelter Look-up'!$H$4,$V17-4,0)) | J17: =IF(ISERROR($V17),"",OFFSET('Smelter Look-up'!$I$4,$V17-4,0)) | R17: =IF(ISERROR($V17),"",OFFSET('Smelter Look-up'!$C$4,$V17-4,0)&"") | S17: =IF(B17="","",IF(ISERROR(MATCH($E17,CL,0)),"Unknown",INDIRECT("'C'!$A$"&MATCH($E17,CL,0)+1))) | T17: =IF(B17="","",IF(ISERROR(MATCH($J17,SorP!$B$1:$B$6261,0)),"",INDIRECT("'SorP'!$A$"&MATCH($S17&$J17,SorP!C:C,0)))) | V17: =IF(C17="",NA(),MATCH($B17&$C17,'Smelter Look-up'!$J:$J,0)) -> #N/A | X17: =IF(AND(C17="Smelter not listed",OR(LEN(D17)=0,LEN(E17)=0)),1,0) -> 0 | AB17: =IF(C17="","",B17) | AC17: =B17 | AD17: =IF(C17="Smelter not listed",D17,C17)
B18: =IF(LEN(A18)=0,"",INDEX('Smelter Look-up'!$A:$A,MATCH($A18,'Smelter Look-up'!$E:$E,0))) | C18: =IF(LEN(A18)=0,"",INDEX('Smelter Look-up'!$C:$C,MATCH($A18,'Smelter Look-up'!$E:$E,0))) | E18: =IF(ISERROR($V18),"",OFFSET('Smelter Look-up'!$D$4,$V18-4,0)&"") | F18: =IF(ISERROR($V18),"",OFFSET('Smelter Look-up'!$E$4,$V18-4,0)) | G18: =IF(C18=$X$4,"Enter smelter details",IF(ISERROR($V18),"",OFFSET('Smelter Look-up'!$F$4,$V18-4,0))) | H18: =IF(ISERROR($V18),"",OFFSET('Smelter Look-up'!$G$4,$V18-4,0)) | I18: =IF(ISERROR($V18),"",OFFSET('Smelter Look-up'!$H$4,$V18-4,0)) | J18: =IF(ISERROR($V18),"",OFFSET('Smelter Look-up'!$I$4,$V18-4,0)) | R18: =IF(ISERROR($V18),"",OFFSET('Smelter Look-up'!$C$4,$V18-4,0)&"") | S18: =IF(B18="","",IF(ISERROR(MATCH($E18,CL,0)),"Unknown",INDIRECT("'C'!$A$"&MATCH($E18,CL,0)+1))) | T18: =IF(B18="","",IF(ISERROR(MATCH($J18,SorP!$B$1:$B$6261,0)),"",INDIRECT("'SorP'!$A$"&MATCH($S18&$J18,SorP!C:C,0)))) | V18: =IF(C18="",NA(),MATCH($B18&$C18,'Smelter Look-up'!$J:$J,0)) -> #N/A | X18: =IF(AND(C18="Smelter not listed",OR(LEN(D18)=0,LEN(E18)=0)),1,0) -> 0 | AB18: =IF(C18="","",B18) | AC18: =B18 | AD18: =IF(C18="Smelter not listed",D18,C18)
B19: =IF(LEN(A19)=0,"",INDEX('Smelter Look-up'!$A:$A,MATCH($A19,'Smelter Look-up'!$E:$E,0))) | C19: =IF(LEN(A19)=0,"",INDEX('Smelter Look-up'!$C:$C,MATCH($A19,'Smelter Look-up'!$E:$E,0))) | E19: =IF(ISERROR($V19),"",OFFSET('Smelter Look-up'!$D$4,$V19-4,0)&"") | F19: =IF(ISERROR($V19),"",OFFSET('Smelter Look-up'!$E$4,$V19-4,0)) | G19: =IF(C19=$X$4,"Enter smelter details",IF(ISERROR($V19),"",OFFSET('Smelter Look-up'!$F$4,$V19-4,0))) | H19: =IF(ISERROR($V19),"",OFFSET('Smelter Look-up'!$G$4,$V19-4,0)) | I19: =IF(ISERROR($V19),"",OFFSET('Smelter Look-up'!$H$4,$V19-4,0)) | J19: =IF(ISERROR($V19),"",OFFSET('Smelter Look-up'!$I$4,$V19-4,0)) | R19: =IF(ISERROR($V19),"",OFFSET('Smelter Look-up'!$C$4,$V19-4,0)&"") | S19: =IF(B19="","",IF(ISERROR(MATCH($E19,CL,0)),"Unknown",INDIRECT("'C'!$A$"&MATCH($E19,CL,0)+1))) | T19: =IF(B19="","",IF(ISERROR(MATCH($J19,SorP!$B$1:$B$6261,0)),"",INDIRECT("'SorP'!$A$"&MATCH($S19&$J19,SorP!C:C,0)))) | V19: =IF(C19="",NA(),MATCH($B19&$C19,'Smelter Look-up'!$J:$J,0)) -> #N/A | X19: =IF(AND(C19="Smelter not listed",OR(LEN(D19)=0,LEN(E19)=0)),1,0) -> 0 | AB19: =IF(C19="","",B19) | AC19: =B19 | AD19: =IF(C19="Smelter not listed",D19,C19)
B20: =IF(LEN(A20)=0,"",INDEX('Smelter Look-up'!$A:$A,MATCH($A20,'Smelter Look-up'!$E:$E,0))) | C20: =IF(LEN(A20)=0,"",INDEX('Smelter Look-up'!$C:$C,MATCH($A20,'Smelter Look-up'!$E:$E,0))) | E20: =IF(ISERROR($V20),"",OFFSET('Smelter Look-up'!$D$4,$V20-4,0)&"") | F20: =IF(ISERROR($V20),"",OFFSET('Smelter Look-up'!$E$4,$V20-4,0)) | G20: =IF(C20=$X$4,"Enter smelter details",IF(ISERROR($V20),"",OFFSET('Smelter Look-up'!$F$4,$V20-4,0))) | H20: =IF(ISERROR($V20),"",OFFSET('Smelter Look-up'!$G$4,$V20-4,0)) | I20: =IF(ISERROR($V20),"",OFFSET('Smelter Look-up'!$H$4,$V20-4,0)) | J20: =IF(ISERROR($V20),"",OFFSET('Smelter Look-up'!$I$4,$V20-4,0)) | R20: =IF(ISERROR($V20),"",OFFSET('Smelter Look-up'!$C$4,$V20-4,0)&"") | S20: =IF(B20="","",IF(ISERROR(MATCH($E20,CL,0)),"Unknown",INDIRECT("'C'!$A$"&MATCH($E20,CL,0)+1))) | T20: =IF(B20="","",IF(ISERROR(MATCH($J20,SorP!$B$1:$B$6261,0)),"",INDIRECT("'SorP'!$A$"&MATCH($S20&$J20,SorP!C:C,0)))) | V20: =IF(C20="",NA(),MATCH($B20&$C20,'Smelter Look-up'!$J:$J,0)) -> #N/A | X20: =IF(AND(C20="Smelter not listed",OR(LEN(D20)=0,LEN(E20)=0)),1,0) -> 0 | AB20: =IF(C20="","",B20) | AC20: =B20 | AD20: =IF(C20="Smelter not listed",D20,C20)
B21: =IF(LEN(A21)=0,"",INDEX('Smelter Look-up'!$A:$A,MATCH($A21,'Smelter Look-up'!$E:$E,0))) | C21: =IF(LEN(A21)=0,"",INDEX('Smelter Look-up'!$C:$C,MATCH($A21,'Smelter Look-up'!$E:$E,0))) | E21: =IF(ISERROR($V21),"",OFFSET('Smelter Look-up'!$D$4,$V21-4,0)&"") | F21: =IF(ISERROR($V21),"",OFFSET('Smelter Look-up'!$E$4,$V21-4,0)) | G21: =IF(C21=$X$4,"Enter smelter details",IF(ISERROR($V21),"",OFFSET('Smelter Look-up'!$F$4,$V21-4,0))) | H21: =IF(ISERROR($V21),"",OFFSET('Smelter Look-up'!$G$4,$V21-4,0)) | I21: =IF(ISERROR($V21),"",OFFSET('Smelter Look-up'!$H$4,$V21-4,0)) | J21: =IF(ISERROR($V21),"",OFFSET('Smelter Look-up'!$I$4,$V21-4,0)) | R21: =IF(ISERROR($V21),"",OFFSET('Smelter Look-up'!$C$4,$V21-4,0)&"") | S21: =IF(B21="","",IF(ISERROR(MATCH($E21,CL,0)),"Unknown",INDIRECT("'C'!$A$"&MATCH($E21,CL,0)+1))) | T21: =IF(B21="","",IF(ISERROR(MATCH($J21,SorP!$B$1:$B$6261,0)),"",INDIRECT("'SorP'!$A$"&MATCH($S21&$J21,SorP!C:C,0)))) | V21: =IF(C21="",NA(),MATCH($B21&$C21,'Smelter Look-up'!$J:$J,0)) -> #N/A | X21: =IF(AND(C21="Smelter not listed",OR(LEN(D21)=0,LEN(E21)=0)),1,0) -> 0 | AB21: =IF(C21="","",B21) | AC21: =B21 | AD21: =IF(C21="Smelter not listed",D21,C21)
B22: =IF(LEN(A22)=0,"",INDEX('Smelter Look-up'!$A:$A,MATCH($A22,'Smelter Look-up'!$E:$E,0))) | C22: =IF(LEN(A22)=0,"",INDEX('Smelter Look-up'!$C:$C,MATCH($A22,'Smelter Look-up'!$E:$E,0))) | E22: =IF(ISERROR($V22),"",OFFSET('Smelter Look-up'!$D$4,$V22-4,0)&"") | F22: =IF(ISERROR($V22),"",OFFSET('Smelter Look-up'!$E$4,$V22-4,0)) | G22: =IF(C22=$X$4,"Enter smelter details",IF(ISERROR($V22),"",OFFSET('Smelter Look-up'!$F$4,$V22-4,0))) | H22: =IF(ISERROR($V22),"",OFFSET('Smelter Look-up'!$G$4,$V22-4,0)) | I22: =IF(ISERROR($V22),"",OFFSET('Smelter Look-up'!$H$4,$V22-4,0)) | J22: =IF(ISERROR($V22),"",OFFSET('Smelter Look-up'!$I$4,$V22-4,0)) | R22: =IF(ISERROR($V22),"",OFFSET('Smelter Look-up'!$C$4,$V22-4,0)&"") | S22: =IF(B22="","",IF(ISERROR(MATCH($E22,CL,0)),"Unknown",INDIRECT("'C'!$A$"&MATCH($E22,CL,0)+1))) | T22: =IF(B22="","",IF(ISERROR(MATCH($J22,SorP!$B$1:$B$6261,0)),"",INDIRECT("'SorP'!$A$"&MATCH($S22&$J22,SorP!C:C,0)))) | V22: =IF(C22="",NA(),MATCH($B22&$C22,'Smelter Look-up'!$J:$J,0)) -> #N/A | X22: =IF(AND(C22="Smelter not listed",OR(LEN(D22)=0,LEN(E22)=0)),1,0) -> 0 | AB22: =IF(C22="","",B22) | AC22: =B22 | AD22: =IF(C22="Smelter not listed",D22,C22)
... B2502: =IF(LEN(A2502)=0,"",INDEX('Smelter Look-up'!$A:$A,MATCH($A2502,'Smelter Look-up'!$E:$E,0))) | C2502: =IF(LEN(A2502)=0,"",INDEX('Smelter Look-up'!$C:$C,MATCH($A2502,'Smelter Look-up'!$E:$E,0))) | E2502: =IF(ISERROR($V2502),"",OFFSET('Smelter Look-up'!$D$4,$V2502-4,0)&"") | F2502: =IF(ISERROR($V2502),"",OFFSET('Smelter Look-up'!$E$4,$V2502-4,0)) | G2502: =IF(C2502=$X$4,"Enter smelter details",IF(ISERROR($V2502),"",OFFSET('Smelter Look-up'!$F$4,$V2502-4,0))) | H2502: =IF(ISERROR($V2502),"",OFFSET('Smelter Look-up'!$G$4,$V2502-4,0)) | I2502: =IF(ISERROR($V2502),"",OFFSET('Smelter Look-up'!$H$4,$V2502-4,0)) | J2502: =IF(ISERROR($V2502),"",OFFSET('Smelter Look-up'!$I$4,$V2502-4,0)) | R2502: =IF(ISERROR($V2502),"",OFFSET('Smelter Look-up'!$C$4,$V2502-4,0)&"") | S2502: =IF(B2502="","",IF(ISERROR(MATCH($E2502,CL,0)),"Unknown",INDIRECT("'C'!$A$"&MATCH($E2502,CL,0)+1))) | T2502: =IF(B2502="","",IF(ISERROR(MATCH($J2502,SorP!$B$1:$B$6261,0)),"",INDIRECT("'SorP'!$A$"&MATCH($S2502&$J2502,SorP!C:C,0)))) | V2502: =IF(C2502="",NA(),MATCH($B2502&$C2502,'Smelter Look-up'!$J:$J,0)) -> #N/A | X2502: =IF(AND(C2502="Smelter not listed",OR(LEN(D2502)=0,LEN(E2502)=0)),1,0) -> 0 | AB2502: =IF(C2502="","",B2502) | AC2502: =B2502 | AD2502: =IF(C2502="Smelter not listed",D2502,C2502)

Sheet Checker
A1: =OFFSET(L!$C$1,MATCH("Checker"&ADDRESS(ROW(),COLUMN(),4),L!$A:$A,0)-1,SL,,) -> To ensure all required fields have been populated before submitting to your customers review form for any line items highlighted in red | D1: =OFFSET(L!$C$1,MATCH("Checker"&ADDRESS(ROW(),COLUMN(),4),L!$A:$A,0)-1,SL,,) -> Required fields remaining to be completed
A2: Click here to return to Declaration tab | B2: =IF(F114=1,"Click here to return to Smelter List","") | C2: =IF(F112=1,"Click here to return to Product List","") | D2: =IF(H125=0,"0",H125) -> 0
A3: =OFFSET(L!$C$1,MATCH("Checker"&ADDRESS(ROW(),COLUMN(),4),L!$A:$A,0)-1,SL,,) -> Required Fields | B3: =OFFSET(L!$C$1,MATCH("Checker"&ADDRESS(ROW(),COLUMN(),4),L!$A:$A,0)-1,SL,,) -> Answer provided | C3: =OFFSET(L!$C$1,MATCH("Checker"&ADDRESS(ROW(),COLUMN(),4),L!$A:$A,0)-1,SL,,) -> Notes | D3: =OFFSET(L!$C$1,MATCH("Checker"&ADDRESS(ROW(),COLUMN(),4),L!$A:$A,0)-1,SL,,) -> Hyperlink to source | F3: necessary? | G3: complete? | H3: incomplete | I3: comment1 | J3: comment for remaining
A4: =Declaration!B8 -> Company Name (*): | B4: =Declaration!D8 -> Xiamen Hongfa Electroacoustic Co.,Ltd. | C4: =IF(H4=1,J4,I4) -> Complete | D4: =IF(H4=1,"Click here to enter Company Name","") | F4: 1 | G4: =IF(B4=0,1,0) -> 0 | H4: =F4*G4 -> 0 | I4: =OFFSET(L!$C$1,MATCH("Checker"&"Comp",L!$A:$A,0)-1,SL,,) -> Complete | J4: =OFFSET(L!$C$1,MATCH("Checker"&ADDRESS(ROW(),COLUMN(),4),L!$A:$A,0)-1,SL,,) -> Provide your company name on the Declaration tab cell D8
A5: =Declaration!B9 -> Declaration Scope or Class (*): | B5: =Declaration!D9 -> C. User defined [Specify in 'Description of scope'] | C5: =IF(H5=1,J5,I5) -> Complete | D5: =IF(H5=1,"Click here to enter Declaration Scope","") | F5: 1 | G5: =IF(B5=0,1,0) -> 0 | H5: =F5*G5 -> 0 | I5: =OFFSET(L!$C$1,MATCH("Checker"&"Comp",L!$A:$A,0)-1,SL,,) -> Complete | J5: =OFFSET(L!$C$1,MATCH("Checker"&ADDRESS(ROW(),COLUMN(),4),L!$A:$A,0)-1,SL,,) -> Select the scope of declaration on the Declaration tab cell D9
A6: =Declaration!B10 -> Description of Scope: (*) | B6: =Declaration!D10 -> Capacitor | C6: =IF(H6=1,J6,I6) -> Complete | D6: =IF(H6=1,"Click here to provide a Description of Scope","") | F6: =IF(OR(B5=Declaration!P9,B5=Declaration!Q9,B5=0),0,1) -> 1 | G6: =IF(B6=0,1,0) -> 0 | H6: =F6*G6 -> 0 | I6: =OFFSET(L!$C$1,MATCH("Checker"&"Comp",L!$A:$A,0)-1,SL,,) -> Complete | J6: =OFFSET(L!$C$1,MATCH("Checker"&ADDRESS(ROW(),COLUMN(),4),L!$A:$A,0)-1,SL,,) -> Provide description of scope on Declaration tab cell D10
A7: =Declaration!B12 -> Select Minerals/Metals in Scope (*): | C7: =IF(H7=1,J7,I7) -> Complete | D7: =IF(H7=1,"Click here to enter Minerals/Metals in Scope","") | F7: 1 | G7: =IF(Declaration!B30<>"",0,1) -> 0 | H7: =F7*G7 -> 0 | I7: =OFFSET(L!$C$1,MATCH("Checker"&"Comp",L!$A:$A,0)-1,SL,,) -> Complete | J7: =OFFSET(L!$C$1,MATCH("Checker"&ADDRESS(ROW(),COLUMN(),4),L!$A:$A,0)-1,SL,,) -> Provide at least 1 mineral/metal in Declaration tab cells D12 - G13
A8: =Declaration!B14 -> 0
A9: =Declaration!B19 -> Contact Name (*): | B9: =Declaration!D19 -> Shufang Zhong | C9: =IF(H9=1,J9,I9) -> Complete | D9: =IF(H9=1,"Click here to enter Contact Name","") | F9: 1 | G9: =IF(B9=0,1,0) -> 0 | H9: =F9*G9 -> 0 | I9: =OFFSET(L!$C$1,MATCH("Checker"&"Comp",L!$A:$A,0)-1,SL,,) -> Complete | J9: =OFFSET(L!$C$1,MATCH("Checker"&ADDRESS(ROW(),COLUMN(),4),L!$A:$A,0)-1,SL,,) -> Provide contact name in Declaration tab cell D19
A10: =Declaration!B20 -> Email – Contact (*): | B10: =Declaration!D20 -> marketing@hongfa.com | C10: =IF(H10=1,J10,I10) -> Complete | D10: =IF(H10=1,"Click here to enter Email-Contact","") | F10: 1 | G10: =IF(ISNUMBER(SEARCH("@",B10)),0,1) -> 0 | H10: =F10*G10 -> 0 | I10: =OFFSET(L!$C$1,MATCH("Checker"&"Comp",L!$A:$A,0)-1,SL,,) -> Complete | J10: =OFFSET(L!$C$1,MATCH("Checker"&ADDRESS(ROW(),COLUMN(),4),L!$A:$A,0)-1,SL,,) -> Provide a valid email for contact in Declaration tab cell D20
A11: =Declaration!B21 -> Phone – Contact (*): | B11: =Declaration!D21 -> +86 592 6106688 | C11: =IF(H11=1,J11,I11) -> Complete | D11: =IF(H11=1,"Click here to enter Phone-Contact","") | F11: 1 | G11: =IF(B11=0,1,0) -> 0 | H11: =F11*G11 -> 0 | I11: =OFFSET(L!$C$1,MATCH("Checker"&"Comp",L!$A:$A,0)-1,SL,,) -> Complete | J11: =OFFSET(L!$C$1,MATCH("Checker"&ADDRESS(ROW(),COLUMN(),4),L!$A:$A,0)-1,SL,,) -> Provide a phone number for contact in Declaration tab cell D21
A12: =Declaration!B22 -> Authorizer (*): | B12: =Declaration!D22 -> Ningyi Lu | C12: =IF(H12=1,J12,I12) -> Complete | D12: =IF(H12=1,"Click here to enter an Authorized Company Representative's name","") | F12: 1 | G12: =IF(B12=0,1,0) -> 0 | H12: =F12*G12 -> 0 | I12: =OFFSET(L!$C$1,MATCH("Checker"&"Comp",L!$A:$A,0)-1,SL,,) -> Complete | J12: =OFFSET(L!$C$1,MATCH("Checker"&ADDRESS(ROW(),COLUMN(),4),L!$A:$A,0)-1,SL,,) -> Provide authorized company representative contact name in Declaration tab cell D22
A13: =Declaration!B24 -> Email - Authorizer (*): | B13: =Declaration!D24 -> marketing@hongfa.com | C13: =IF(H13=1,J13,I13) -> Complete | D13: =IF(H13=1,"Click here to enter Representative's email","") | E13: * | F13: 1 | G13: =IF(ISNUMBER(SEARCH("@",B13)),0,1) -> 0 | H13: =F13*G13 -> 0 | I13: =OFFSET(L!$C$1,MATCH("Checker"&"Comp",L!$A:$A,0)-1,SL,,) -> Complete | J13: =OFFSET(L!$C$1,MATCH("Checker"&ADDRESS(ROW(),COLUMN(),4),L!$A:$A,0)-1,SL,,) -> Provide an email for authorized company representative on Declaration tab cell D24
H14: =F14*G14 -> 0
A15: =Declaration!B26 -> Effective Date (*): | B15: =Declaration!D26 -> 46177 | C15: =IF(H15=1,J15,I15) -> Complete | D15: =IF(H15=1,"Click here to enter Date of Completion","") | F15: 1 | G15: =IF(B15=0,1,0) -> 0 | H15: =F15*G15 -> 0 | I15: =OFFSET(L!$C$1,MATCH("Checker"&"Comp",L!$A:$A,0)-1,SL,,) -> Complete | J15: =OFFSET(L!$C$1,MATCH("Checker"&ADDRESS(ROW(),COLUMN(),4),L!$A:$A,0)-1,SL,,) -> Provide date the form was completed on Declaration tab cell D26
A16: =Declaration!B29 -> 1) Is any of the specified mineral/metal intentionally added or used in the product(s) or in the production process? (*) | H16: =F16*G16 -> 0
A17: =Declaration!B30 -> Cobalt(*) | B17: =Declaration!D30 -> No | C17: =IF(H17=1,J17,I17) -> Complete | D17: =IF(H17=1,"Click here to answer question 1 for specified mineral","") | F17: =IF(A17="",0,1) -> 1 | G17: =IF(B17=0,1,0) -> 0 | H17: =F17*G17 -> 0 | I17: =OFFSET(L!$C$1,MATCH("Checker"&"Comp",L!$A:$A,0)-1,SL,,) -> Complete | J17: =OFFSET(L!$C$1,MATCH("Checker"&ADDRESS(ROW(),COLUMN(),4),L!$A:$A,0)-1,SL,,) -> Declare if specified mineral is intentionally added to your products on Declaration tab cell D30
A18: =Declaration!B31 -> Copper(*) | B18: =Declaration!D31 -> Yes | C18: =IF(H18=1,J18,I18) -> Complete | D18: =IF(H18=1,"Click here to answer question 1 for specified mineral","") | F18: =IF(A18="",0,1) -> 1 | G18: =IF(B18=0,1,0) -> 0 | H18: =F18*G18 -> 0 | I18: =OFFSET(L!$C$1,MATCH("Checker"&"Comp",L!$A:$A,0)-1,SL,,) -> Complete | J18: =OFFSET(L!$C$1,MATCH("Checker"&ADDRESS(ROW(),COLUMN(),4),L!$A:$A,0)-1,SL,,) -> Declare if specified mineral is intentionally added to your products on Declaration tab cell D31
A19: =Declaration!B32 -> Graphite(*) | B19: =Declaration!D32 -> No | C19: =IF(H19=1,J19,I19) -> Complete | D19: =IF(H19=1,"Click here to answer question 1 for specified mineral","") | F19: =IF(A19="",0,1) -> 1 | G19: =IF(B19=0,1,0) -> 0 | H19: =F19*G19 -> 0 | I19: =OFFSET(L!$C$1,MATCH("Checker"&"Comp",L!$A:$A,0)-1,SL,,) -> Complete | J19: =OFFSET(L!$C$1,MATCH("Checker"&ADDRESS(ROW(),COLUMN(),4),L!$A:$A,0)-1,SL,,) -> Declare if specified mineral is intentionally added to your products on Declaration tab cell D32
A20: =Declaration!B33 -> Lithium(*) | B20: =Declaration!D33 -> No | C20: =IF(H20=1,J20,I20) -> Complete | D20: =IF(H20=1,"Click here to answer question 1 for specified mineral","") | F20: =IF(A20="",0,1) -> 1 | G20: =IF(B20=0,1,0) -> 0 | H20: =F20*G20 -> 0 | I20: =OFFSET(L!$C$1,MATCH("Checker"&"Comp",L!$A:$A,0)-1,SL,,) -> Complete | J20: =OFFSET(L!$C$1,MATCH("Checker"&ADDRESS(ROW(),COLUMN(),4),L!$A:$A,0)-1,SL,,) -> Declare if specified mineral is intentionally added to your products on Declaration tab cell D33
A21: =Declaration!B34 -> Mica(*) | B21: =Declaration!D34 -> No | C21: =IF(H21=1,J21,I21) -> Complete | D21: =IF(H21=1,"Click here to answer question 1 for specified mineral","") | F21: =IF(A21="",0,1) -> 1 | G21: =IF(B21=0,1,0) -> 0 | H21: =F21*G21 -> 0 | I21: =OFFSET(L!$C$1,MATCH("Checker"&"Comp",L!$A:$A,0)-1,SL,,) -> Complete | J21: =OFFSET(L!$C$1,MATCH("Checker"&ADDRESS(ROW(),COLUMN(),4),L!$A:$A,0)-1,SL,,) -> Declare if specified mineral is intentionally added to your products on Declaration tab cell D34
A22: =Declaration!B35 -> Nickel(*) | B22: =Declaration!D35 -> Yes | C22: =IF(H22=1,J22,I22) -> Complete | D22: =IF(H22=1,"Click here to answer question 1 for specified mineral","") | F22: =IF(A22="",0,1) -> 1 | G22: =IF(B22=0,1,0) -> 0 | H22: =F22*G22 -> 0 | I22: =OFFSET(L!$C$1,MATCH("Checker"&"Comp",L!$A:$A,0)-1,SL,,) -> Complete | J22: =OFFSET(L!$C$1,MATCH("Checker"&ADDRESS(ROW(),COLUMN(),4),L!$A:$A,0)-1,SL,,) -> Declare if specified mineral is intentionally added to your products on Declaration tab cell D35
A23: =Declaration!B36 | B23: =Declaration!D36 -> 0 | C23: =IF(H23=1,J23,I23) -> 0
A24: =Declaration!B37 | B24: =Declaration!D37 -> 0 | C24: =IF(H24=1,J24,I24) -> 0
A25: =Declaration!B38 | B25: =Declaration!D38 -> 0 | C25: =IF(H25=1,J25,I25) -> 0
A26: =Declaration!B39 | B26: =Declaration!D39 -> 0 | C26: =IF(H26=1,J26,I26) -> 0
A27: =Declaration!B41 -> 2) Does any of the specified mineral/metal remain in the product(s)? (*)
A28: =Declaration!B42 -> Cobalt | B28: =Declaration!D42 -> 0 | C28: =IF(H28=1,J28,I28) -> Complete | D28: =IF(H28=1,"Click here to answer question 2 for specified mineral","") | F28: =IF(OR(A17="",B17="No",B17="Unknown",B17="Not declaring"),0,1) -> 0 | G28: =IF(B28=0,1,0) -> 1 | H28: =F28*G28 -> 0 | I28: =OFFSET(L!$C$1,MATCH("Checker"&"Comp",L!$A:$A,0)-1,SL,,) -> Complete | J28: =OFFSET(L!$C$1,MATCH("Checker"&ADDRESS(ROW(),COLUMN(),4),L!$A:$A,0)-1,SL,,) -> Declare if specified mineral is necessary to the production of your products and contained within the finished products declared in Declaration tab cell D42
A29: =Declaration!B43 -> Copper(*) | B29: =Declaration!D43 -> Yes | C29: =IF(H29=1,J29,I29) -> Complete | D29: =IF(H29=1,"Click here to answer question 2 for specified mineral","") | F29: =IF(OR(A18="",B18="No",B18="Unknown",B18="Not declaring"),0,1) -> 1 | G29: =IF(B29=0,1,0) -> 0 | H29: =F29*G29 -> 0 | I29: =OFFSET(L!$C$1,MATCH("Checker"&"Comp",L!$A:$A,0)-1,SL,,) -> Complete | J29: =OFFSET(L!$C$1,MATCH("Checker"&ADDRESS(ROW(),COLUMN(),4),L!$A:$A,0)-1,SL,,) -> Declare if specified mineral is necessary to the production of your products and contained within the finished products declared in Declaration tab cell D43
A30: =Declaration!B44 -> Graphite | B30: =Declaration!D44 -> 0 | C30: =IF(H30=1,J30,I30) -> Complete | D30: =IF(H30=1,"Click here to answer question 2 for specified mineral","") | F30: =IF(OR(A19="",B19="No",B19="Unknown",B19="Not declaring"),0,1) -> 0 | G30: =IF(B30=0,1,0) -> 1 | H30: =F30*G30 -> 0 | I30: =OFFSET(L!$C$1,MATCH("Checker"&"Comp",L!$A:$A,0)-1,SL,,) -> Complete | J30: =OFFSET(L!$C$1,MATCH("Checker"&ADDRESS(ROW(),COLUMN(),4),L!$A:$A,0)-1,SL,,) -> Declare if specified mineral is necessary to the production of your products and contained within the finished products declared in Declaration tab cell D44
A31: =Declaration!B45 -> Lithium | B31: =Declaration!D45 -> 0 | C31: =IF(H31=1,J31,I31) -> Complete | D31: =IF(H31=1,"Click here to answer question 2 for specified mineral","") | F31: =IF(OR(A20="",B20="No",B20="Unknown",B20="Not declaring"),0,1) -> 0 | G31: =IF(B31=0,1,0) -> 1 | H31: =F31*G31 -> 0 | I31: =OFFSET(L!$C$1,MATCH("Checker"&"Comp",L!$A:$A,0)-1,SL,,) -> Complete | J31: =OFFSET(L!$C$1,MATCH("Checker"&ADDRESS(ROW(),COLUMN(),4),L!$A:$A,0)-1,SL,,) -> Declare if specified mineral is necessary to the production of your products and contained within the finished products declared in Declaration tab cell D45
A32: =Declaration!B46 -> Mica | B32: =Declaration!D46 -> 0 | C32: =IF(H32=1,J32,I32) -> Complete | D32: =IF(H32=1,"Click here to answer question 2 for specified mineral","") | F32: =IF(OR(A21="",B21="No",B21="Unknown",B21="Not declaring"),0,1) -> 0 | G32: =IF(B32=0,1,0) -> 1 | H32: =F32*G32 -> 0 | I32: =OFFSET(L!$C$1,MATCH("Checker"&"Comp",L!$A:$A,0)-1,SL,,) -> Complete | J32: =OFFSET(L!$C$1,MATCH("Checker"&ADDRESS(ROW(),COLUMN(),4),L!$A:$A,0)-1,SL,,) -> Declare if specified mineral is necessary to the production of your products and contained within the finished products declared in Declaration tab cell D46
A33: =Declaration!B47 -> Nickel(*) | B33: =Declaration!D47 -> Yes | C33: =IF(H33=1,J33,I33) -> Complete | D33: =IF(H33=1,"Click here to answer question 2 for specified mineral","") | F33: =IF(OR(A22="",B22="No",B22="Unknown",B22="Not declaring"),0,1) -> 1 | G33: =IF(B33=0,1,0) -> 0 | H33: =F33*G33 -> 0 | I33: =OFFSET(L!$C$1,MATCH("Checker"&"Comp",L!$A:$A,0)-1,SL,,) -> Complete | J33: =OFFSET(L!$C$1,MATCH("Checker"&ADDRESS(ROW(),COLUMN(),4),L!$A:$A,0)-1,SL,,) -> Declare if specified mineral is necessary to the production of your products and contained within the finished products declared in Declaration tab cell D47
A34: =Declaration!B48 | B34: =Declaration!D48 -> 0 | C34: =IF(H34=1,J34,I34) -> 0
A35: =Declaration!B49 | B35: =Declaration!D49 -> 0 | C35: =IF(H35=1,J35,I35) -> 0
A36: =Declaration!B50 | B36: =Declaration!D50 -> 0 | C36: =IF(H36=1,J36,I36) -> 0
A37: =Declaration!B51 | B37: =Declaration!D51 -> 0 | C37: =IF(H37=1,J37,I37) -> 0
A38: =Declaration!B53 -> 3) Do any of the smelters or processors in your supply chain source the specified mineral/metal from conflict-affected and high-risk areas? (OECD Due Diligence Guidance, see definitions tab) (*)
A39: =Declaration!B54 -> Cobalt | B39: =Declaration!D54 -> 0 | C39: =IF(H39=1,J39,I39) -> Complete | D39: =IF(H39=1,"Click here to answer question 3 for Specified mineral","") | F39: =IF(OR(A17="",B17="No",B17="Unknown",B17="Not declaring",B28="No",B28="Unknown"),0,1) -> 0 | G39: =IF(B39=0,1,0) -> 1 | H39: =F39*G39 -> 0 | I39: =OFFSET(L!$C$1,MATCH("Checker"&"Comp",L!$A:$A,0)-1,SL,,) -> Complete | J39: =OFFSET(L!$C$1,MATCH("Checker"&ADDRESS(ROW(),COLUMN(),4),L!$A:$A,0)-1,SL,,) -> Declare if specified mineral used within the scope of products declared within this survey response originated from a conflict-affected and high-risk area on the Declaration tab cell D54
A40: =Declaration!B55 -> Copper(*) | B40: =Declaration!D55 -> No | C40: =IF(H40=1,J40,I40) -> Complete | D40: =IF(H40=1,"Click here to answer question 3 for Specified mineral","") | F40: =IF(OR(A18="",B18="No",B18="Unknown",B18="Not declaring",B29="No",B29="Unknown"),0,1) -> 1 | G40: =IF(B40=0,1,0) -> 0 | H40: =F40*G40 -> 0 | I40: =OFFSET(L!$C$1,MATCH("Checker"&"Comp",L!$A:$A,0)-1,SL,,) -> Complete | J40: =OFFSET(L!$C$1,MATCH("Checker"&ADDRESS(ROW(),COLUMN(),4),L!$A:$A,0)-1,SL,,) -> Declare if specified mineral used within the scope of products declared within this survey response originated from a conflict-affected and high-risk area on the Declaration tab cell D55
A41: =Declaration!B56 -> Graphite | B41: =Declaration!D56 -> 0 | C41: =IF(H41=1,J41,I41) -> Complete | D41: =IF(H41=1,"Click here to answer question 3 for Specified mineral","") | F41: =IF(OR(A19="",B19="No",B19="Unknown",B19="Not declaring",B30="No",B30="Unknown"),0,1) -> 0 | G41: =IF(B41=0,1,0) -> 1 | H41: =F41*G41 -> 0 | I41: =OFFSET(L!$C$1,MATCH("Checker"&"Comp",L!$A:$A,0)-1,SL,,) -> Complete | J41: =OFFSET(L!$C$1,MATCH("Checker"&ADDRESS(ROW(),COLUMN(),4),L!$A:$A,0)-1,SL,,) -> Declare if specified mineral used within the scope of products declared within this survey response originated from a conflict-affected and high-risk area on the Declaration tab cell D56
A42: =Declaration!B57 -> Lithium | B42: =Declaration!D57 -> 0 | C42: =IF(H42=1,J42,I42) -> Complete | D42: =IF(H42=1,"Click here to answer question 3 for Specified mineral","") | F42: =IF(OR(A20="",B20="No",B20="Unknown",B20="Not declaring",B31="No",B31="Unknown"),0,1) -> 0 | G42: =IF(B42=0,1,0) -> 1 | H42: =F42*G42 -> 0 | I42: =OFFSET(L!$C$1,MATCH("Checker"&"Comp",L!$A:$A,0)-1,SL,,) -> Complete | J42: =OFFSET(L!$C$1,MATCH("Checker"&ADDRESS(ROW(),COLUMN(),4),L!$A:$A,0)-1,SL,,) -> Declare if specified mineral used within the scope of products declared within this survey response originated from a conflict-affected and high-risk area on the Declaration tab cell D57
A43: =Declaration!B58 -> Mica | B43: =Declaration!D58 -> 0 | C43: =IF(H43=1,J43,I43) -> Complete | D43: =IF(H43=1,"Click here to answer question 3 for Specified mineral","") | F43: =IF(OR(A21="",B21="No",B21="Unknown",B21="Not declaring",B32="No",B32="Unknown"),0,1) -> 0 | G43: =IF(B43=0,1,0) -> 1 | H43: =F43*G43 -> 0 | I43: =OFFSET(L!$C$1,MATCH("Checker"&"Comp",L!$A:$A,0)-1,SL,,) -> Complete | J43: =OFFSET(L!$C$1,MATCH("Checker"&ADDRESS(ROW(),COLUMN(),4),L!$A:$A,0)-1,SL,,) -> Declare if specified mineral used within the scope of products declared within this survey response originated from a conflict-affected and high-risk area on the Declaration tab cell D58
A44: =Declaration!B59 -> Nickel(*) | B44: =Declaration!D59 -> No | C44: =IF(H44=1,J44,I44) -> Complete | D44: =IF(H44=1,"Click here to answer question 3 for Specified mineral","") | F44: =IF(OR(A22="",B22="No",B22="Unknown",B22="Not declaring",B33="No",B33="Unknown"),0,1) -> 1 | G44: =IF(B44=0,1,0) -> 0 | H44: =F44*G44 -> 0 | I44: =OFFSET(L!$C$1,MATCH("Checker"&"Comp",L!$A:$A,0)-1,SL,,) -> Complete | J44: =OFFSET(L!$C$1,MATCH("Checker"&ADDRESS(ROW(),COLUMN(),4),L!$A:$A,0)-1,SL,,) -> Declare if specified mineral used within the scope of products declared within this survey response originated from a conflict-affected and high-risk area on the Declaration tab cell D59
A45: =Declaration!B60 | B45: =Declaration!D60 -> 0 | C45: =IF(H45=1,J45,I45) -> 0
A46: =Declaration!B61 | B46: =Declaration!D61 -> 0 | C46: =IF(H46=1,J46,I46) -> 0
A47: =Declaration!B62 | B47: =Declaration!D62 -> 0 | C47: =IF(H47=1,J47,I47) -> 0
A48: =Declaration!B63 | B48: =Declaration!D63 -> 0 | C48: =IF(H48=1,J48,I48) -> 0
A49: =Declaration!B65 -> 4) Does 100 percent of the specified mineral/metal originate from recycled or scrap sources?(*)
A50: =Declaration!B66 -> Cobalt | B50: =Declaration!D66 -> 0 | C50: =IF(H50=1,J50,I50) -> Complete | D50: =IF(H50=1,"Click here to answer question 4 for specified mineral","") | F50: =F39 -> 0 | G50: =IF(B50=0,1,0) -> 1 | H50: =F50*G50 -> 0 | I50: =OFFSET(L!$C$1,MATCH("Checker"&"Comp",L!$A:$A,0)-1,SL,,) -> Complete | J50: =OFFSET(L!$C$1,MATCH("Checker"&ADDRESS(ROW(),COLUMN(),4),L!$A:$A,0)-1,SL,,) -> Declare if specified mineral used within the scope of products declared within this survey response originated entirely from a recycled or scrap source on the Declaration tab cell D66
A51: =Declaration!B67 -> Copper(*) | B51: =Declaration!D67 -> No | C51: =IF(H51=1,J51,I51) -> Complete | D51: =IF(H51=1,"Click here to answer question 4 for specified mineral","") | F51: =F40 -> 1 | G51: =IF(B51=0,1,0) -> 0 | H51: =F51*G51 -> 0 | I51: =OFFSET(L!$C$1,MATCH("Checker"&"Comp",L!$A:$A,0)-1,SL,,) -> Complete | J51: =OFFSET(L!$C$1,MATCH("Checker"&ADDRESS(ROW(),COLUMN(),4),L!$A:$A,0)-1,SL,,) -> Declare if specified mineral used within the scope of products declared within this survey response originated entirely from a recycled or scrap source on the Declaration tab cell D67
A52: =Declaration!B68 -> Graphite | B52: =Declaration!D68 -> 0 | C52: =IF(H52=1,J52,I52) -> Complete | D52: =IF(H52=1,"Click here to answer question 4 for specified mineral","") | F52: =F41 -> 0 | G52: =IF(B52=0,1,0) -> 1 | H52: =F52*G52 -> 0 | I52: =OFFSET(L!$C$1,MATCH("Checker"&"Comp",L!$A:$A,0)-1,SL,,) -> Complete | J52: =OFFSET(L!$C$1,MATCH("Checker"&ADDRESS(ROW(),COLUMN(),4),L!$A:$A,0)-1,SL,,) -> Declare if specified mineral used within the scope of products declared within this survey response originated entirely from a recycled or scrap source on the Declaration tab cell D68
A53: =Declaration!B69 -> Lithium | B53: =Declaration!D69 -> 0 | C53: =IF(H53=1,J53,I53) -> Complete | D53: =IF(H53=1,"Click here to answer question 4 for specified mineral","") | F53: =F42 -> 0 | G53: =IF(B53=0,1,0) -> 1 | H53: =F53*G53 -> 0 | I53: =OFFSET(L!$C$1,MATCH("Checker"&"Comp",L!$A:$A,0)-1,SL,,) -> Complete | J53: =OFFSET(L!$C$1,MATCH("Checker"&ADDRESS(ROW(),COLUMN(),4),L!$A:$A,0)-1,SL,,) -> Declare if specified mineral used within the scope of products declared within this survey response originated entirely from a recycled or scrap source on the Declaration tab cell D69
A54: =Declaration!B70 -> Mica | B54: =Declaration!D70 -> 0 | C54: =IF(H54=1,J54,I54) -> Complete | D54: =IF(H54=1,"Click here to answer question 4 for specified mineral","") | F54: =F43 -> 0 | G54: =IF(B54=0,1,0) -> 1 | H54: =F54*G54 -> 0 | I54: =OFFSET(L!$C$1,MATCH("Checker"&"Comp",L!$A:$A,0)-1,SL,,) -> Complete | J54: =OFFSET(L!$C$1,MATCH("Checker"&ADDRESS(ROW(),COLUMN(),4),L!$A:$A,0)-1,SL,,) -> Declare if specified mineral used within the scope of products declared within this survey response originated entirely from a recycled or scrap source on the Declaration tab cell D70
A55: =Declaration!B71 -> Nickel(*) | B55: =Declaration!D71 -> No | C55: =IF(H55=1,J55,I55) -> Complete | D55: =IF(H55=1,"Click here to answer question 4 for specified mineral","") | F55: =F44 -> 1 | G55: =IF(B55=0,1,0) -> 0 | H55: =F55*G55 -> 0 | I55: =OFFSET(L!$C$1,MATCH("Checker"&"Comp",L!$A:$A,0)-1,SL,,) -> Complete | J55: =OFFSET(L!$C$1,MATCH("Checker"&ADDRESS(ROW(),COLUMN(),4),L!$A:$A,0)-1,SL,,) -> Declare if specified mineral used within the scope of products declared within this survey response originated entirely from a recycled or scrap source on the Declaration tab cell D71
A56: =Declaration!B72 | B56: =Declaration!D72 -> 0 | C56: =IF(H56=1,J56,I56) -> 0
A57: =Declaration!B73 | B57: =Declaration!D73 -> 0 | C57: =IF(H57=1,J57,I57) -> 0
A58: =Declaration!B74 | B58: =Declaration!D74 -> 0 | C58: =IF(H58=1,J58,I58) -> 0
A59: =Declaration!B75 | B59: =Declaration!D75 -> 0 | C59: =IF(H59=1,J59,I59) -> 0
A60: =Declaration!B77 -> 5) What percentage of relevant suppliers have provided a response to your supply chain survey?(*)
A61: =Declaration!B78 -> Cobalt | B61: =Declaration!D78 -> 0 | C61: =IF(H61=1,J61,I61) -> Complete | D61: =IF(H61=1,"Click here to answer question 5 for specified mineral","") | F61: =F50 -> 0 | G61: =IF(B61=0,1,0) -> 1 | H61: =F61*G61 -> 0 | I61: =OFFSET(L!$C$1,MATCH("Checker"&"Comp",L!$A:$A,0)-1,SL,,) -> Complete | J61: =OFFSET(L!$C$1,MATCH("Checker"&ADDRESS(ROW(),COLUMN(),4),L!$A:$A,0)-1,SL,,) -> Provide % of completeness of supplier's smelter information on Declaration tab cell D78
A62: =Declaration!B79 -> Copper(*) | B62: =Declaration!D79 -> 100% | C62: =IF(H62=1,J62,I62) -> Complete | D62: =IF(H62=1,"Click here to answer question 5 for specified mineral","") | F62: =F51 -> 1 | G62: =IF(B62=0,1,0) -> 0 | H62: =F62*G62 -> 0 | I62: =OFFSET(L!$C$1,MATCH("Checker"&"Comp",L!$A:$A,0)-1,SL,,) -> Complete | J62: =OFFSET(L!$C$1,MATCH("Checker"&ADDRESS(ROW(),COLUMN(),4),L!$A:$A,0)-1,SL,,) -> Provide % of completeness of supplier's smelter information on Declaration tab cell D79
A63: =Declaration!B80 -> Graphite | B63: =Declaration!D80 -> 0 | C63: =IF(H63=1,J63,I63) -> Complete | D63: =IF(H63=1,"Click here to answer question 5 for specified mineral","") | F63: =F52 -> 0 | G63: =IF(B63=0,1,0) -> 1 | H63: =F63*G63 -> 0 | I63: =OFFSET(L!$C$1,MATCH("Checker"&"Comp",L!$A:$A,0)-1,SL,,) -> Complete | J63: =OFFSET(L!$C$1,MATCH("Checker"&ADDRESS(ROW(),COLUMN(),4),L!$A:$A,0)-1,SL,,) -> Provide % of completeness of supplier's smelter information on Declaration tab cell D80
A64: =Declaration!B81 -> Lithium | B64: =Declaration!D81 -> 0 | C64: =IF(H64=1,J64,I64) -> Complete | D64: =IF(H64=1,"Click here to answer question 5 for specified mineral","") | F64: =F53 -> 0 | G64: =IF(B64=0,1,0) -> 1 | H64: =F64*G64 -> 0 | I64: =OFFSET(L!$C$1,MATCH("Checker"&"Comp",L!$A:$A,0)-1,SL,,) -> Complete | J64: =OFFSET(L!$C$1,MATCH("Checker"&ADDRESS(ROW(),COLUMN(),4),L!$A:$A,0)-1,SL,,) -> Provide % of completeness of supplier's smelter information on Declaration tab cell D81
A65: =Declaration!B82 -> Mica | B65: =Declaration!D82 -> 0 | C65: =IF(H65=1,J65,I65) -> Complete | D65: =IF(H65=1,"Click here to answer question 5 for specified mineral","") | F65: =F54 -> 0 | G65: =IF(B65=0,1,0) -> 1 | H65: =F65*G65 -> 0 | I65: =OFFSET(L!$C$1,MATCH("Checker"&"Comp",L!$A:$A,0)-1,SL,,) -> Complete | J65: =OFFSET(L!$C$1,MATCH("Checker"&ADDRESS(ROW(),COLUMN(),4),L!$A:$A,0)-1,SL,,) -> Provide % of completeness of supplier's smelter information on Declaration tab cell D82
A66: =Declaration!B83 -> Nickel(*) | B66: =Declaration!D83 -> 100% | C66: =IF(H66=1,J66,I66) -> Complete | D66: =IF(H66=1,"Click here to answer question 5 for specified mineral","") | F66: =F55 -> 1 | G66: =IF(B66=0,1,0) -> 0 | H66: =F66*G66 -> 0 | I66: =OFFSET(L!$C$1,MATCH("Checker"&"Comp",L!$A:$A,0)-1,SL,,) -> Complete | J66: =OFFSET(L!$C$1,MATCH("Checker"&ADDRESS(ROW(),COLUMN(),4),L!$A:$A,0)-1,SL,,) -> Provide % of completeness of supplier's smelter information on Declaration tab cell D83
A67: =Declaration!B84 | B67: =Declaration!D84 -> 0 | C67: =IF(H67=1,J67,I67) -> 0
A68: =Declaration!B85 | B68: =Declaration!D85 -> 0 | C68: =IF(H68=1,J68,I68) -> 0
A69: =Declaration!B86 | B69: =Declaration!D86 -> 0 | C69: =IF(H69=1,J69,I69) -> 0
A70: =Declaration!B87 | B70: =Declaration!D87 -> 0 | C70: =IF(H70=1,J70,I70) -> 0
A71: =Declaration!B89 -> 6) Have you identified all of the smelters or processors supplying the specified minerals/metal to your supply chain?(*)
A72: =Declaration!B90 -> Cobalt | B72: =Declaration!D90 -> 0 | C72: =IF(H72=1,J72,I72) -> Complete | D72: =IF(H72=1,"Click here to answer question 6 for specified mineral","") | F72: =F61 -> 0 | G72: =IF(B72=0,1,0) -> 1 | H72: =F72*G72 -> 0 | I72: =OFFSET(L!$C$1,MATCH("Checker"&"Comp",L!$A:$A,0)-1,SL,,) -> Complete | J72: =OFFSET(L!$C$1,MATCH("Checker"&ADDRESS(ROW(),COLUMN(),4),L!$A:$A,0)-1,SL,,) -> Declare if all smelter names have been provided in this survey response under the scope of products declared on the Declaration tab cell D90
A73: =Declaration!B91 -> Copper(*) | B73: =Declaration!D91 -> Yes | C73: =IF(H73=1,J73,I73) -> Complete | D73: =IF(H73=1,"Click here to answer question 6 for specified mineral","") | F73: =F62 -> 1 | G73: =IF(B73=0,1,0) -> 0 | H73: =F73*G73 -> 0 | I73: =OFFSET(L!$C$1,MATCH("Checker"&"Comp",L!$A:$A,0)-1,SL,,) -> Complete | J73: =OFFSET(L!$C$1,MATCH("Checker"&ADDRESS(ROW(),COLUMN(),4),L!$A:$A,0)-1,SL,,) -> Declare if all smelter names have been provided in this survey response under the scope of products declared on the Declaration tab cell D91
A74: =Declaration!B92 -> Graphite | B74: =Declaration!D92 -> 0 | C74: =IF(H74=1,J74,I74) -> Complete | D74: =IF(H74=1,"Click here to answer question 6 for specified mineral","") | F74: =F63 -> 0 | G74: =IF(B74=0,1,0) -> 1 | H74: =F74*G74 -> 0 | I74: =OFFSET(L!$C$1,MATCH("Checker"&"Comp",L!$A:$A,0)-1,SL,,) -> Complete | J74: =OFFSET(L!$C$1,MATCH("Checker"&ADDRESS(ROW(),COLUMN(),4),L!$A:$A,0)-1,SL,,) -> Declare if all smelter names have been provided in this survey response under the scope of products declared on the Declaration tab cell D92
A75: =Declaration!B93 -> Lithium | B75: =Declaration!D93 -> 0 | C75: =IF(H75=1,J75,I75) -> Complete | D75: =IF(H75=1,"Click here to answer question 6 for specified mineral","") | F75: =F64 -> 0 | G75: =IF(B75=0,1,0) -> 1 | H75: =F75*G75 -> 0 | I75: =OFFSET(L!$C$1,MATCH("Checker"&"Comp",L!$A:$A,0)-1,SL,,) -> Complete | J75: =OFFSET(L!$C$1,MATCH("Checker"&ADDRESS(ROW(),COLUMN(),4),L!$A:$A,0)-1,SL,,) -> Declare if all smelter names have been provided in this survey response under the scope of products declared on the Declaration tab cell D93
A76: =Declaration!B94 -> Mica | B76: =Declaration!D94 -> 0 | C76: =IF(H76=1,J76,I76) -> Complete | D76: =IF(H76=1,"Click here to answer question 6 for specified mineral","") | F76: =F65 -> 0 | G76: =IF(B76=0,1,0) -> 1 | H76: =F76*G76 -> 0 | I76: =OFFSET(L!$C$1,MATCH("Checker"&"Comp",L!$A:$A,0)-1,SL,,) -> Complete | J76: =OFFSET(L!$C$1,MATCH("Checker"&ADDRESS(ROW(),COLUMN(),4),L!$A:$A,0)-1,SL,,) -> Declare if all smelter names have been provided in this survey response under the scope of products declared on the Declaration tab cell D94
A77: =Declaration!B95 -> Nickel(*) | B77: =Declaration!D95 -> Yes | C77: =IF(H77=1,J77,I77) -> Complete | D77: =IF(H77=1,"Click here to answer question 6 for specified mineral","") | F77: =F66 -> 1 | G77: =IF(B77=0,1,0) -> 0 | H77: =F77*G77 -> 0 | I77: =OFFSET(L!$C$1,MATCH("Checker"&"Comp",L!$A:$A,0)-1,SL,,) -> Complete | J77: =OFFSET(L!$C$1,MATCH("Checker"&ADDRESS(ROW(),COLUMN(),4),L!$A:$A,0)-1,SL,,) -> Declare if all smelter names have been provided in this survey response under the scope of products declared on the Declaration tab cell D95
A78: =Declaration!B96 | B78: =Declaration!D96 -> 0 | C78: =IF(H78=1,J78,I78) -> 0
A79: =Declaration!B97 | B79: =Declaration!D97 -> 0 | C79: =IF(H79=1,J79,I79) -> 0
A80: =Declaration!B98 | B80: =Declaration!D98 -> 0 | C80: =IF(H80=1,J80,I80) -> 0
A81: =Declaration!B99 | B81: =Declaration!D99 -> 0 | C81: =IF(H81=1,J81,I81) -> 0
A82: =Declaration!B101 -> 7) Has all applicable smelter or processor information received by your company been reported in this declaration?(*)
A83: =Declaration!B102 -> Cobalt | B83: =Declaration!D102 -> 0 | C83: =IF(H83=1,J83,I83) -> Complete | D83: =IF(H83=1,"Click here to answer question 7 for specified mineral","") | F83: =F72 -> 0 | G83: =IF(B83=0,1,0) -> 1 | H83: =F83*G83 -> 0 | I83: =OFFSET(L!$C$1,MATCH("Checker"&"Comp",L!$A:$A,0)-1,SL,,) -> Complete | J83: =OFFSET(L!$C$1,MATCH("Checker"&ADDRESS(ROW(),COLUMN(),4),L!$A:$A,0)-1,SL,,) -> Declare if all applicable specified mineral smelter information has been provided on Declaration tab cell D102
A84: =Declaration!B103 -> Copper(*) | B84: =Declaration!D103 -> Yes | C84: =IF(H84=1,J84,I84) -> Complete | D84: =IF(H84=1,"Click here to answer question 7 for specified mineral","") | F84: =F73 -> 1 | G84: =IF(B84=0,1,0) -> 0 | H84: =F84*G84 -> 0 | I84: =OFFSET(L!$C$1,MATCH("Checker"&"Comp",L!$A:$A,0)-1,SL,,) -> Complete | J84: =OFFSET(L!$C$1,MATCH("Checker"&ADDRESS(ROW(),COLUMN(),4),L!$A:$A,0)-1,SL,,) -> Declare if all applicable specified mineral smelter information has been provided on Declaration tab cell D103
A85: =Declaration!B104 -> Graphite | B85: =Declaration!D104 -> 0 | C85: =IF(H85=1,J85,I85) -> Complete | D85: =IF(H85=1,"Click here to answer question 7 for specified mineral","") | F85: =F74 -> 0 | G85: =IF(B85=0,1,0) -> 1 | H85: =F85*G85 -> 0 | I85: =OFFSET(L!$C$1,MATCH("Checker"&"Comp",L!$A:$A,0)-1,SL,,) -> Complete | J85: =OFFSET(L!$C$1,MATCH("Checker"&ADDRESS(ROW(),COLUMN(),4),L!$A:$A,0)-1,SL,,) -> Declare if all applicable specified mineral smelter information has been provided on Declaration tab cell D104
A86: =Declaration!B105 -> Lithium | B86: =Declaration!D105 -> 0 | C86: =IF(H86=1,J86,I86) -> Complete | D86: =IF(H86=1,"Click here to answer question 7 for specified mineral","") | F86: =F75 -> 0 | G86: =IF(B86=0,1,0) -> 1 | H86: =F86*G86 -> 0 | I86: =OFFSET(L!$C$1,MATCH("Checker"&"Comp",L!$A:$A,0)-1,SL,,) -> Complete | J86: =OFFSET(L!$C$1,MATCH("Checker"&ADDRESS(ROW(),COLUMN(),4),L!$A:$A,0)-1,SL,,) -> Declare if all applicable specified mineral smelter information has been provided on Declaration tab cell D105
A87: =Declaration!B106 -> Mica | B87: =Declaration!D106 -> 0 | C87: =IF(H87=1,J87,I87) -> Complete | D87: =IF(H87=1,"Click here to answer question 7 for specified mineral","") | F87: =F76 -> 0 | G87: =IF(B87=0,1,0) -> 1 | H87: =F87*G87 -> 0 | I87: =OFFSET(L!$C$1,MATCH("Checker"&"Comp",L!$A:$A,0)-1,SL,,) -> Complete | J87: =OFFSET(L!$C$1,MATCH("Checker"&ADDRESS(ROW(),COLUMN(),4),L!$A:$A,0)-1,SL,,) -> Declare if all applicable specified mineral smelter information has been provided on Declaration tab cell D106
A88: =Declaration!B107 -> Nickel(*) | B88: =Declaration!D107 -> Yes | C88: =IF(H88=1,J88,I88) -> Complete | D88: =IF(H88=1,"Click here to answer question 7 for specified mineral","") | F88: =F77 -> 1 | G88: =IF(B88=0,1,0) -> 0 | H88: =F88*G88 -> 0 | I88: =OFFSET(L!$C$1,MATCH("Checker"&"Comp",L!$A:$A,0)-1,SL,,) -> Complete | J88: =OFFSET(L!$C$1,MATCH("Checker"&ADDRESS(ROW(),COLUMN(),4),L!$A:$A,0)-1,SL,,) -> Declare if all applicable specified mineral smelter information has been provided on Declaration tab cell D107
A89: =Declaration!B108 | B89: =Declaration!D108 -> 0 | C89: =IF(H89=1,J89,I89) -> 0
A90: =Declaration!B109 | B90: =Declaration!D109 -> 0 | C90: =IF(H90=1,J90,I90) -> 0
A91: =Declaration!B110 | B91: =Declaration!D110 -> 0 | C91: =IF(H91=1,J91,I91) -> 0
A92: =Declaration!B111 | B92: =Declaration!D111 -> 0 | C92: =IF(H92=1,J92,I92) -> 0
A93: =Declaration!B114 -> Question
A94: =Declaration!B115 -> A. Have you established a responsible minerals sourcing policy?(*) | B94: =Declaration!D115 -> Yes | C94: =IF(H94=1,J94,I94) -> Complete | D94: =IF(H94=1,"Click here to answer question (A)","") | F94: =IF(SUM(F$39:F$48)=0,0,1) -> 1 | G94: =IF(B94=0,1,0) -> 0 | H94: =F94*G94 -> 0 | I94: =OFFSET(L!$C$1,MATCH("Checker"&"Comp",L!$A:$A,0)-1,SL,,) -> Complete | J94: =OFFSET(L!$C$1,MATCH("Checker"&ADDRESS(ROW(),COLUMN(),4),L!$A:$A,0)-1,SL,,) -> Answer if your company has a responsible minerals sourcing policy on the Declaration tab cell D115
A95: =Declaration!B117 -> B. Is your responsible minerals sourcing policy publicly available on your website? (Note – If yes, the user shall specify the URL in the comment field.) (*) | B95: =Declaration!D117 -> Yes | C95: =IF(H95=1,J95,I95) -> Complete | D95: =IF(H95=1,"Click here to answer question (B)","") | F95: =F$94 -> 1 | G95: =IF(B95=0,1,0) -> 0 | H95: =F95*G95 -> 0 | I95: =OFFSET(L!$C$1,MATCH("Checker"&"Comp",L!$A:$A,0)-1,SL,,) -> Complete | J95: =OFFSET(L!$C$1,MATCH("Checker"&ADDRESS(ROW(),COLUMN(),4),L!$A:$A,0)-1,SL,,) -> Answer if your company has made your responsible minerals sourcing policy publically available on your website on the Declaration tab cell D117
A96: The URL in the comment field | B96: =Declaration!G117 -> https://www.hongfa.cn/Service/Compliance | C96: =IF(H96=1,J96,I96) -> Complete | D96: =IF(H96=1,"Click here to answer question (C)","") | F96: =IF(AND(F95=1,B95="Yes"),1,0) -> 1 | G96: =IF(LEN(B96)>1,0,1) -> 0 | H96: =F96*G96 -> 0 | I96: =OFFSET(L!$C$1,MATCH("Checker"&"Comp",L!$A:$A,0)-1,SL,,) -> Complete | J96: =OFFSET(L!$C$1,MATCH("Checker"&ADDRESS(ROW(),COLUMN(),4),L!$A:$A,0)-1,SL,,) -> 如果您对问题 B 回答“是”，则在“申报”工作表的 G117 单元格中输入 URL。URL 的格式应为 "www.companyname.com"
A97: =Declaration!B119 -> C. Do you require your direct suppliers to source the specified minerals/metals from smelters whose due diligence practices have been validated by an independent third-party audit program?(*)
A98: =Declaration!B120 -> Cobalt | B98: =Declaration!D120 -> 0 | C98: =IF(H98=1,J98,I98) -> Complete | D98: =IF(H98=1,"Click here to answer question (C)","") | F98: =F39 -> 0 | G98: =IF(B98=0,1,0) -> 1 | H98: =F98*G98 -> 0 | I98: =OFFSET(L!$C$1,MATCH("Checker"&"Comp",L!$A:$A,0)-1,SL,,) -> Complete | J98: =OFFSET(L!$C$1,MATCH("Checker"&ADDRESS(ROW(),COLUMN(),4),L!$A:$A,0)-1,SL,,) -> Answer if you require your direct suppliers to source specified minerals from smelters whose due diligence practices have been validated by an independent third-party audit program, like the Responsible Minerals Assurance Process, on Declaration tab cell D120
A99: =Declaration!B121 -> Copper(*) | B99: =Declaration!D121 -> Yes | C99: =IF(H99=1,J99,I99) -> Complete | D99: =IF(H99=1,"Click here to answer question (C)","") | F99: =F40 -> 1 | G99: =IF(B99=0,1,0) -> 0 | H99: =F99*G99 -> 0 | I99: =OFFSET(L!$C$1,MATCH("Checker"&"Comp",L!$A:$A,0)-1,SL,,) -> Complete | J99: =OFFSET(L!$C$1,MATCH("Checker"&ADDRESS(ROW(),COLUMN(),4),L!$A:$A,0)-1,SL,,) -> Answer if you require your direct suppliers to source specified minerals from smelters whose due diligence practices have been validated by an independent third-party audit program, like the Responsible Minerals Assurance Process, on Declaration tab cell D121
A100: =Declaration!B122 -> Graphite | B100: =Declaration!D122 -> 0 | C100: =IF(H100=1,J100,I100) -> Complete | D100: =IF(H100=1,"Click here to answer question (C)","") | F100: =F41 -> 0 | G100: =IF(B100=0,1,0) -> 1 | H100: =F100*G100 -> 0 | I100: =OFFSET(L!$C$1,MATCH("Checker"&"Comp",L!$A:$A,0)-1,SL,,) -> Complete | J100: =OFFSET(L!$C$1,MATCH("Checker"&ADDRESS(ROW(),COLUMN(),4),L!$A:$A,0)-1,SL,,) -> Answer if you require your direct suppliers to source specified minerals from smelters whose due diligence practices have been validated by an independent third-party audit program, like the Responsible Minerals Assurance Process, on Declaration tab cell D122
...

Sheet Mine List
B2: =OFFSET(L!$C$1,MATCH("Mine List"&ADDRESS(ROW(),COLUMN(),4),L!$A:$A,0)-1,SL,,) -> TO BEGIN: | C2: =@OFFSET(L!$C$1,MATCH("Checker"&ADDRESS(ROW(),COLUMN(),4),L!$A:$A,0)-1,SL,,) | D2: =@OFFSET(L!$C$1,MATCH("Checker"&ADDRESS(ROW(),COLUMN(),4),L!$A:$A,0)-1,SL,,)
B3: =OFFSET(L!$C$1,MATCH("Mine List"&ADDRESS(ROW(),COLUMN(),4),L!$A:$A,0)-1,SL,,) -> Step 1. Select Metal in column A Step 2. Select Name of Smelter(s) sourcing from this Mine facility in column B Step 3. Enter Mine Facility (Site) Name in column C Step 4. Enter Mine Identification (e.g. CID) and Source of Identification in columns D and E, if available Step 5. Select Country in column F Step 6. Enter all available smelter information in columns G through M | C3: =@OFFSET(L!$C$1,MATCH("Checker"&ADDRESS(ROW(),COLUMN(),4),L!$A:$A,0)-1,SL,,) | D3: =@OFFSET(L!$C$1,MATCH("Checker"&ADDRESS(ROW(),COLUMN(),4),L!$A:$A,0)-1,SL,,) | E3: =OFFSET(L!$C$1,MATCH("General"&"Cpy",L!$A:$A,0)-1,SL,,) -> © 2026 Responsible Minerals Initiative. All rights reserved. | M3: Revision 2.11 April 17, 2026
A4: =OFFSET(L!$C$1,MATCH("Mine List"&ADDRESS(ROW(),COLUMN(),4),L!$A:$A,0)-1,SL,,) -> Metal | B4: =OFFSET(L!$C$1,MATCH("Mine List"&ADDRESS(ROW(),COLUMN(),4),L!$A:$A,0)-1,SL,,) -> Name of Smelter(s) sourcing from this Mine Facility | C4: =OFFSET(L!$C$1,MATCH("Mine List"&ADDRESS(ROW(),COLUMN(),4),L!$A:$A,0)-1,SL,,) -> Mine Facility (Site) Name | D4: =OFFSET(L!$C$1,MATCH("Mine List"&ADDRESS(ROW(),COLUMN(),4),L!$A:$A,0)-1,SL,,) -> Mine Identification (e.g. CID) | E4: =OFFSET(L!$C$1,MATCH("Mine List"&ADDRESS(ROW(),COLUMN(),4),L!$A:$A,0)-1,SL,,) -> Source of Mine Facility Identification Number | F4: =OFFSET(L!$C$1,MATCH("Mine List"&ADDRESS(ROW(),COLUMN(),4),L!$A:$A,0)-1,SL,,) -> Mine Facility Country | G4: =OFFSET(L!$C$1,MATCH("Mine List"&ADDRESS(ROW(),COLUMN(),4),L!$A:$A,0)-1,SL,,) -> Mine Facility Street | H4: =OFFSET(L!$C$1,MATCH("Mine List"&ADDRESS(ROW(),COLUMN(),4),L!$A:$A,0)-1,SL,,) -> Mine Facility City | ... M4: =OFFSET(L!$C$1,MATCH("Mine List"&ADDRESS(ROW(),COLUMN(),4),L!$A:$A,0)-1,SL,,) -> Comments | N4: Country Code | O4: State / Province Code | R4: Missing Entry Check | S4: Smelter Counter
N5: =IF(A5="","",IF(ISERROR(MATCH($F5,CL,0)),"Unknown",INDIRECT("'C'!$A$"&MATCH($F5,CL,0)+1))) | Q5: =A5&B5 | R5: =OR(ISBLANK(B5),ISBLANK(C5)) -> TRUE | S5: =IF(R5,"",A5&"+")
N6: =IF(A6="","",IF(ISERROR(MATCH($F6,CL,0)),"Unknown",INDIRECT("'C'!$A$"&MATCH($F6,CL,0)+1))) | Q6: =A6&B6 | R6: =OR(ISBLANK(B6),ISBLANK(C6)) -> TRUE | S6: =IF(R6,"",A6&"+")
N7: =IF(A7="","",IF(ISERROR(MATCH($F7,CL,0)),"Unknown",INDIRECT("'C'!$A$"&MATCH($F7,CL,0)+1))) | Q7: =A7&B7 | R7: =OR(ISBLANK(B7),ISBLANK(C7)) -> TRUE | S7: =IF(R7,"",A7&"+")
N8: =IF(A8="","",IF(ISERROR(MATCH($F8,CL,0)),"Unknown",INDIRECT("'C'!$A$"&MATCH($F8,CL,0)+1))) | Q8: =A8&B8 | R8: =OR(ISBLANK(B8),ISBLANK(C8)) -> TRUE | S8: =IF(R8,"",A8&"+")
N9: =IF(A9="","",IF(ISERROR(MATCH($F9,CL,0)),"Unknown",INDIRECT("'C'!$A$"&MATCH($F9,CL,0)+1))) | Q9: =A9&B9 | R9: =OR(ISBLANK(B9),ISBLANK(C9)) -> TRUE | S9: =IF(R9,"",A9&"+")
N10: =IF(A10="","",IF(ISERROR(MATCH($F10,CL,0)),"Unknown",INDIRECT("'C'!$A$"&MATCH($F10,CL,0)+1))) | Q10: =A10&B10 | R10: =OR(ISBLANK(B10),ISBLANK(C10)) -> TRUE | S10: =IF(R10,"",A10&"+")
N11: =IF(A11="","",IF(ISERROR(MATCH($F11,CL,0)),"Unknown",INDIRECT("'C'!$A$"&MATCH($F11,CL,0)+1))) | Q11: =A11&B11 | R11: =OR(ISBLANK(B11),ISBLANK(C11)) -> TRUE | S11: =IF(R11,"",A11&"+")
N12: =IF(A12="","",IF(ISERROR(MATCH($F12,CL,0)),"Unknown",INDIRECT("'C'!$A$"&MATCH($F12,CL,0)+1))) | Q12: =A12&B12 | R12: =OR(ISBLANK(B12),ISBLANK(C12)) -> TRUE | S12: =IF(R12,"",A12&"+")
N13: =IF(A13="","",IF(ISERROR(MATCH($F13,CL,0)),"Unknown",INDIRECT("'C'!$A$"&MATCH($F13,CL,0)+1))) | Q13: =A13&B13 | R13: =OR(ISBLANK(B13),ISBLANK(C13)) -> TRUE | S13: =IF(R13,"",A13&"+")
N14: =IF(A14="","",IF(ISERROR(MATCH($F14,CL,0)),"Unknown",INDIRECT("'C'!$A$"&MATCH($F14,CL,0)+1))) | Q14: =A14&B14 | R14: =OR(ISBLANK(B14),ISBLANK(C14)) -> TRUE | S14: =IF(R14,"",A14&"+")
N15: =IF(A15="","",IF(ISERROR(MATCH($F15,CL,0)),"Unknown",INDIRECT("'C'!$A$"&MATCH($F15,CL,0)+1))) | Q15: =A15&B15 | R15: =OR(ISBLANK(B15),ISBLANK(C15)) -> TRUE | S15: =IF(R15,"",A15&"+")
N16: =IF(A16="","",IF(ISERROR(MATCH($F16,CL,0)),"Unknown",INDIRECT("'C'!$A$"&MATCH($F16,CL,0)+1))) | Q16: =A16&B16 | R16: =OR(ISBLANK(B16),ISBLANK(C16)) -> TRUE | S16: =IF(R16,"",A16&"+")
... N2504: =IF(A2504="","",IF(ISERROR(MATCH($F2504,CL,0)),"Unknown",INDIRECT("'C'!$A$"&MATCH($F2504,CL,0)+1))) | Q2504: =A2504&B2504 | R2504: =OR(ISBLANK(B2504),ISBLANK(C2504)) -> TRUE | S2504: =IF(R2504,"",A2504&"+")

Sheet Product List
A1: =OFFSET(L!$C$1,MATCH("Product List"&ADDRESS(ROW(),COLUMN(),4),L!$A:$A,0)-1,SL,,) -> Completion required only if reporting level "Product (or List of Products)" selected on the 'Declaration' worksheet.
B4: Click here to return to Declaration tab
B5: =OFFSET(L!$C$1,MATCH("Product List"&ADDRESS(ROW(),COLUMN(),4),L!$A:$A,0)-1,SL,,) -> Responder Product Number (*) | C5: =OFFSET(L!$C$1,MATCH("Product List"&ADDRESS(ROW(),COLUMN(),4),L!$A:$A,0)-1,SL,,) -> Responder Product Name | D5: =OFFSET(L!$C$1,MATCH("Product List"&ADDRESS(ROW(),COLUMN(),4),L!$A:$A,0)-1,SL,,) -> Requester Product Number | E5: =OFFSET(L!$C$1,MATCH("Product List"&ADDRESS(ROW(),COLUMN(),4),L!$A:$A,0)-1,SL,,) -> Requester Product Name | F5: =OFFSET(L!$C$1,MATCH("Product List"&ADDRESS(ROW(),COLUMN(),4),L!$A:$A,0)-1,SL,,) -> Comments
B1001: =OFFSET(L!$C$1,MATCH("General"&"Cpy",L!$A:$A,0)-1,SL,,) -> © 2026 Responsible Minerals Initiative. All rights reserved.

Sheet Smelter Look-up
A1: =OFFSET(L!$C$1,MATCH("Smelter Look-up"&ADDRESS(ROW(),COLUMN(),4),L!$A:$A,0)-1,SL,,) -> The following list represents the RMI's latest smelter name/alias information as of this templates release. This list is updated frequently, and the most up-to-date version can be found on the RMI website http://www.responsiblemineralsinitiative.org/responsible-minerals-assurance-process/exports/cmt-export/. The presence of a smelter here is NOT a guarantee that it is currently Active or Conformant within an independent third party audit program. Please refer to the RMI web site www.responsiblemineralsinitiative.org for the most current and accurate list of standard smelter names that are Active or Conformant. Names included in column B represent company names that are commonly recognized and reported by the supply chain for a particular smelter. These names may include former company names, alternate names, abbreviations, or other variations. Although the names may not be the Standard Smelter Name, the reference names are helpful to identify the smelter, which is listed under column C in the Smelter Look-up. Column C is the list of the official standard smelter names, in the ASCII character set. The majority of smelters will have the same entry for both columns, however if the common name varies from the standard name, the variation is noted in Column B.
A4: =OFFSET(L!$C$1,MATCH("Smelter Look-up"&ADDRESS(ROW(),COLUMN(),4),L!$A:$A,0)-1,SL,,) -> Metal | B4: =OFFSET(L!$C$1,MATCH("Smelter Look-up"&ADDRESS(ROW(),COLUMN(),4),L!$A:$A,0)-1,SL,,) -> Smelter Look-up (*) | C4: =OFFSET(L!$C$1,MATCH("Smelter Look-up"&ADDRESS(ROW(),COLUMN(),4),L!$A:$A,0)-1,SL,,) -> Standard Smelter Names | D4: =OFFSET(L!$C$1,MATCH("Smelter Look-up"&ADDRESS(ROW(),COLUMN(),4),L!$A:$A,0)-1,SL,,) -> Smelter Facility Location: Country | E4: =OFFSET(L!$C$1,MATCH("Smelter Look-up"&ADDRESS(ROW(),COLUMN(),4),L!$A:$A,0)-1,SL,,) -> Smelter ID | F4: =OFFSET(L!$C$1,MATCH("Smelter Look-up"&ADDRESS(ROW(),COLUMN(),4),L!$A:$A,0)-1,SL,,) -> Source of Smelter Identification Number | G4: =OFFSET(L!$C$1,MATCH("Smelter Look-up"&ADDRESS(ROW(),COLUMN(),4),L!$A:$A,0)-1,SL,,) -> Smelter Street | H4: =OFFSET(L!$C$1,MATCH("Smelter Look-up"&ADDRESS(ROW(),COLUMN(),4),L!$A:$A,0)-1,SL,,) -> Smelter City | I4: =OFFSET(L!$C$1,MATCH("Smelter Look-up"&ADDRESS(ROW(),COLUMN(),4),L!$A:$A,0)-1,SL,,) -> Smelter Facility Location: State / Province | J4: METAL+Alias | K4: METAL+Alias
A5: Cobalt | B5: Advanced Materials Production Plant (Qingyuan Industrial Park) | C5: Advanced Materials Production Plant (Qingyuan Industrial Park) | D5: CHINA | E5: CID003875 | F5: RMI | H5: Qingyuan City | I5: Guangdong Sheng | J5: =A5&B5 -> CobaltAdvanced Materials Production Plant (Qingyuan Industrial Park) | K5: =A5&B5 -> CobaltAdvanced Materials Production Plant (Qingyuan Industrial Park)
A6: Cobalt | B6: Anhui Hanrui New Material Co., Ltd. | C6: Anhui Hanrui New Material Co., Ltd. | D6: CHINA | E6: CID003927 | F6: RMI | H6: Chuzhou | I6: Anhui Sheng | J6: =A6&B6 -> CobaltAnhui Hanrui New Material Co., Ltd. | K6: =A6&B6 -> CobaltAnhui Hanrui New Material Co., Ltd.
A7: Cobalt | B7: Attero Recycling Pvt Ltd | C7: Attero Recycling Pvt Ltd | D7: INDIA | E7: CID004695 | F7: RMI | H7: Roorkee | I7: Uttarākhand | J7: =A7&B7 -> CobaltAttero Recycling Pvt Ltd | K7: =A7&B7 -> CobaltAttero Recycling Pvt Ltd
A8: Cobalt | B8: BHP Nickel West Pty Ltd | C8: BHP Nickel West Pty Ltd | D8: AUSTRALIA | E8: CID005658 | F8: RMI | H8: East Rockingham | I8: Western Australia | J8: =A8&B8 -> CobaltBHP Nickel West Pty Ltd | K8: =A8&B8 -> CobaltBHP Nickel West Pty Ltd
A9: Cobalt | B9: Canadian Electrolytic Zinc Limited | C9: Canadian Electrolytic Zinc Limited | D9: CANADA | E9: CID005641 | F9: RMI | H9: Salaberry-de-Valleyfield | I9: Québec | J9: =A9&B9 -> CobaltCanadian Electrolytic Zinc Limited | K9: =A9&B9 -> CobaltCanadian Electrolytic Zinc Limited
A10: Cobalt | B10: Chemaf Etoile | C10: Chemaf Etoile | D10: CONGO, DEMOCRATIC REPUBLIC OF THE | E10: CID003264 | F10: RMI | H10: Lubumbashi | I10: Haut-Katanga | J10: =A10&B10 -> CobaltChemaf Etoile | K10: =A10&B10 -> CobaltChemaf Etoile
A11: Cobalt | B11: Chizhou CN New Materials and Technology Co., Ltd. | C11: Chizhou CN New Materials and Technology Co., Ltd. | D11: CHINA | E11: CID003481 | F11: RMI | H11: Chizhou | I11: Anhui Sheng | J11: =A11&B11 -> CobaltChizhou CN New Materials and Technology Co., Ltd. | K11: =A11&B11 -> CobaltChizhou CN New Materials and Technology Co., Ltd.
A12: Cobalt | B12: Chizhou Xi’en New Material Technology Co., Ltd. | C12: Chizhou CN New Materials and Technology Co., Ltd. | D12: CHINA | E12: CID003481 | F12: RMI | H12: Chizhou | I12: Anhui Sheng | J12: =A12&B12 -> CobaltChizhou Xi’en New Material Technology Co., Ltd. | K12: =A12&B12 -> CobaltChizhou Xi’en New Material Technology Co., Ltd.
A13: Cobalt | B13: CMOC Kisanfu Mining SARL | C13: CMOC Kisanfu Mining SARL | D13: CONGO, DEMOCRATIC REPUBLIC OF THE | E13: CID004811 | F13: RMI | H13: Chefferie de Bayeke, Territoire de Lubudi | I13: Lualaba | J13: =A13&B13 -> CobaltCMOC Kisanfu Mining SARL | K13: =A13&B13 -> CobaltCMOC Kisanfu Mining SARL
A14: Cobalt | B14: COMMUS | C14: Compagnie Miniere de Musonoie Global SAS | D14: CONGO, DEMOCRATIC REPUBLIC OF THE | E14: CID003499 | F14: RMI | H14: Kolwezi | I14: Lualaba | J14: =A14&B14 -> CobaltCOMMUS | K14: =A14&B14 -> CobaltCOMMUS
A15: Cobalt | B15: Compagnie de Tifnout Tiranimine | C15: Complexe hydrométallurgique de Guemassa | D15: MOROCCO | E15: CID003280 | F15: RMI | H15: Marrakech | I15: Marrakech-Safi | J15: =A15&B15 -> CobaltCompagnie de Tifnout Tiranimine | K15: =A15&B15 -> CobaltCompagnie de Tifnout Tiranimine
A16: Cobalt | B16: Compagnie Miniere de Musonoie Global SAS | C16: Compagnie Miniere de Musonoie Global SAS | D16: CONGO, DEMOCRATIC REPUBLIC OF THE | E16: CID003499 | F16: RMI | H16: Kolwezi | I16: Lualaba | J16: =A16&B16 -> CobaltCompagnie Miniere de Musonoie Global SAS | K16: =A16&B16 -> CobaltCompagnie Miniere de Musonoie Global SAS
... A180: Cobalt | B180: ZIMPLATS | C180: Zimbabwe Platinum Mines Private Limited | D180: ZIMBABWE | E180: CID005330 | F180: RMI | H180: Selous | I180: Mashonaland West | J180: =A180&B180 -> CobaltZIMPLATS | K180: =A180&B180 -> CobaltZIMPLATS
A181: Cobalt | B181: Smelter not listed | J181: =A181&B181 -> CobaltSmelter not listed | K181: =A181&B181 -> CobaltSmelter not listed
A182: Cobalt | B182: Smelter not yet identified | C182: Unknown | D182: Unknown | J182: =A182&B182 -> CobaltSmelter not yet identified | K182: =A182&B182 -> CobaltSmelter not yet identified
A183: Copper | B183: Anglo American (Chagres) | C183: Anglo American (Chagres) | D183: CHILE | E183: CID004470 | F183: RMI | H183: Valparaiso | I183: Valparaíso | J183: =A183&B183 -> CopperAnglo American (Chagres) | K183: =A183&B183 -> CopperAnglo American (Chagres)
A184: Copper | B184: Anglo American (Los Bronces) | C184: Anglo American (Los Bronces) | D184: CHILE | E184: CID004120 | F184: RMI | H184: Santiago | I184: Región Metropolitana de Santiago | J184: =A184&B184 -> CopperAnglo American (Los Bronces) | K184: =A184&B184 -> CopperAnglo American (Los Bronces)
A185: Copper | B185: Atlantic Copper S.A. | C185: Atlantic Copper, S.L.U. | D185: SPAIN | E185: CID004327 | F185: RMI | H185: Huelva | I185: Huelva | J185: =A185&B185 -> CopperAtlantic Copper S.A. | K185: =A185&B185 -> CopperAtlantic Copper S.A.
A186: Copper | B186: Atlantic Copper, S.L.U. | C186: Atlantic Copper, S.L.U. | D186: SPAIN | E186: CID004327 | F186: RMI | H186: Huelva | I186: Huelva | J186: =A186&B186 -> CopperAtlantic Copper, S.L.U. | K186: =A186&B186 -> CopperAtlantic Copper, S.L.U.
A187: Copper | B187: Aurubis AG, Hamburg | C187: Aurubis AG, Hamburg | D187: GERMANY | E187: CID004220 | F187: RMI | H187: Hamburg | I187: Hamburg | J187: =A187&B187 -> CopperAurubis AG, Hamburg | K187: =A187&B187 -> CopperAurubis AG, Hamburg
A188: Copper | B188: Aurubis AG, Luenen | C188: Aurubis AG, Luenen | D188: GERMANY | E188: CID004468 | F188: RMI | H188: Luenen | I188: Nordrhein-Westfalen | J188: =A188&B188 -> CopperAurubis AG, Luenen | K188: =A188&B188 -> CopperAurubis AG, Luenen
A189: Copper | B189: Aurubis Beerse | C189: Aurubis Beerse | D189: BELGIUM | E189: CID004078 | F189: RMI | H189: Beerse | I189: Antwerpen | J189: =A189&B189 -> CopperAurubis Beerse | K189: =A189&B189 -> CopperAurubis Beerse
A190: Copper | B190: Aurubis Beerse N.V. | C190: Aurubis Beerse | D190: BELGIUM | E190: CID004078 | F190: RMI | H190: Beerse | I190: Antwerpen | J190: =A190&B190 -> CopperAurubis Beerse N.V. | K190: =A190&B190 -> CopperAurubis Beerse N.V.
A191: Copper | B191: Aurubis Bulgaria | C191: Aurubis Pirdop Bulgaria AD | D191: BULGARIA | E191: CID004085 | F191: RMI | H191: Pirdop | I191: Sofia | J191: =A191&B191 -> CopperAurubis Bulgaria | K191: =A191&B191 -> CopperAurubis Bulgaria
A192: Copper | B192: Aurubis Hamburg | C192: Aurubis AG, Hamburg | D192: GERMANY | E192: CID004220 | F192: RMI | H192: Hamburg | I192: Hamburg | J192: =A192&B192 -> CopperAurubis Hamburg | K192: =A192&B192 -> CopperAurubis Hamburg
A193: Copper | B193: Aurubis Hamburg AG | C193: Aurubis AG, Hamburg | D193: GERMANY | E193: CID004220 | F193: RMI | H193: Hamburg | I193: Hamburg | J193: =A193&B193 -> CopperAurubis Hamburg AG | K193: =A193&B193 -> CopperAurubis Hamburg AG
A194: Copper | B194: Aurubis Huettenwerke Kayser | C194: Aurubis AG, Luenen | D194: GERMANY | E194: CID004468 | F194: RMI | H194: Luenen | I194: Nordrhein-Westfalen | J194: =A194&B194 -> CopperAurubis Huettenwerke Kayser | K194: =A194&B194 -> CopperAurubis Huettenwerke Kayser
... A375: Copper | B375: ZIMPLATS | C375: Zimbabwe Platinum Mines Private Limited | D375: ZIMBABWE | E375: CID005329 | F375: RMI | H375: Selous | I375: Mashonaland West | J375: =A375&B375 -> CopperZIMPLATS | K375: =A375&B375 -> CopperZIMPLATS
A376: Copper | B376: Smelter not listed | J376: =A376&B376 -> CopperSmelter not listed | K376: =A376&B376 -> CopperSmelter not listed
A377: Copper | B377: Smelter not yet identified | C377: Unknown | D377: Unknown | J377: =A377&B377 -> CopperSmelter not yet identified | K377: =A377&B377 -> CopperSmelter not yet identified
A378: Graphite | B378: BTR New Energy Materials indonesia | C378: PT INDONESIA BTR NEWENERGY MATERIAL (IMIP) | D378: INDONESIA | E378: CID005039 | F378: RMI | H378: Morowali | I378: Sulawesi | J378: =A378&B378 -> GraphiteBTR New Energy Materials indonesia | K378: =A378&B378 -> GraphiteBTR New Energy Materials indonesia
A379: Graphite | B379: BTR New Energy Materials Shenzhen | C379: Huizhou BTR NEW MATERIAL GROUP CO., LTD. | D379: CHINA | E379: CID005040 | F379: RMI | H379: Huizhou | I379: Guangdong Sheng | J379: =A379&B379 -> GraphiteBTR New Energy Materials Shenzhen | K379: =A379&B379 -> GraphiteBTR New Energy Materials Shenzhen
A380: Graphite | B380: BTR NEW MATERIAL GROUP CO., LTD. | C380: Huizhou BTR NEW MATERIAL GROUP CO., LTD. | D380: CHINA | E380: CID005040 | F380: RMI | H380: Huizhou | I380: Guangdong Sheng | J380: =A380&B380 -> GraphiteBTR NEW MATERIAL GROUP CO., LTD. | K380: =A380&B380 -> GraphiteBTR NEW MATERIAL GROUP CO., LTD.
A381: Graphite | B381: Huizhou BTR NEW MATERIAL GROUP CO., LTD. | C381: Huizhou BTR NEW MATERIAL GROUP CO., LTD. | D381: CHINA | E381: CID005040 | F381: RMI | H381: Huizhou | I381: Guangdong Sheng | J381: =A381&B381 -> GraphiteHuizhou BTR NEW MATERIAL GROUP CO., LTD. | K381: =A381&B381 -> GraphiteHuizhou BTR NEW MATERIAL GROUP CO., LTD.
A382: Graphite | B382: Hunan Zhongke Shinzoom Co.,Ltd | C382: Hunan Zhongke Shinzoom Co.,Ltd | D382: CHINA | E382: CID005042 | F382: RMI | H382: Changsha | I382: Hunan Sheng | J382: =A382&B382 -> GraphiteHunan Zhongke Shinzoom Co.,Ltd | K382: =A382&B382 -> GraphiteHunan Zhongke Shinzoom Co.,Ltd
A383: Graphite | B383: Hunan Zhongke Shinzoom Technology Co., Ltd. | C383: Hunan Zhongke Shinzoom Co.,Ltd | D383: CHINA | E383: CID005042 | F383: RMI | H383: Changsha | I383: Hunan Sheng | J383: =A383&B383 -> GraphiteHunan Zhongke Shinzoom Technology Co., Ltd. | K383: =A383&B383 -> GraphiteHunan Zhongke Shinzoom Technology Co., Ltd.
A384: Graphite | B384: PT INDONESIA BTR NEWENERGY MATERIAL (IMIP) | C384: PT INDONESIA BTR NEWENERGY MATERIAL (IMIP) | D384: INDONESIA | E384: CID005039 | F384: RMI | H384: Morowali | I384: Sulawesi | J384: =A384&B384 -> GraphitePT INDONESIA BTR NEWENERGY MATERIAL (IMIP) | K384: =A384&B384 -> GraphitePT INDONESIA BTR NEWENERGY MATERIAL (IMIP)
A385: Graphite | B385: PT INDONESIA BTR NEWENERGY MATERIAL(KIP) | C385: PT INDONESIA BTR NEWENERGY MATERIAL(KIP) | D385: INDONESIA | E385: CID005469 | F385: RMI | H385: Kendal | I385: Jawa Tengah | J385: =A385&B385 -> GraphitePT INDONESIA BTR NEWENERGY MATERIAL(KIP) | K385: =A385&B385 -> GraphitePT INDONESIA BTR NEWENERGY MATERIAL(KIP)
A386: Graphite | B386: Smelter not listed | J386: =A386&B386 -> GraphiteSmelter not listed | K386: =A386&B386 -> GraphiteSmelter not listed
A387: Graphite | B387: Smelter not yet identified | C387: Unknown | D387: Unknown | J387: =A387&B387 -> GraphiteSmelter not yet identified | K387: =A387&B387 -> GraphiteSmelter not yet identified
A388: Lithium | B388: Abazhou Gaoyuan Lithium Battery Material Co., Ltd. | C388: Abazhou Gaoyuan Lithium Electric Material Co., Ltd. | D388: CHINA | E388: CID003709 | F388: RMI | H388: Wenchuan County | I388: Sichuan Sheng | J388: =A388&B388 -> LithiumAbazhou Gaoyuan Lithium Battery Material Co., Ltd. | K388: =A388&B388 -> LithiumAbazhou Gaoyuan Lithium Battery Material Co., Ltd.
A389: Lithium | B389: Abazhou Gaoyuan Lithium Electric Material Co., Ltd. | C389: Abazhou Gaoyuan Lithium Electric Material Co., Ltd. | D389: CHINA | E389: CID003709 | F389: RMI | H389: Wenchuan County | I389: Sichuan Sheng | J389: =A389&B389 -> LithiumAbazhou Gaoyuan Lithium Electric Material Co., Ltd. | K389: =A389&B389 -> LithiumAbazhou Gaoyuan Lithium Electric Material Co., Ltd.
A390: Lithium | B390: Albemarle - Langelsheim Site | C390: Albemarle - Langelsheim Site | D390: GERMANY | E390: CID005008 | F390: RMI | H390: Langelsheim | I390: Niedersachsen | J390: =A390&B390 -> LithiumAlbemarle - Langelsheim Site | K390: =A390&B390 -> LithiumAlbemarle - Langelsheim Site
A391: Lithium | B391: Albemarle - Silver Peak Site | C391: Albemarle - Silver Peak Site | D391: UNITED STATES OF AMERICA | E391: CID005009 | F391: RMI | H391: Silver Peak | I391: Nevada | J391: =A391&B391 -> LithiumAlbemarle - Silver Peak Site | K391: =A391&B391 -> LithiumAlbemarle - Silver Peak Site
A392: Lithium | B392: Albemarle (La Negra) | C392: La Negra Lithium Carbonate Plant | D392: CHILE | E392: CID004544 | F392: RMI | H392: Antofagasta | I392: Antofagasta | J392: =A392&B392 -> LithiumAlbemarle (La Negra) | K392: =A392&B392 -> LithiumAlbemarle (La Negra)
A393: Lithium | B393: Albemarle Sichuan New Material Co. Ltd. (Meishan) | C393: Albemarle Sichuan New Material Co. Ltd. (Meishan) | D393: CHINA | E393: CID005007 | F393: RMI | H393: Meishan | I393: Sichuan Sheng | J393: =A393&B393 -> LithiumAlbemarle Sichuan New Material Co. Ltd. (Meishan) | K393: =A393&B393 -> LithiumAlbemarle Sichuan New Material Co. Ltd. (Meishan)
A394: Lithium | B394: Arcadium Lithium (Bessemer City) | C394: Arcadium Lithium (Bessemer City) | D394: UNITED STATES OF AMERICA | E394: CID004749 | F394: RMI | H394: Bessemer City | I394: North Carolina | J394: =A394&B394 -> LithiumArcadium Lithium (Bessemer City) | K394: =A394&B394 -> LithiumArcadium Lithium (Bessemer City)
A395: Lithium | B395: Arcadium Lithium (Fenix) | C395: Arcadium Lithium (Fenix) | D395: ARGENTINA | E395: CID004747 | F395: RMI | H395: Antofagasta de la Sierra | I395: Catamarca | J395: =A395&B395 -> LithiumArcadium Lithium (Fenix) | K395: =A395&B395 -> LithiumArcadium Lithium (Fenix)
A396: Lithium | B396: Attero Recycling Pvt Ltd | C396: Attero Recycling Pvt Ltd | D396: INDIA | E396: CID004696 | F396: RMI | H396: Roorkee | I396: Uttarākhand | J396: =A396&B396 -> LithiumAttero Recycling Pvt Ltd | K396: =A396&B396 -> LithiumAttero Recycling Pvt Ltd
A397: Lithium | B397: Cauchari-Olaroz (Exar) | C397: Minera Exar S.A. | D397: ARGENTINA | E397: CID005184 | F397: RMI | H397: Susques | I397: Jujuy | J397: =A397&B397 -> LithiumCauchari-Olaroz (Exar) | K397: =A397&B397 -> LithiumCauchari-Olaroz (Exar)
A398: Lithium | B398: Chengdu Youngy Lithium Technology Co., Ltd | C398: Chengdu Youngy Lithium Technology Co., Ltd | D398: CHINA | E398: CID004722 | F398: RMI | H398: Chengdu | I398: Sichuan Sheng | J398: =A398&B398 -> LithiumChengdu Youngy Lithium Technology Co., Ltd | K398: =A398&B398 -> LithiumChengdu Youngy Lithium Technology Co., Ltd
A399: Lithium | B399: ChiZhou CN New Materials and Technology Co., Ltd. | C399: ChiZhou CN New Materials and Technology Co., Ltd. | D399: CHINA | E399: CID004015 | F399: RMI | H399: Chizhou City | I399: Anhui Sheng | J399: =A399&B399 -> LithiumChiZhou CN New Materials and Technology Co., Ltd. | K399: =A399&B399 -> LithiumChiZhou CN New Materials and Technology Co., Ltd.
... A463: Lithium | B463: Zhejiang New Era Zhongneng Technology Co., Ltd. | C463: Zhejiang New Era Zhongneng Technology Co., Ltd. | D463: CHINA | E463: CID004066 | F463: RMI | H463: Shaoxing | I463: Zhejiang Sheng | J463: =A463&B463 -> LithiumZhejiang New Era Zhongneng Technology Co., Ltd. | K463: =A463&B463 -> LithiumZhejiang New Era Zhongneng Technology Co., Ltd.
A464: Lithium | B464: Smelter not listed | J464: =A464&B464 -> LithiumSmelter not listed | K464: =A464&B464 -> LithiumSmelter not listed
A465: Lithium | B465: Smelter not yet identified | C465: Unknown | D465: Unknown | J465: =A465&B465 -> LithiumSmelter not yet identified | K465: =A465&B465 -> LithiumSmelter not yet identified
A466: Mica | B466: Arctic Minerals, LLC | C466: Arctic Minerals, LLC | D466: UNITED STATES OF AMERICA | E466: CID003592 | F466: RMI | H466: Jeffersonville | I466: Indiana | J466: =A466&B466 -> MicaArctic Minerals, LLC | K466: =A466&B466 -> MicaArctic Minerals, LLC
A467: Mica | B467: Baotou Fuguang Trading Co., Ltd. Guyang Branch | C467: Baotou Fuguang Trading Co., Ltd. Guyang Branch | D467: CHINA | E467: CID004799 | F467: RMI | H467: Baotou City | I467: Nei Mongol Zizhiqu | J467: =A467&B467 -> MicaBaotou Fuguang Trading Co., Ltd. Guyang Branch | K467: =A467&B467 -> MicaBaotou Fuguang Trading Co., Ltd. Guyang Branch
A468: Mica | B468: Caolines de Vimianzo, SAU ( aka CAVISA) | C468: Caolines de Vimianzo, SAU ( aka CAVISA) | D468: SPAIN | E468: CID004805 | F468: RMI | H468: Castrelo | I468: A Coruña [La Coruña] | J468: =A468&B468 -> MicaCaolines de Vimianzo, SAU ( aka CAVISA) | K468: =A468&B468 -> MicaCaolines de Vimianzo, SAU ( aka CAVISA)
A469: Mica | B469: DARUKA INTERNATIONAL | C469: DARUKA INTERNATIONAL | D469: INDIA | E469: CID003621 | F469: RMI | H469: Pune | I469: Mahārāshtra | J469: =A469&B469 -> MicaDARUKA INTERNATIONAL | K469: =A469&B469 -> MicaDARUKA INTERNATIONAL
A470: Mica | B470: DARUKA MINCHEM PVT.LTD | C470: DARUKA MINCHEM PVT.LTD | D470: INDIA | E470: CID004001 | F470: RMI | H470: Bhilwara | I470: Rājasthān | J470: =A470&B470 -> MicaDARUKA MINCHEM PVT.LTD | K470: =A470&B470 -> MicaDARUKA MINCHEM PVT.LTD
A471: Mica | B471: DARUKA MINERALS | C471: DARUKA MINERALS | D471: INDIA | E471: CID003626 | F471: RMI | H471: Koderma | I471: Jhārkhand | J471: =A471&B471 -> MicaDARUKA MINERALS | K471: =A471&B471 -> MicaDARUKA MINERALS
A472: Mica | B472: G. K. INTERNATIONAL | C472: G. K. INTERNATIONAL | D472: INDIA | E472: CID003623 | F472: RMI | H472: Kolkata | I472: West Bengal | J472: =A472&B472 -> MicaG. K. INTERNATIONAL | K472: =A472&B472 -> MicaG. K. INTERNATIONAL
A473: Mica | B473: HEBEI LINGSHOU COUNTY ZHONGKE MINERAL POWDER CO., LTD. | C473: HEBEI LINGSHOU COUNTY ZHONGKE MINERAL POWDER CO., LTD. | D473: CHINA | E473: CID003979 | F473: RMI | H473: Shijiazhuang | I473: Hebei Sheng | J473: =A473&B473 -> MicaHEBEI LINGSHOU COUNTY ZHONGKE MINERAL POWDER CO., LTD. | K473: =A473&B473 -> MicaHEBEI LINGSHOU COUNTY ZHONGKE MINERAL POWDER CO., LTD.
A474: Mica | B474: Hunan Rongtai New Material Co., Ltd. | C474: Hunan Rongtai New Material Co., Ltd. | D474: CHINA | E474: CID003980 | F474: RMI | H474: Yueyang | I474: Hunan Sheng | J474: =A474&B474 -> MicaHunan Rongtai New Material Co., Ltd. | K474: =A474&B474 -> MicaHunan Rongtai New Material Co., Ltd.
A475: Mica | B475: Imerys Canada, Inc. | C475: Imerys Canada, Inc. | D475: CANADA | E475: CID003589 | F475: RMI | H475: Montreal | I475: Québec | J475: =A475&B475 -> MicaImerys Canada, Inc. | K475: =A475&B475 -> MicaImerys Canada, Inc.
A476: Mica | B476: Imerys Mica Kings Mountain, Inc. | C476: Imerys Mica Kings Mountain, Inc. | D476: UNITED STATES OF AMERICA | E476: CID003591 | F476: RMI | H476: Kings Mountain | I476: North Carolina | J476: =A476&B476 -> MicaImerys Mica Kings Mountain, Inc. | K476: =A476&B476 -> MicaImerys Mica Kings Mountain, Inc.
A477: Mica | B477: JSC “Sludyanaya Fabrika” | C477: JSC “Sludyanaya Fabrika” | D477: RUSSIAN FEDERATION | E477: CID003664 | F477: RMI | H477: Saint-Petersburg | I477: Sankt-Peterburg | J477: =A477&B477 -> MicaJSC “Sludyanaya Fabrika” | K477: =A477&B477 -> MicaJSC “Sludyanaya Fabrika”
... A499: Mica | B499: Yamaguchi Mica Co., Ltd. Toyohashi Factory | C499: Yamaguchi Mica Co., Ltd. Toyohashi Factory | D499: JAPAN | E499: CID003970 | F499: RMI | H499: Toyohashi | I499: Aichi | J499: =A499&B499 -> MicaYamaguchi Mica Co., Ltd. Toyohashi Factory | K499: =A499&B499 -> MicaYamaguchi Mica Co., Ltd. Toyohashi Factory
A500: Mica | B500: Smelter not listed | J500: =A500&B500 -> MicaSmelter not listed | K500: =A500&B500 -> MicaSmelter not listed
A501: Mica | B501: Smelter not yet identified | C501: Unknown | D501: Unknown | J501: =A501&B501 -> MicaSmelter not yet identified | K501: =A501&B501 -> MicaSmelter not yet identified
A502: Nickel | B502: Atlantic Copper S.A. | C502: Atlantic Copper, S.L.U. | D502: SPAIN | E502: CID005486 | F502: RMI | H502: Huelva | I502: Huelva | J502: =A502&B502 -> NickelAtlantic Copper S.A. | K502: =A502&B502 -> NickelAtlantic Copper S.A.
A503: Nickel | B503: Atlantic Copper, S.L.U. | C503: Atlantic Copper, S.L.U. | D503: SPAIN | E503: CID005486 | F503: RMI | H503: Huelva | I503: Huelva | J503: =A503&B503 -> NickelAtlantic Copper, S.L.U. | K503: =A503&B503 -> NickelAtlantic Copper, S.L.U.
A504: Nickel | B504: Attero Recycling Pvt Ltd | C504: Attero Recycling Pvt Ltd | D504: INDIA | E504: CID004698 | F504: RMI | H504: Roorkee | I504: Uttarākhand | J504: =A504&B504 -> NickelAttero Recycling Pvt Ltd | K504: =A504&B504 -> NickelAttero Recycling Pvt Ltd
A505: Nickel | B505: Aurubis AG, Hamburg | C505: Aurubis AG, Hamburg | D505: GERMANY | E505: CID005475 | F505: RMI | H505: Hamburg | I505: Hamburg | J505: =A505&B505 -> NickelAurubis AG, Hamburg | K505: =A505&B505 -> NickelAurubis AG, Hamburg
A506: Nickel | B506: Aurubis AG, Luenen | C506: Aurubis AG, Luenen | D506: GERMANY | E506: CID005535 | F506: RMI | H506: Luenen | I506: Nordrhein-Westfalen | J506: =A506&B506 -> NickelAurubis AG, Luenen | K506: =A506&B506 -> NickelAurubis AG, Luenen
A507: Nickel | B507: Aurubis Beerse | C507: Aurubis Beerse | D507: BELGIUM | E507: CID005570 | F507: RMI | H507: Beerse | I507: Antwerpen | J507: =A507&B507 -> NickelAurubis Beerse | K507: =A507&B507 -> NickelAurubis Beerse
A508: Nickel | B508: Aurubis Beerse N.V. | C508: Aurubis Beerse | D508: BELGIUM | E508: CID005570 | F508: RMI | H508: Beerse | I508: Antwerpen | J508: =A508&B508 -> NickelAurubis Beerse N.V. | K508: =A508&B508 -> NickelAurubis Beerse N.V.
A509: Nickel | B509: Aurubis Hamburg | C509: Aurubis AG, Hamburg | D509: GERMANY | E509: CID005475 | F509: RMI | H509: Hamburg | I509: Hamburg | J509: =A509&B509 -> NickelAurubis Hamburg | K509: =A509&B509 -> NickelAurubis Hamburg
A510: Nickel | B510: Aurubis Hamburg AG | C510: Aurubis AG, Hamburg | D510: GERMANY | E510: CID005475 | F510: RMI | H510: Hamburg | I510: Hamburg | J510: =A510&B510 -> NickelAurubis Hamburg AG | K510: =A510&B510 -> NickelAurubis Hamburg AG
A511: Nickel | B511: BHP Nickel West Pty Ltd | C511: BHP Nickel West Pty Ltd | D511: AUSTRALIA | E511: CID004447 | F511: RMI | H511: East Rockingham | I511: Western Australia | J511: =A511&B511 -> NickelBHP Nickel West Pty Ltd | K511: =A511&B511 -> NickelBHP Nickel West Pty Ltd
A512: Nickel | B512: Boliden Harjavalta Oy | C512: Boliden Harjavalta Oy | D512: FINLAND | E512: CID004500 | F512: RMI | H512: Harjavalta | I512: Satakunta | J512: =A512&B512 -> NickelBoliden Harjavalta Oy | K512: =A512&B512 -> NickelBoliden Harjavalta Oy
A513: Nickel | B513: Boliden Kokkola Oy | C513: Boliden Kokkola Oy | D513: FINLAND | E513: CID005594 | F513: RMI | H513: Kokkola | I513: Keski-Pohjanmaa | J513: =A513&B513 -> NickelBoliden Kokkola Oy | K513: =A513&B513 -> NickelBoliden Kokkola Oy
... A593: Nickel | B593: ZIMPLATS | C593: Zimbabwe Platinum Mines Private Limited | D593: ZIMBABWE | E593: CID005328 | F593: RMI | H593: Selous | I593: Mashonaland West | J593: =A593&B593 -> NickelZIMPLATS | K593: =A593&B593 -> NickelZIMPLATS
A594: Nickel | B594: Smelter not listed | J594: =A594&B594 -> NickelSmelter not listed | K594: =A594&B594 -> NickelSmelter not listed
A595: Nickel | B595: Smelter not yet identified | C595: Unknown | D595: Unknown | J595: =A595&B595 -> NickelSmelter not yet identified | K595: =A595&B595 -> NickelSmelter not yet identified

Sheet L
B1: Sheets | C1: Cells | D1: English | E1: 中文 Chinese | F1: 日本語 Japanese | G1: 한국어 Korean | H1: Français | I1: Deutsch
A2: =B2&C2 -> InstructionsA1 | B2: Instructions | C2: A1 | D2: RMI:www.responsiblemineralsinitiative.org/ | E2: RMI 网站：(http://www.responsiblemineralsinitiative.org/) | F2: RMIウェブサイト：www.responsiblemineralsinitiative.org/ | G2: RMI:www.responsiblemineralsinitiative.org/ | H2: RMI:www.responsiblemineralsinitiative.org/ | I2: RMI:www.responsiblemineralsinitiative.org/
A3: =B3&C3 -> InstructionsA2 | B3: Instructions | C3: A2 | D3: Introduction | E3: 介绍 | F3: 始めに | G3: 소개 | H3: Introduction | I3: Einführung
A4: =B4&C4 -> InstructionsA3 | B4: Instructions | C4: A3 | D4: This Extended Mineral Reporting Template (EMRT) is a free, standardized reporting template created by the Responsible Minerals Initiative® (RMI®). The Template facilitates the transfer of information through the supply chain regarding mineral country of origin and smelters, refiners and processors being utilized and supports the exercise of due diligence in accordance with the OECD Due Diligence Guidance for Responsible Supply Chains of Minerals from Conflict-Affected and High-Risk Areas. The template also facilitates the identification of new smelters and refiners to potentially undergo an audit via the Responsible Minerals Assurance Process. The EMRT was designed for downstream companies to disclose information about their supply chains up to but not including the smelter. If you are a smelter or refiner, we recommend you enter your own name in the smelter list tab. When filling out the form, none of the cell entries should start with "=" or "#." | E4: 此扩展矿物报告模板 (EMRT) 是 Responsible Minerals Initiative®（负责任矿物计划® (RMI®)）创建的免费标准化报告‏‎模板。该模板促进了通过关于矿产原产国、所使用冶炼厂、精炼厂和加工厂的供应链的信息传输，并且支持了按照《经济合作与发展组织关于来自受冲突影响和高风险地区矿石的负责任供应链尽职调查指南》(OECD Due Diligence Guidance for Responsible Supply Chains of Minerals from Conflict-Af‎‎‎fected and High-Risk Areas) 执行尽职调查。该模板还促进辨识新的冶炼厂和精炼厂以通过负责任矿物审验流程对这些厂家进行潜在的审核。 EMRT 旨在供下游企业披露与其供应链 （截至但不包括冶炼厂）相关的信息。如果贵公司是冶炼厂或精炼厂，我们建议您在“冶炼厂目录”选项卡中输入贵公司名称。 填好的表格中不应有单元格条目以“=”或 “#”开头。 | F4: この拡張鉱物報告テンプレート（EMRT）は、Responsible Minerals Initiative®（RMI®）が作成した、無料の標準報告テンプレートです。このテンプレートは鉱物の原産国と、使用される製錬業者、精製業者、加工業者に関しサプライチェーンを通して情報を収集することを円滑にし、OECD紛争地域および高リスク地域からの鉱物の責任あるサプライチェーンのためのデュー・ディリジェンスガイダンスに沿ったデュー・ディリジェンスの実施を支援します。このテンプレートは、責任ある鉱物保証プロセス（Responsible Minerals Assurance Process）に則った監査を受ける可能性のある、新たな製錬・精製業者の特定も支援します。 EMRTは、川下企業が、川下企業から製錬業者までの（製錬業者を含まない）サプライチェーンに関する情報を開示するために考案されたものです。製錬業者または精製業者の場合は、「製錬業者リストタブ（Smelter List）」に貴社名を記入することをお勧めします。 フォームに記入する際、セルへの記入内容が「=」または「#」で始まることはできません。 | G4: 본 확대된 광물 보고 양식(EMRT) 은 Responsible Minerals Initiative®(RMI®)가 만든 표준화 된 무상 보고 양식입니다. 이 보고 양식은 공급망 간 광물의 원산지 국가, 관여된 제련소, 정련소, 가공업자들에 관한 정보 전달을 용이하게 하고, 분쟁및 고위험지역에서의 책임있는 광물조달에 대한 OECD 실사지침에 따른 실사 이행을 지원합니다. 이 보고서 양식은 책임있는 광물 보증 프로세스를 통한 감사 받을 가능성이 있는 새로운 제련소, 정련소에 대한 확인을 용이하게 합니다. EMRT 는 다운스트림 회사가 제련소를 포함하지 않는 선까지의 회사 공급망 정보를 공개하도록 설계되었습니다. 귀사가 제련소 또는 정련소인 경우에는 귀사이름을 제련소 목록 탭에 귀사 이름을 기입할 것을 권장합니다. 양식에 기입할때 어떠한 셀에도 "=' 또는 "#" 로 시작하는 내용이 없어야 합니다. | H4: Ce modèle de rapport sur les minerais élargi (Extended Mineral Reporting Template (EMRT) est un modèle derapport standard et gratuit créé par l’Initiative pour des minerais responsables (Responsible Minerals Initiative®, RMI®). Le modèle permet le transfert d’informations tout au long de la chaîne d’approvisionnement concernant le pays d’origine du minerai, les fonderies, les raffineries et les transformateurs utilisés. Il soutient l’exercice de la diligence raisonnable conformément aux Directives de l’OCDE en matière de diligence raisonnable pour les chaînes d’approvisionnement responsables des minéraux issus de zones de conflit et à haut risque. Le modèle permet également l’identification de nouvelles fonderies et raffineries pour les soumettre éventuellement à un audit via le Processus d’assurance des minéraux responsables. L’EMRT a été conçu pour que les entreprises en aval divulguent des informations sur leurs chaînes d’approvisionnement jusqu’à leur fonderie, mais excluant celle-ci. Si vous êtes un fondeur ou un raffineur, nous vous recommandons de saisir votre propre nom dans l’onglet Liste de fonderies. Lorsque vous remplissez le formulaire, aucune des cellules ne doit commencer par « = » ou « # ». | I4: Diese Erweiterte Vorlage für Mineralienberichte (EMRT) ist eine kostenlose, standardisierte Berichtsvorlage, die durch die Responsible Minerals Initiative (RMI) erstellt wurde. Die Vorlage erleichtert die Übertragung von Informationen über die Versorgungskette in Bezug auf das Mineral, Ursprungsland sowie Schmelzhütten, Raffinerien, und Prozessoren, die verwendet werden, und unterstützt die Einhaltung der Gesetzgebung*. Die Vorlage vereinfacht die Feststellung von neuen Schmelzhütten und Raffinerien, die über den Responsible Minerals Assurance Process** möglicherweise einer Prüfung unterzogen werden. Das EMRT wurde für nachgelagerte Unternehmen konzipiert, um Informationen über ihre Versorgungsketten bis hin zur (aber nicht einschließlich) Schmelzhütte offenzulegen. Wenn Sie eine Cobalt Raffinerie oder Glimmerprozessor in Übereinstimmung mit den RMAP-Protokollen sind, empfehlen wir Ihnen, Ihren eigenen Namen in den Schmelzhüttenliste-Tab einzutragen. Beim Ausfüllen des Formulars, sollte keine der Zeilen mit „=“ oder „#“ beginnen.
A5: =B5&C5 -> InstructionsA5 | B5: Instructions | C5: A5 | D5: Instructions for completing Company Information questions (rows 7 - 26). Provide comments in ENGLISH only | E5: 公司资料填写说明（第7-26行）。只限英文作答 | F5: 会社情報の記入（7～26行）に関する解説。 回答は英語(半角)で入力してください。 | G5: 회사 정보 질문(7~26행)의 답변 지침. 영어로만 의견을 작성하십시오 | H5: Instructions pour compléter les informations relatives à votre entreprise (lignes 7 - 26). Merci de répondre en anglais uniquement. | I5: Anleitung zum Ausfüllen von Informationen zu Unternehmen (Zeilen 7 - 26). Die Kommentare nur in englischer Sprache.
A6: =B6&C6 -> InstructionsA6 | B6: Instructions | C6: A6 | D6: Note: Entries with (*) are mandatory fields. | E6: 注：带星号（*）的栏目必须填写 | F6: 注：(*)のある欄は必須回答項目です。 | G6: 참고: (*) 표시가 있는 항목은 필수 기재란입니다. | H6: Remarque : Les astérisques (*) marquent des champs obligatoires. | I6: Hinweis: Eingaben mit (*) sind Pflichtfelder
A7: =B7&C7 -> InstructionsA7 | B7: Instructions | C7: A7 | D7: 1. Insert your company's Legal Name. Please do not use abbreviations. In this field you have the option to add other commercial names, DBAs, etc. This field is mandatory. | E7: 1. 插入贵公司的法定名称。请不要使用缩写。 在此字段中，您可以选择添加其他商业名称、营业名称等。此栏必须填写。 | F7: 1. 貴社の正式名称を記入してください。省略形は使わないでください。このフィールドでは、他の社名やDBAなどを追加することができます。このフィールドは記入必須です。 | G7: 1. 귀사의 법적인 공식 명칭을 기입하십시오. 축약된 명칭을 기입하면 안됩니다. 이 항목에는 다른 상업명, DBA 등을 추가할 수 있는 옵션이 있습니다. 이 기재란은 필수 사항입니다. | H7: 1. Entrez la dénomination sociale de votre société. Merci de ne pas utiliser d’abréviations. Dans ce champ, vous avez la possibilité d’ajouter d’autres noms commerciaux, le gestionnaire de votre base de données, etc. Ce champ est obligatoire. | I7: 1. Geben Sie hier den rechtmäßigen Firmennamen Ihres Unternehmens ein. Bitte verwenden Sie keine Abkürzungen. In diesem Feld haben Sie die Möglichkeit, weitere Geschäftsnamen, DBAs usw. hinzuzufügen.
A8: =B8&C8 -> InstructionsA8 | B8: Instructions | C8: A8 | D8: 2. Select your company's Declaration Scope. The options for scope are: A. Company-wide B. Product (or List of Products) C. User-Defined For "Company-wide", the declaration encompasses the entirety of a company's products or product substances produced by the parent company. Therefore if the user is reporting specified mineral data at the company level, they will be reporting data on all products they manufacture. For Scope selection of Product (or List of Products), a link to the worksheet tab for Product List will be displayed. If this scope is chosen, it is mandatory to list the Responder's Product Number of the products covered under the Scope of this Declaration in Column B of the Product List worksheet. It is optional to list the Responder's Product Name in Column C of the Product List worksheet. For Scope selection of "User Defined", it is mandatory that the user describes the scope to which the specified minerals disclosure is applicable. The scope of this class shall be defined in a text field by the supplier and should be easily understood by customers or the receivers of the document. As an example, companies may provide a link to clarifying information. This field is mandatory. | E8: 2. 选择贵公司的申报范围。范围的选项为： A. 全公司 B. 产品（或产品清单） C. 自定义 如果选择范围为“全公司”，申报包括该公司的全部产品或由其母公司生产的全部产品物质。如果用户从公司层面报告指定矿产数据，则需要报告关于其生产的所有产品的数据。 如果选择范围为“产品（或产品清单）”，将显示产品清单的工作表选项卡。如果选择了此范围，则必须在“产品清单”工作表的 B 列中列出此申报范围涵盖的 产品的回复方产品序号。可以选择是否在“产品清单”工作表的 C 列中列出回复方产品名称。 如果选择范围为“自定义”，用户必须描述指定矿产披露适用的范围。该分类的范围应当由供应商在文本字段中定义，并且易于被客户或文档的接收人理解。举个例子，公司可以提供阐明信息的链接。 此栏必须填写。 | F8: 2. 貴社の申告範囲を選択してください。申告範囲の選択肢は以下のとおりです: A. Company-wide（全社） B. Product (or List of Products)（製品（または製品リスト）） C. User-Defined（ユーザー定義） 「全社」の場合、申告には親会社が製造する製品又は製品素材全体が含まれます。したがって貴社が企業レベルでの対象となる鉱物データを報告している場合は、貴社が製造する全製品に関するデータを報告することになります。 申告範囲に「製品レベル」を選択すると、製品リストのワークシートへのリンクが表示されます。この申告範囲を選択した場合は、本申告範囲に当てはまる製品の回答者品目番号を製品リストシートのB列に記入してください。製品リストシートC列への回答者品目説明の記入は任意です。 申告範囲に「ユーザー定義」を選択した場合、対象となる鉱物の開示が適用される範囲を記入しなければなりません。このクラスの申告範囲は、顧客又はサプライヤーが容易に理解できるように、サプライヤーによってテキストフィールドに申告範囲を定義されなければなりません。一例として、企業は明確な情報へのリンクを提供することができます。 このフィールドは記入必須です。 | G8: 2. 귀사의 선언 범위를 선택하십시오. 선언 범위에 대한 선택 샤야은: A. 회사전체 B. 제품(또는 제품 목록) C. 사용자 정의 "회사전체"를 선택할 경우, 이 선언은 회사의 제품 또는 모회사에 의해 생산된 제품의 구성물질 전체를 포함합니다. 그러므로 사용자가 회사 수준에서 특정 광물의 데이터를 선언하고 있는 경우, 회사가 제조하는 모든 제품에 대해 데이터를 선언하게 될 것입니다. “제품(또는 제품의 목록)”을 선택하면, 제품 목록을 위한 작업지 탭의 링크가 나타납니다. 이 범위가 선택된다면 제품 목록의 칼럼 B에 있는 선언의 범위에서 다루어지는 응답자의 제품 번호를 열거해야 합니다. 제품 목록의 칼럼 C 에서 응답자의 제품명을 열거하는 것은 선택사항입니다. "사용자 정의"를 선택하면, 사용자는 반드시 특정 광물의 공개가 적용될 범위를 설명해야 합니다. 이 등급의 범위는 공급자가 텍스트란에 정의해야 하며 고객 또는 문서의 수신자가 쉽게 이해할 수 있어야 합니다. 예를 들어, 회사는 정보를 명확하게 하기 위해 링크를 제공할 수도 있습니다. 이 기재란은 필수 사항입니다. | H8: 2. Sélectionnez le champ d’application de la déclaration de votre société. Les options de champ d’application sont les suivantes : A. Ensemble de la société B. Produit (ou Liste de produits) C. Défini par l’utilisateur Pour l’option « Ensemble de la société », la déclaration englobe la totalité des produits de la société ou substances des produits fabriqués par la société mère. Ainsi, si l’utilisateur déclare des données concernant du minerai spécifié à l’échelle de la société, il déclarera des données sur tous les produits qu’il fabrique. Si le champ d’application est le produit (ou liste de produits), un lien vers l’onglet de la feuille de travail de liste des produits sera affiché. Si ce champ d’application est sélectionné, il est obligatoire de mentionner le numéro de produit du répondant pour les produits couverts par le champ d’application de cette déclaration dans la colonne B de la feuille de travail de liste des produits. Il n’est pas obligatoire de mentionner le nom des produits du répondant dans la colonne C de la feuille de travail de liste de produits. En sélectionnant le champ d’application « Défini par l’utilisateur », l’utilisateur doit décrire le champ d’application faisant l’objet de la déclaration des minerais spécifiés. Pour cette classe, le champ d’application doit être renseigné dans un champ de texte par le fournisseur et doit être facilement compris par les clients ou les destinataires du document. Par exemple, les entreprises peuvent fournir un lien vers des informations explicatives complémentaires. Ce champ est obligatoire. | I8: 2. Wählen Sie den Erklärungsumfang Ihres Unternehmens aus. Die Auswahlmöglichkeiten für den Umfang sind: A. Unternehmensweit B. Produkt (oder Produktliste) C. Nutzerdefiniert „Unternehmensweit“ bedeutet, dass die Erklärung die Gesamtheit der Produkte oder Produktsubstanzen umfasst, die von der Muttergesellschaft hergestellt werden. Falls der Nutzer angegebene Mineraldaten auf Unternehmensebene anzeigt, zeigt er angegebene Mineraldaten für alle Produkte an, die er herstellt. Zur Auswahl des Umfangs des Produkts (oder der Produktliste) wird ein Link zum Arbeitsblattreiter für die Produktliste angezeigt. Wenn dieser Umfang ausgewählt wird, muss die Produktnummer des Befragten der vom Umfang dieser Erklärung umfassten Produkte in Spalte B des Arbeitsblatts „Produktliste“ genannt werden. Die Produktnummer des Befragten kann in Spalte C des Arbeitsblatts „Produktliste“ optional angegeben werden. Für eine „nutzerdefinierte“ Auswahl des Umfangs muss der Nutzer den Umfang der Anwendbarkeit der Offenlegung der angegebenen Mineralien beschreiben. Die nutzerdefinierte Klasse erlaubt es einem Nutzer, den Umfang der Anwendbarkeit der Offenlegung der angegebene Mineral zu beschreiben. Der Umfang dieser Klasse muss in einem zwischen dem Lieferanten und dem Antragsteller vereinbarten Textfeld definiert werden. Die Offenlegung kann in Hinsicht auf eine bestimmte Abteilung oder eine Produktkategorie eines Unternehmens erfolgen. Eine Produktkategorie ist eine Gruppe von Produkten, die durch einen in der Branche anerkannten Oberbegriff beschrieben werden kann (z. B. Kondensatoren). Bei Verwendung dieser Klasse muss der Nutzer Antworten auf die Fragenliste für alle in den Produkten der spezifizierten nutzerdefinierten Klasse verwendeten angegebenen Mineralien geben. Dieses Feld muss ausgefüllt werden.
A9: =B9&C9 -> InstructionsA9 | B9: Instructions | C9: A9 | D9: 3. The requesting company is required to select all minerals that are in scope of the declaration. These fields are pre-populated with the six EMRT minerals. To remove a mineral from the declaration, the user selects "Delete [Mineral]". Minerals are automatically populated in alphabetical order for Questions 1-7 and C. This field is mandatory. | E9: 3. 决定贵公司的矿产申报范围。这些字段包含六种 EMRT 矿物。要从声明中删除某种矿物，用户可选择“Delete [Mineral]”。提出请求的公司必须说明哪些矿产属于申报范围。问题 1 至 7 和 C 会自动按字母顺序填充的矿产。 这是必填项。 | F9: 3. 貴社（依頼者）の鉱物の申告範囲を選択してください。これらのフィールドには、6種類のEMRT鉱物が含まれています。申告から鉱物を削除するには、「Delete [Mineral]」を選択します。鉱物は、質問1〜7およびCにアルファベット順に自動入力されます。 このフィールドは必須です。 | G9: 3. 귀사의 광물 신고 범위를 선택하다십시오. 이 필드에는 6가지 EMRT 미네랄이 포함됩니다. 신고서에서 미네랄을 제거하려면 사용자가 "Delete [Mineral]"를 선택합니다. 광물에 따라 질문1) ~ 7)에 와 C)가 알파벳순으로자동으로 입력됩니다. 이 기재란은 필수 사항입니다. | H9: 3. Choisissez le champ d’application de la déclaration des minerais de votre entreprise. Ces champs incluent les six minéraux EMRT. Pour supprimer un minéral de la déclaration, l'utilisateur sélectionne « Delete [Mineral] ». Les minerais sont automatiquement remplis par ordre alphabétique pour les questions 1 à 7 et C. Ce champ est obligatoire. | I9: 3. Das antragstellende Unternehmen muss alle Mineralien ausgewählt, die in den Geltungsbereich der Erklärung fallen. Diese Felder enthalten die sechs EMRT-Mineralien. Um ein Mineral aus der Deklaration zu entfernen, wählt der Benutzer „Delete [Mineral]“. Für die Fragen Fragen 1-7 und C sind die Mineralien automatisch in alphabetischer Reihenfolge anzugeben. Dies ist ein Pflichtfeld.
A10: =B10&C10 -> InstructionsA10 | B10: Instructions | C10: A10 | D10: 4. Insert your company’s unique identifier number or code (DUNS number, VAT number, customer-specific identifier, etc.) | E10: 3. 输入贵公司的唯一识别序号或编号 （DUNS号码，VAT号码，客户特定识别码等） | F10: 3. 貴社固有の識別番号又はコードを記入してください（DUNSナンバー、VATナンバー、顧客固有番号等）。 | G10: 3. 귀사의 고유 식별 번호 또는 코드(DUNS 번호, VAT 번호, 고객별 식별자 등)를 입력하십시오. | H10: 3. Entrez le numéro ou code identificateur unique de votre entreprise (numéro DUNS, numéro TVA, identifiant spécifique au client, etc.) | I10: 3.Geben sie ihre eindeutige Firmenidentifikationsnummer (DUNS Nummer, Steuernummer, Kunden-spezifische Kennung, etc.) ein
A11: =B11&C11 -> InstructionsA11 | B11: Instructions | C11: A11 | D11: 5. Insert the source for the unique identifier number or code ("DUNS", "VAT", "Customer", etc). | E11: 4. 输入唯一识别序号或编号的出处 （如“DUNS”，“VAT”，“客户”等） | F11: 4. 固有の識別番号又はコードの発行元を記入してください（「DUNS」「VAT」「顧客」等）。 | G11: 4. 고유 식별 번호 또는 코드의 출처를 입력하십시오("DUNS", "VAT", "고객" 등) | H11: 4. Indiquer la source pour l'identifiant unique de votre entreprise (numéro DUNS, numéro TVA, etc…) | I11: 4. Geben Sie die Quelle für die eindeutige Kennung oder Code ( "DUNS", "MWST","Kunde", etc. ) an.
A12: =B12&C12 -> InstructionsA12 | B12: Instructions | C12: A12 | D12: 6. Insert your full company address (street, city, state, country, postal code). This field is optional. | E12: 5. 插入贵公司的完整地址（街道、城市、州、国家或地区、邮政编码）。此为必填字段。 | F12: 5. 貴社の住所を省略せずに記入してください（番地、市、州/都道府県、国、郵便番号） 。このフィールドは任意です。 | G12: 5. 귀사의 주소를 기입하십시오. (시, 구, 동, 우편번호 등). 이 필드는 선택 사항입니다. | H12: 5. Entrez l’adresse complète de votre entreprise (rue, ville, pays, code postal). Ce champ est optionnel. | I12: 5. Geben Sie Ihre vollständige Firmenanschrift an (Straße, Stadt, Postleitzahl, Bundesland). Dieses Feld ist optional.
A13: =B13&C13 -> InstructionsA13 | B13: Instructions | C13: A13 | D13: 7. Insert the name of the person to contact regarding the contents of the declaration information. This field is mandatory. | E13: 6. 插入与申报信息内容相关的联系人姓名。 此栏必须填写。 | F13: 6. 申告内容に関する連絡先の名前を記入してください。このフィールドは記入必須です。 | G13: 6. 신고 정보의 내용에 관해서 연락할 사람의 이름을 입력하십시오. 이 기재란은 필수 사항입니다. | H13: 6. Insérez le nom de la personne à contacter concernant le contenu des informations de la déclaration. Ce champ est obligatoire. | I13: 6. Geben Sie den Namen der Kontaktperson zum Inhalt der Erklärung an. Dies ist ein obligatorisches Feld.
... A151: =B151&C151 -> DeclarationB13 | B151: Declaration | C151: B13 | D151: Note: The minerals selected here are reflected in questions 1-7 and C, and will be sorted in alphabetical order. Please ensure that the answers match the intended minerals. | E151: 注：问题 1 至 7 和 C 会自动填充精选的矿产，将按字母顺序列出。检查你的回复是否与相应的矿物相符。 | F151: 注：ここで選択した鉱物が、質問1)～7)および質問Cに反映され、アルファベット順に表記されます。回答と該当する鉱物が一致するかを確認してください。 | G151: 참고 : 여기에서 선택한 미네랄은 질문 1) ~ 7)에 와 C) 알파벳순으로 나열됩니다. 답변과 해당 미네랄이 일치하는지 확인합니다. | H151: REMARQUE: Les minéraux indiqués ici sont repris dans les questions 1 à 7 et C sont classés par ordre alphabétique. Veuillez vous assurer que les réponses correspondent aux minéraux souhaités. | I151: HINWEIS: Die hier eingetragenen Mineralien spiegeln sich in den Fragen 1-7 und C wider sind alphabetisch sortiert. Bitte achten Sie darauf, dass die Antworten mit den gewünschten Mineralien übereinstimmen.
A152: =B152&C152 -> DeclarationB14 | B152: Declaration | C152: B14
A153: =B153&C153 -> DeclarationB16 | B153: Declaration | C153: B16 | D153: Company Unique ID: | E153: 公司唯一识别信息： | F153: 会社固有の識別番号: | G153: 회사 고유 ID: | H153: Identifiant unique de l’entreprise : | I153: Eindeutige Unternehmenskennung:
A154: =B154&C154 -> DeclarationB17 | B154: Declaration | C154: B17 | D154: Company Unique ID Authority: | E154: 公司唯一授权识别信息： | F154: 会社固有の識別番号の発行元 | G154: 회사 고유 ID 권한: | H154: Autorité délivrant l’identifiant unique : | I154: Zuständige Stelle im Unternehmen:
A155: =B155&C155 -> DeclarationB18 | B155: Declaration | C155: B18 | D155: Address: | E155: 地址： | F155: 住所: | G155: 주소: | H155: Adresse : | I155: Adresse:
A156: =B156&C156 -> DeclarationB19 | B156: Declaration | C156: B19 | D156: Contact Name (*): | E156: 联系人姓名 (*): | F156: 連絡先担当者名(*): | G156: 문의 담당자 이름(*): | H156: Nom du contact (*) : | I156: Name des Ansprechpartners (*):
A157: =B157&C157 -> DeclarationB20 | B157: Declaration | C157: B20 | D157: Email – Contact (*): | E157: 联系人电邮地址 (*): | F157: 連絡先担当者の電子メール(*): | G157: 이메일 - 문의 담당자(*): | H157: E-mail du contact (*) : | I157: E-Mail-Adresse des Ansprechpartners (*):
A158: =B158&C158 -> DeclarationB21 | B158: Declaration | C158: B21 | D158: Phone – Contact (*): | E158: 联系人电话 (*): | F158: 連絡先担当者の電話番号(*): | G158: 전화 - 문의 담당자(*): | H158: Téléphone du contact (*) : | I158: Telefonnummer des Ansprechpartners (*):
A159: =B159&C159 -> DeclarationB22 | B159: Declaration | C159: B22 | D159: Authorizer (*): | E159: 授权人姓名 (*): | F159: 回答責任者名(*): | G159: 책임자(*): | H159: Nom de la personne responsable de la déclaration (*) : | I159: Bevollmächtigter (*):
A160: =B160&C160 -> DeclarationB23 | B160: Declaration | C160: B23 | D160: Title - Authorizer: | E160: 授权人职务: | F160: 回答責任者の役職: | G160: 직책 - 책임자: | H160: Titre du responsable : | I160: Titel des Bevollmächtigten:
A161: =B161&C161 -> DeclarationB24 | B161: Declaration | C161: B24 | D161: Email - Authorizer (*): | E161: 授权人电邮地址 (*): | F161: 回答責任者の電子メール(*): | G161: 이메일 - 책임자(*): | H161: E-mail du responsable (*) : | I161: E-Mail-Adresse des Bevollmächtigten (*):
A162: =B162&C162 -> DeclarationB25 | B162: Declaration | C162: B25 | D162: Phone - Authorizer: | E162: 授权人电话 : | F162: 回答責任者の電話番号: | G162: 전화번호 - 책임자: | H162: Téléphone du responsable : | I162: Telefonnummer des Bevollmächtigten:
A163: =B163&C163 -> DeclarationB26 | B163: Declaration | C163: B26 | D163: Effective Date (*): | E163: 授权日期 (*): | F163: 記入日(*): | G163: 발효일자(*): | H163: Date de la déclaration (*) : | I163: Datum (*):
A164: =B164&C164 -> DeclarationB28 | B164: Declaration | C164: B28 | D164: Answer the following questions 1 - 7 based on the declaration scope indicated above | E164: 根据上述指明的申报范围回答下列问题 1 - 7 | F164: 上記の申告範囲にもとづいて、以下の1～7の質問にお答えください | G164: 위에 표시된 선언 범위를 근거로 다음 질문 1 - 7에 답변하십시오. | H164: Répondre aux questions 1 à 7 suivantes pour le périmètre de la déclaration indiqué ci-dessus | I164: Beantworten Sie die Fragen 1 - 7 entsprechend dem oben angegebenen Geltungsbereich
... A174: =B174&C174 -> DeclarationB117 | B174: Declaration | C174: B117 | D174: B. Is your responsible minerals sourcing policy publicly available on your website? (Note – If yes, the user shall specify the URL in the comment field.) | E174: B. 贵公司的负责任矿产采购政策是否公开发布于贵公司网页上？（备注 - 如果是，请在注释字段中注明 URL。） | F174: B.その責任ある鉱物調達方針は、貴社のホームページで閲覧できますか？（回答が「はい」の場合、その方針が掲載されているURLをコメント欄に記入する） | G174: B. 귀사의 책임있는 광물 조달 정책은 귀사 웹사이트에서 공개적으로 구할 수 있습니까? (주목 - "예" 의 답변인 경우, 의견란에 URL 를 기입하여야 합니다.) | H174: B. Votre politique responsable d’approvisionnement en minerais est-elle disponible sur votre site Web ? (remarque : si oui, l'utilisateur doit spécifier l'URL dans le champ commentaire.) | I174: B. Ist Ihre Richtlinie zur verantwortungsvollen Beschaffung von Mineralien auf Ihrer Website einsehbar? (Hinweis – Bei „Ja“ hat der Benutzer die URL im Anmerkungsfeld anzugeben.)
A175: =B175&C175 -> Declaration | B175: Declaration | D175: C. Do you require suppliers to exercise due diligence over the mineral supply chain in accordance with the OECD Due Diligence Guidance? | E175: D. 贵公司是否要求供应商按照《经合组织 尽职调查指南》针对钴供应链实施尽职调查？ | F175: C. 貴社は、サプライヤーに対して、OECDデューディリジェンスガイダンスに沿って鉱物サプライチェーンのデューディリジェンスを実施することを要求していますか This question should be deleted. | G175: D. 귀사는 공급업체에게 OECD 실사 지침에 따라 광물 공급망에 대한 실사를 실시하도록 요구합니까? | H175: C. Exigez-vous que les fournisseurs fassent preuve de diligence raisonnable sur la chaîne d’approvisionnement en minerai conformément aux Directives de l’OCDE en matière de diligence raisonnable ?
A176: =B176&C176 -> DeclarationB119 | B176: Declaration | C176: B119 | D176: C. Do you require your direct suppliers to source the specified minerals/metals from smelters whose due diligence practices have been validated by an independent third-party audit program? | E176: C. 贵公司是否要求贵公司的直接供应商从尽职调查实践经独立第三方审计计划验证过的冶炼厂采购指定矿产？ | F176: C. 貴社は直接サプライヤーに対し、独立民間監査会社の監査プログラムによりデュー・デリジェンス業務が認証された製錬業者から対象となる鉱物を調達することを要求していますか？ | G176: C. 귀사는 1차 협력사에게 독립된 제3자 감사 회사에 의해 실사를 확인받은 제련소로부터만 특정 광물의에를 구매하기를 요구하고 있습니까? | H176: C. Est-ce que vous imposez à vos fournisseurs directs de s’approvisionner en minerai spécifié auprès de fonderies dont les pratiques de diligence raisonnable ont été validées par un programme d’audit externe indépendant ? | I176: C. Verlangen Sie von Ihren direkten Lieferanten, das angegebenen Mineralien von Verhüttungsbetrieben, deren Sorgfaltspflichtpraktiken von einem unabhängigen Prüfungsprogramm einer dritten Partei überprüft worden sind?
A177: =B177&C177 -> DeclarationB131 | B177: Declaration | C177: B131 | D177: D. Have you implemented due diligence measures for responsible sourcing? | E177: D. 贵公司是否已实施负责任矿产采购的尽职调查措施？ | F177: D. 責任ある鉱物調達のためのデュー・ディリジェンス対策を実施していますか？ | G177: D. 귀사는 책임있는 조달을 위한 실사를 시행하였습니까? | H177: D. Exigez-vous des pratiques de diligence raisonnable concernant l'approvisionnement responsable ? | I177: D. Haben Sie Sorgfaltspflichtmaßnahmen für verantwortungsvolle Beschaffung in Kraft gesetzt?
A178: =B178&C178 -> DeclarationB133 | B178: Declaration | C178: B133 | D178: E. Does your company conduct supply chain survey(s) of your relevant supplier(s) on the specified minerals/metals? | E178: E. 贵公司是否针对相关供应商进行指定矿产供应链调查？ | F178: E.貴社は関連するサプライヤーの対象となる鉱物サプライチェーン調査を行っていますか？ | G178: E. 귀사는 관련 공급업체의 특정 광물의에 공급망 조사를 실시합니까? | H178: E. Votre société réalise-t-elle des enquêtes sur la chaîne d’approvisionnement en minerai spécifié de votre ou vos fournisseurs concernés ? | I178: E. Führt Ihr Unternehmen Lieferkettenumfragen bei Ihren relevanten Lieferanten zu angegebenen Mineralien durch?
A179: =B179&C179 -> DeclarationB135 | B179: Declaration | C179: B135 | D179: F. Do you review due diligence information received from your suppliers against your company’s expectations? | E179: F. 贵公司是否会根据预期审核从供应商处收到的尽职调查信息？ | F179: F.サプライヤーからのデュー・ディリジェンス情報を貴社の期待を基に検証していますか？ | G179: F. 귀사는 공급업체로부터 받은 실사 정보를 귀사의 기대사항과 비교해 검토합니까? | H179: F. Comparez-vous les informations de diligence raisonnable reçues de vos fournisseurs aux attentes de votre société ? | I179: F. Prüfen Sie die Sorgfaltspflichtangaben, die Sie von Ihren Lieferanten erhalten, gegen die Erwartungen Ihres Unternehmens?
A180: =B180&C180 -> DeclarationB137 | B180: Declaration | C180: B137 | D180: G. Does your review process include corrective action management? | E180: G. 贵公司的审核流程是否包括纠错行动管理？ | F180: G. 貴社の検証プロセスには是正措置管理が含まれていますか？ | G180: G. 귀사의 검토 프로세스에 시정 조치 관리가 포함되어 있습니까? | H180: G. Votre processus d’examen comprend-il la gestion des mesures correctives ? | I180: G. Umfasst Ihr Prüfverfahren die Überwachung von Abhilfemaßnahmen?
A181: =B181&C181 -> DeclarationD29 | B181: Declaration | C181: D29 | D181: Answer | E181: 回答 | F181: 回答 | G181: 답변 | H181: Réponse | I181: Antwort
A182: =B182&C182 -> DeclarationB114 | B182: Declaration | C182: B114 | D182: Question | E182: 问题 | F182: 質問 | G182: 질문 | H182: Question | I182: Frage
A183: =B183&C183 -> DeclarationG29 | B183: Declaration | C183: G29 | D183: Comments | E183: 注释 | F183: 備考 | G183: 의견 | H183: Commentaires | I183: Kommentare
A184: =B184&C184 -> Smelter Look-upA1 | B184: Smelter Look-up | C184: A1 | D184: The following list represents the RMI's latest smelter name/alias information as of this templates release. This list is updated frequently, and the most up-to-date version can be found on the RMI website http://www.responsiblemineralsinitiative.org/responsible-minerals-assurance-process/exports/cmt-export/. The presence of a smelter here is NOT a guarantee that it is currently Active or Conformant within an independent third party audit program. Please refer to the RMI web site www.responsiblemineralsinitiative.org for the most current and accurate list of standard smelter names that are Active or Conformant. Names included in column B represent company names that are commonly recognized and reported by the supply chain for a particular smelter. These names may include former company names, alternate names, abbreviations, or other variations. Although the names may not be the Standard Smelter Name, the reference names are helpful to identify the smelter, which is listed under column C in the Smelter Look-up. Column C is the list of the official standard smelter names, in the ASCII character set. The majority of smelters will have the same entry for both columns, however if the common name varies from the standard name, the variation is noted in Column B. | E184: 以下目录是截至此模板发布时 RBA 的最新冶炼厂名称/别名信息。 此目录会适时更新。 冶炼厂存在于此目录中并不保证它就是独立第三方审计计划内的目前有效或合规的冶炼厂。 在 B 列中包括的名称表示供应链对于特定冶炼厂 通常认可和报告使用的公司名称。这些名称可能包括公司曾用名、备用名称、简称或其他变体。虽然这些名称可能不是标准冶炼厂名称，但参考名称有助于识别列在“冶炼厂查找”中 C 列下的 冶炼厂。 在 ASCII 字符集中，C 列是正式标准冶炼厂名 称目录。大多数冶炼厂的这两列具有相同的条目，然而，如果常用名称与标准名称不同，则在 B 列中注明这种变化。 | F184: 以下の製錬業者リストは、このテンプレートのリリース時点でRBAの最新の製錬業者／別名の情報である。このリストは頻繁に更新される。このリストに製錬業者の名前が掲載されている場合でも、第三者の監査プログラムにおけるアクティブ（Active）又は適合（Conformant）を保証するものではない。 B列に記載されている名前は、特定の製錬業者のサプライチェーンによって一般的に認められており、また報告されている会社名である。これらの名前には、旧社名、別名、略称その他のバリエーションが含まれる。名前はRMI標準製錬業者名ではないかもしれないが、参照名は製錬業者を特定するのに役立つ。製錬業者は、Smelter Look-up（製錬業者検索）のC列に記載されている。 C列は、ASCII文字セットで表す公式の標準製錬業者名のリストである。大多数の製錬業者の名前は両方の列で同一だが、一般名称が正式名と違う場合は、B列にその違いが注記されている。 | G184: 다음 목록은 이 템플릿의 발표 시점을 기준으로 한 RBA의 최신 제련소 명칭/별칭 정보를 나타냅니다. 이 목록은 자주 업데이트됩니다. 이 목록에 제련소가 포함되어 있다고 해서 해당 제련소가 현재 제3자 독립 감사 프로그램 내에서 활동 중이거나 준수한다고 보장하는 것은 아닙니다. B열에 포함된 명칭은 특정 제련소에 대한 공급망에 의해 일반적으로 인식 및 보고되는 회사명을 나타냅니다. 이러한 이름에는 이전의 회사명, 대체 명칭, 약어 또는 기타 다른 명칭이 포함될 수 있습니다. 이름이 표준 제련소 명칭이 아닐 수 있지만, 참조 이름은 제련소를 식별하는 데 도움이 되며 제련소 찾기의 C열에 나열되어 있습니다. C열은 ASCII 문자열로 표시되는 공식 표준 제련소 명칭의 목록입니다. 대다수 제련소들의 명칭이 두 열 모두 동일하지만, 일반 명칭이 표준 명칭과 다를 경우, 다른 명칭이 B열에 표기됩니다. | H184: La liste suivante représente les dernières informations de la RMI relatives au nom/pseudonyme de la fonderie au moment de la publication de ce modèle. Cette liste est mise à jour régulièrement et la version la plus à jour peut être consultée sur le site Web de la RMI à l’adresse http://www.conflictfreesourcing.org/conflict-free-smelter-program/exports/cmrt-export/. La présence d’une fonderie sur cette liste ne garantit PAS que celle-ci est actuellement active ou conforme au Programme des fonderies hors conflits (Conflict Free Smelter Program, RMAP). Veuillez consulter le site Web de la RMI, www.conflictfreesourcing.org, pour obtenir la liste actualisée et précise de noms des fonderies standard qui sont actives ou conformes. Les noms figurant dans la colonne B représentent des noms de sociétés généralement reconnues et déclarées par la chaîne d’approvisionnement pour une fonderie particulière. Ces noms peuvent comprendre d’anciens noms de sociétés, d’autres noms, des abréviations ou d’autres variantes. Bien que les noms ne soient pas forcément des noms de fonderies standard de la RMI, les noms de référence peuvent permettre d’identifier la fonderie dans la colonne C de la Recherche de fonderie. La colonne C correspond à la liste des noms standard officiels des fonderies, dans le jeu de caractères de la norme ASCII. La plupart des fonderies auront la même entrée pour les deux colonnes ; toutefois, si le nom courant est différent du nom standard, la variation est indiquée dans la colonne B. | I184: Die folgende Liste beruht auf den neuesten Informationen der RMI über Schmelzofennamen/Aliasnamen zum Zeitpunkt der Veröffentlichung dieser Vorlage. Diese Liste wird regelmäßig aktualisiert. Die aktuellste Version ist auf der RMI-Website zu finden unter http://www.responsiblemineralsinitiative.org/responsible-minerals-assurance-process/exports/cmrt-export/. Die Aufführung eines Schmelzofens in dieser Erklärung ist KEINE Garantie, dass dieser gegenwärtig aktiv ist oder den Responsible Minerals Assurance Process einhält. Bitte entnehmen Sie der RMI-Website www.responsiblemineralsinitiative.org die aktuellste und genaueste Liste der Namen von aktiven oder mit dem RMAP konformen Standardschmelzöfen. Namen in Spalte B stellen allgemein bekannte Firmennamen dar, die der Lieferkette für den jeweiligen Schmelzofen gemeldet werden. Zu diesen Namen können frühere Firmennamen, alternative Namen, Abkürzungen oder sonstige Varianten zählen. Obwohl diese Namen vielleicht nicht den RMI Standard-Schmelzofennamen entsprechen, sind sie für die Identifizierung des Schmelzofens hilfreich, welcher in Spalte C der Schmelzofensuche aufgeführt ist. Spalte C beinhaltet die Liste der offiziellen Standard-Schmelzofennamen, im ASCII-Zeichensatz. Die Mehrheit von Schmelzöfen hat dieselbe Eintragung für beide Spalten. Wenn jedoch der übliche Name vom Standardnamen abweicht, wird die Abweichung in Spalte B vermerkt.
A185: =B185&C185 -> Smelter Look-upA4 | B185: Smelter Look-up | C185: A4 | D185: Metal | E185: 金属 | F185: 金属 | G185: 금속 | H185: Métal | I185: Metall
A186: =B186&C186 -> Smelter Look-upB4 | B186: Smelter Look-up | C186: B4 | D186: Smelter Look-up (*) | E186: 冶炼厂查找 (*) | F186: Smelter Look-Up（製錬業者名検索）（*） | G186: 제련소 찾기(*) | H186: Recherche de fonderie (*) | I186: Schmelzhüttensuche (*)
A187: =B187&C187 -> Smelter Look-up | B187: Smelter Look-up | D187: Known alias | F187: 既知の別名 | G187: 알려진 별칭 | H187: Alias connus | I187: Bekannt als
A188: =B188&C188 -> Smelter Look-upC4 | B188: Smelter Look-up | C188: C4 | D188: Standard Smelter Names | E188: 在 B 列中包括的名称表示供应链对于特定冶炼厂通常认可和报告使用的公司名称。这些名称可能包括公司曾用名、备用名称、简称、或其他变体。虽然这些名称可能不是 RMI 标准冶炼厂名称，但参考名称有助于识别冶炼厂，该冶炼厂列在冶炼厂参考列表中的 C 列下。 | F188: 標準製錬業者名 | G188: 표준 제련소 명칭 | H188: Noms standard des fonderies | I188: Standard Schmelzhütten Namen
A189: =B189&C189 -> Smelter Look-upD4 | B189: Smelter Look-up | C189: D4 | D189: Smelter Facility Location: Country | F189: 製錬施設所在地：国 | G189: 제련소 시설 위치: 국가 | H189: Localisation de la fonderie : pays | I189: Schmelzhütte: Land
A190: =B190&C190 -> Smelter Look-upE4 | B190: Smelter Look-up | C190: E4 | D190: Smelter ID | E190: 冶炼厂 ID | F190: 製錬業者ID | G190: 제련소 ID | H190: Identifiant fonderie | I190: Schmelzhütten-ID
A191: =B191&C191 -> Smelter Look-upF4 | B191: Smelter Look-up | C191: F4 | D191: Source of Smelter Identification Number | E191: 冶炼厂出处识别号 | F191: 製錬業者識別番号の発行元 | G191: 제련소 조달 식별 번호 | H191: Source de l’identifiant de la fonderie | I191: Quelle der Schmelzhütte Id-Nummer
A192: =B192&C192 -> Smelter Look-upG4 | B192: Smelter Look-up | C192: G4 | D192: Smelter Street | E192: 冶炼工厂地址（街道） | F192: 製錬業者所在地：番地 | G192: 제련소 도로명 | H192: Localisation de la fonderie : Rue | I192: Schmelzhütten: Straße
A193: =B193&C193 -> Smelter Look-upH4 | B193: Smelter Look-up | C193: H4 | D193: Smelter City | E193: 冶炼工厂地址（城市） | F193: 製錬業者所在地：市 | G193: 제련소 도시 | H193: Localisation de la fonderie : Ville | I193: Schmelzhütten: Stadt
A194: =B194&C194 -> Smelter Look-upI4 | B194: Smelter Look-up | C194: I4 | D194: Smelter Facility Location: State / Province | E194: 冶炼工厂地址（州/省） | F194: 製錬施設所在地：州／県 | G194: 제련소 시설 위치: 시/도 | H194: Localisation de la fonderie : État / Province | I194: Schmelzhütten: Bundesland/Provinz
A195: =B195&C195 -> Smelter ListA4 | B195: Smelter List | C195: A4 | D195: Smelter Identification Number Input Column | E195: 冶炼厂识别号码输入列 | F195: 製錬業者識別番号の入力列 | G195: 제련소 식별 번호 입력 열 | H195: Colonne de saisie du numéro d’identification de la fonderie | I195: Eingabespalte Schmelzhüttenidentifizierungsnummer
A196: =B196&C196 -> Smelter ListB4 | B196: Smelter List | C196: B4 | D196: Metal (*) | E196: 金属 (*) | F196: 金属 (*) | G196: 금속(*) | H196: Métal (*) | I196: Metall (*)
A197: =B197&C197 -> Smelter ListC4 | B197: Smelter List | C197: C4 | D197: Smelter Look-up (*) | E197: 冶炼厂查找 (*) | F197: Smelter Look-Up（製錬業者名検索）（*） | G197: 제련소 찾기(*) | H197: Recherche de fonderie (*) | I197: Schmelzhüttensuche (*)
A198: =B198&C198 -> Smelter ListD4 | B198: Smelter List | C198: D4 | D198: Smelter Name (1) | E198: 冶炼厂名称 (1) | F198: 製錬業者名(1) | G198: 제련소 명칭(1) | H198: Nom de la fonderie (1) | I198: Schmelzhüttenname (1)
A199: =B199&C199 -> Smelter ListE4 | B199: Smelter List | C199: E4 | D199: Smelter Country (*) | E199: 冶炼工厂地址（国家） (*) | F199: 製錬業者所在地：国(*) | G199: 제련소 국가(*) | H199: Localisation de la fonderie : Pays (*) | I199: Schmelzhütten: Land (*)
A200: =B200&C200 -> Smelter ListH4 | B200: Smelter List | C200: H4 | D200: Smelter Street | E200: 冶炼工厂地址（街道） | F200: 製錬業者所在地：番地 | G200: 제련소 도로명 | H200: Localisation de la fonderie : Rue | I200: Schmelzhütten: Straße
A201: =B201&C201 -> Smelter ListI4 | B201: Smelter List | C201: I4 | D201: Smelter City | E201: 冶炼工厂地址（城市） | F201: 製錬業者所在地：市 | G201: 제련소 도시 | H201: Localisation de la fonderie : Ville | I201: Schmelzhütten: Stadt
... A231: =B231&C231 -> CheckerJ6 | B231: Checker | C231: J6 | D231: Provide description of scope on Declaration tab cell D10 | E231: 在“申报”选项卡 D10 单元格中提供范围说明 | F231: 「申告（Declaration）」タブのD10セルに申告範囲の説明を記入してください | G231: 선언(Declaration) 탭의 D10 셀에 범위 설명을 제공하십시오. | H231: Saisissez une description du champ d’application dans la cellule D10 de l’onglet Déclaration | I231: Geben Sie eine Beschreibung des Umfangs in der Reiterzelle D10 der Erklärung an
A232: =B232&C232 -> CheckerJ7 | B232: Checker | C232: J7 | D232: Provide at least 1 mineral/metal in Declaration tab cells D12 - G13
A233: =B233&C233 -> CheckerJ8 | B233: Checker | C233: J8
A234: =B234&C234 -> CheckerJ9 | B234: Checker | C234: J9 | D234: Provide contact name in Declaration tab cell D19 | E234: 在“申报”选项卡 D19 单元格中提供联系人姓名 | F234: 「申告（Declaration）」タブのD19セルに連絡先担当者名を記入してください | G234: 선언(Declaration) 탭의 D15 셀에 담당자 이름을 제공하십시오. | H234: Saisissez le nom de contact dans la cellule D15 de l’onglet Déclaration | I234: Geben Sie einen Kontaktnamen in der Reiterzelle D15 der Erklärung an
A235: =B235&C235 -> CheckerJ10 | B235: Checker | C235: J10 | D235: Provide a valid email for contact in Declaration tab cell D20 | E235: 在“申报”选项卡 D20 单元格中提供联系人有效的电子邮件地址 | F235: 「申告（Declaration）」タブのD20セルに連絡先担当者の有効な電子メールを記入してください | G235: 선언(Declaration) 탭의 D16 셀에 유효한 담당자 이메일을 입력하십시오. | H235: Saisissez une adresse e-mail de contact valide dans la cellule D16 de l’onglet Déclaration | I235: Geben Sie eine gültige Kontakt-E-Mail-Adresse in der Reiterzelle D16 der Erklärung an
A236: =B236&C236 -> CheckerJ11 | B236: Checker | C236: J11 | D236: Provide a phone number for contact in Declaration tab cell D21 | E236: 在“申报”选项卡 D21 单元格中提供联系人的电话号码 | F236: 「申告（Declaration）」タブのD21セルに連絡先担当者の電話番号を記入してください | G236: 선언(Declaration) 탭의 D17 셀에 담당자 전화 번호를 제공하십시오. | H236: Saisissez un numéro de téléphone de contact dans la cellule D17 de l’onglet Déclaration | I236: Geben Sie eine Kontakttelefonnummer in der Reiterzelle D17 der Erklärung an
A237: =B237&C237 -> CheckerJ12 | B237: Checker | C237: J12 | D237: Provide authorized company representative contact name in Declaration tab cell D22 | E237: 在“申报”选项卡 D22 单元格中提供授权公司代表联系人姓名 | F237: 「申告（Declaration）」タブのD22セルに会社から正式に認められた代表者の連絡先担当者名を記入してください | G237: 선언(Declaration) 탭의 D18 셀에 회사를 대표하는 책임자 이름을 제공하십시오. | H237: Saisissez le nom de contact du représentant agréé de l’entreprise dans la cellule D18 de l’onglet Déclaration | I237: Geben Sie den Kontaktnamen eines bevollmächtigten Unternehmensvertreters in der Reiterzelle D18 der Erklärung an
A238: =B238&C238 -> CheckerJ13 | B238: Checker | C238: J13 | D238: Provide an email for authorized company representative on Declaration tab cell D24 | E238: 在“申报”选项卡 D24 单元格中提供授权公司代表的有效的电子邮件地址 | F238: 「申告（Declaration）」タブのD24セルに会社から正式に認められた代表者の有効な電子メールを記入してください | G238: 선언(Declaration) 탭의 D20 셀에 회사를 대표하는 책임자 이메일을 제공하십시오. | H238: Saisissez une adresse e-mail valide du représentant agréé de la société dans la cellule D20 de l’onglet Déclaration | I238: Geben Sie eine gültige E-Mail-Adresse eines bevollmächtigten Unternehmensvertreters in der Reiterzelle D20 der Erklärung an
A239: =B239&C239 -> CheckerJ15 | B239: Checker | C239: J15 | D239: Provide date the form was completed on Declaration tab cell D26 | E239: 在“申报”选项卡 D26 单元格中提供表格填写日期 | F239: 「申告（Declaration）」タブのD26セルに書式への記入日を記入してください | G239: 선언(Declaration) 탭의 D22 셀에 양식이 작성된 날짜를 제공하십시오. | H239: Saisissez la date de remplissage du formulaire dans la cellule D22 de l’onglet Déclaration | I239: Geben Sie das Datum der Vervollständigung des Formulars in der Reiterzelle D22 der Erklärung an
A240: =B240&C240 -> CheckerJ17 | B240: Checker | C240: J17 | D240: Declare if specified mineral is intentionally added to your products on Declaration tab cell D30 | E240: 在“申报”选项卡 D30 单元格中申报是否有意将指定矿产增加到贵公司的产品中 | F240: 対象となる鉱物が貴社製品に意図的に付加された場合は「申告（Declaration）」タブのD30セルに申告してください | G240: 선언(Declaration) 탭의 D30 셀에 특정 광물의에가 의도적으로 제품에 첨가되었는지 여부를 신고하십시오. | H240: Déclarez si du le minerai spécifié est intentionnellement ajouté à vos produits dans la cellule D30 de l’onglet Déclaration | I240: Erklären Sie in der Reiterzelle D30 der Erklärung, ob angegebenen Mineralien Ihren Produkten absichtlich hinzugefügt wird
A241: =B241&C241 -> CheckerJ18 | B241: Checker | C241: J18 | D241: Declare if specified mineral is intentionally added to your products on Declaration tab cell D31 | E241: 在“申报”选项卡 D31 单元格中申报是否有意将指定矿产增加到贵公司的产品中 | F241: 対象となる鉱物が貴社製品に意図的に付加された場合は「申告（Declaration）」タブのD31セルに申告してください | G241: 선언(Declaration) 탭의 D31 셀에 특정 광물의에가 의도적으로 제품에 첨가되었는지 여부를 신고하십시오. | H241: Déclarez si du le minerai spécifié est intentionnellement ajouté à vos produits dans la cellule D31 de l’onglet Déclaration | I241: Erklären Sie in der Reiterzelle D31 der Erklärung, ob angegebenen Mineralien Ihren Produkten absichtlich hinzugefügt wird
A242: =B242&C242 -> CheckerJ19 | B242: Checker | C242: J19 | D242: Declare if specified mineral is intentionally added to your products on Declaration tab cell D32 | E242: 在“申报”选项卡 D32 单元格中申报是否有意将指定矿产增加到贵公司的产品中 | F242: 対象となる鉱物が貴社製品に意図的に付加された場合は「申告（Declaration）」タブのD32セルに申告してください | G242: 선언(Declaration) 탭의 D32 셀에 특정 광물의에가 의도적으로 제품에 첨가되었는지 여부를 신고하십시오. | H242: Déclarez si du le minerai spécifié est intentionnellement ajouté à vos produits dans la cellule D32 de l’onglet Déclaration | I242: Erklären Sie in der Reiterzelle D32 der Erklärung, ob angegebenen Mineralien Ihren Produkten absichtlich hinzugefügt wird
A243: =B243&C243 -> CheckerJ20 | B243: Checker | C243: J20 | D243: Declare if specified mineral is intentionally added to your products on Declaration tab cell D33 | E243: 在“申报”选项卡 D33 单元格中申报是否有意将指定矿产增加到贵公司的产品中 | F243: 対象となる鉱物が貴社製品に意図的に付加された場合は「申告（Declaration）」タブのD33セルに申告してください | G243: 선언(Declaration) 탭의 D33 셀에 특정 광물의에가 의도적으로 제품에 첨가되었는지 여부를 신고하십시오. | H243: Déclarez si du le minerai spécifié est intentionnellement ajouté à vos produits dans la cellule D33 de l’onglet Déclaration | I243: Erklären Sie in der Reiterzelle D33 der Erklärung, ob angegebenen Mineralien Ihren Produkten absichtlich hinzugefügt wird
A244: =B244&C244 -> CheckerJ21 | B244: Checker | C244: J21 | D244: Declare if specified mineral is intentionally added to your products on Declaration tab cell D34 | E244: 在“申报”选项卡 D34 单元格中申报是否有意将指定矿产增加到贵公司的产品中 | F244: 対象となる鉱物が貴社製品に意図的に付加された場合は「申告（Declaration）」タブのD34セルに申告してください | G244: 선언(Declaration) 탭의 D34 셀에 특정 광물의에가 의도적으로 제품에 첨가되었는지 여부를 신고하십시오. | H244: Déclarez si du le minerai spécifié est intentionnellement ajouté à vos produits dans la cellule D34 de l’onglet Déclaration | I244: Erklären Sie in der Reiterzelle D34 der Erklärung, ob angegebenen Mineralien Ihren Produkten absichtlich hinzugefügt wird
A245: =B245&C245 -> CheckerJ22 | B245: Checker | C245: J22 | D245: Declare if specified mineral is intentionally added to your products on Declaration tab cell D35 | E245: 在“申报”选项卡 D35 单元格中申报是否有意将指定矿产增加到贵公司的产品中 | F245: 対象となる鉱物が貴社製品に意図的に付加された場合は「申告（Declaration）」タブのD35セルに申告してください | G245: 선언(Declaration) 탭의 D35 셀에 특정 광물의에가 의도적으로 제품에 첨가되었는지 여부를 신고하십시오. | H245: Déclarez si du le minerai spécifié est intentionnellement ajouté à vos produits dans la cellule D35 de l’onglet Déclaration | I245: Erklären Sie in der Reiterzelle D35 der Erklärung, ob angegebenen Mineralien Ihren Produkten absichtlich hinzugefügt wird
A246: =B246&C246 -> CheckerJ23 | B246: Checker | C246: J23
A247: =B247&C247 -> CheckerJ24 | B247: Checker | C247: J24
A248: =B248&C248 -> CheckerJ25 | B248: Checker | C248: J25
A249: =B249&C249 -> CheckerJ26 | B249: Checker | C249: J26
A250: =B250&C250 -> CheckerJ28 | B250: Checker | C250: J28 | D250: Declare if specified mineral is necessary to the production of your products and contained within the finished products declared in Declaration tab cell D42 | E250: 在“申报”选项卡 D42 单元格中申报指定矿产是否必须用于贵公司产品的生产中并且包含在申报的成品内 | F250: 対象となる鉱物が貴社製品の製造に必要で、申告されている最終製品内に含まれる場合は、「申告（Declaration）」タブのD42セルで申告してください | G250: 선언(Declaration) 탭의 D42 셀에 제품의 생산에 특정 광물의에가 필요하며 신고된 완제품에 포함되어 있는지 여부를 신고하십시오. | H250: Déclarez si le minerai spécifié est nécessaire à la production de vos produits et s'il est présent dans les produits finis déclarés dans la cellule D42 de l'onglet Déclaration | I250: Erklären Sie in der Reiterzelle D42 der Erklärung, ob angegebenen Mineralien für die Herstellung Ihrer Produkte erforderlich ist und ob es in den angegebenen Endprodukten enthalten ist
A251: =B251&C251 -> CheckerJ29 | B251: Checker | C251: J29 | D251: Declare if specified mineral is necessary to the production of your products and contained within the finished products declared in Declaration tab cell D43 | E251: 在“申报”选项卡 D43 单元格中申报指定矿产是否必须用于贵公司产品的生产中并且包含在申报的成品内 | F251: 対象となる鉱物が貴社製品の製造に必要で、申告されている最終製品内に含まれる場合は、「申告（Declaration）」タブのD43セルで申告してください | G251: 선언(Declaration) 탭의 D43 셀에 제품의 생산에 특정 광물의에가 필요하며 신고된 완제품에 포함되어 있는지 여부를 신고하십시오. | H251: Déclarez si le minerai spécifié est nécessaire à la production de vos produits et s'il est présent dans les produits finis déclarés dans la cellule D43 de l'onglet Déclaration | I251: Erklären Sie in der Reiterzelle D43 der Erklärung, ob angegebenen Mineralien für die Herstellung Ihrer Produkte erforderlich ist und ob es in den angegebenen Endprodukten enthalten ist
A252: =B252&C252 -> CheckerJ30 | B252: Checker | C252: J30 | D252: Declare if specified mineral is necessary to the production of your products and contained within the finished products declared in Declaration tab cell D44 | E252: 在“申报”选项卡 D44 单元格中申报指定矿产是否必须用于贵公司产品的生产中并且包含在申报的成品内 | F252: 対象となる鉱物が貴社製品の製造に必要で、申告されている最終製品内に含まれる場合は、「申告（Declaration）」タブのD44セルで申告してください | G252: 선언(Declaration) 탭의 D44 셀에 제품의 생산에 특정 광물의에가 필요하며 신고된 완제품에 포함되어 있는지 여부를 신고하십시오. | H252: Déclarez si le minerai spécifié est nécessaire à la production de vos produits et s'il est présent dans les produits finis déclarés dans la cellule D44 de l'onglet Déclaration | I252: Erklären Sie in der Reiterzelle D44 der Erklärung, ob angegebenen Mineralien für die Herstellung Ihrer Produkte erforderlich ist und ob es in den angegebenen Endprodukten enthalten ist
A253: =B253&C253 -> CheckerJ31 | B253: Checker | C253: J31 | D253: Declare if specified mineral is necessary to the production of your products and contained within the finished products declared in Declaration tab cell D45 | E253: 在“申报”选项卡 D45 单元格中申报指定矿产是否必须用于贵公司产品的生产中并且包含在申报的成品内 | F253: 対象となる鉱物が貴社製品の製造に必要で、申告されている最終製品内に含まれる場合は、「申告（Declaration）」タブのD45セルで申告してください | G253: 선언(Declaration) 탭의 D45 셀에 제품의 생산에 특정 광물의에가 필요하며 신고된 완제품에 포함되어 있는지 여부를 신고하십시오. | H253: Déclarez si le minerai spécifié est nécessaire à la production de vos produits et s'il est présent dans les produits finis déclarés dans la cellule D45 de l'onglet Déclaration | I253: Erklären Sie in der Reiterzelle D45 der Erklärung, ob angegebenen Mineralien für die Herstellung Ihrer Produkte erforderlich ist und ob es in den angegebenen Endprodukten enthalten ist
A254: =B254&C254 -> CheckerJ32 | B254: Checker | C254: J32 | D254: Declare if specified mineral is necessary to the production of your products and contained within the finished products declared in Declaration tab cell D46 | E254: 在“申报”选项卡 D46 单元格中申报指定矿产是否必须用于贵公司产品的生产中并且包含在申报的成品内 | F254: 対象となる鉱物が貴社製品の製造に必要で、申告されている最終製品内に含まれる場合は、「申告（Declaration）」タブのD46セルで申告してください | G254: 선언(Declaration) 탭의 D46 셀에 제품의 생산에 특정 광물의에가 필요하며 신고된 완제품에 포함되어 있는지 여부를 신고하십시오. | H254: Déclarez si le minerai spécifié est nécessaire à la production de vos produits et s'il est présent dans les produits finis déclarés dans la cellule D46 de l'onglet Déclaration | I254: Erklären Sie in der Reiterzelle D46 der Erklärung, ob angegebenen Mineralien für die Herstellung Ihrer Produkte erforderlich ist und ob es in den angegebenen Endprodukten enthalten ist
A255: =B255&C255 -> CheckerJ33 | B255: Checker | C255: J33 | D255: Declare if specified mineral is necessary to the production of your products and contained within the finished products declared in Declaration tab cell D47 | E255: 在“申报”选项卡 D47 单元格中申报指定矿产是否必须用于贵公司产品的生产中并且包含在申报的成品内 | F255: 対象となる鉱物が貴社製品の製造に必要で、申告されている最終製品内に含まれる場合は、「申告（Declaration）」タブのD47セルで申告してください | G255: 선언(Declaration) 탭의 D47 셀에 제품의 생산에 특정 광물의에가 필요하며 신고된 완제품에 포함되어 있는지 여부를 신고하십시오. | H255: Déclarez si le minerai spécifié est nécessaire à la production de vos produits et s'il est présent dans les produits finis déclarés dans la cellule D47 de l'onglet Déclaration | I255: Erklären Sie in der Reiterzelle D47 der Erklärung, ob angegebenen Mineralien für die Herstellung Ihrer Produkte erforderlich ist und ob es in den angegebenen Endprodukten enthalten ist
A256: =B256&C256 -> CheckerJ34 | B256: Checker | C256: J34
A257: =B257&C257 -> CheckerJ35 | B257: Checker | C257: J35
A258: =B258&C258 -> CheckerJ36 | B258: Checker | C258: J36
A259: =B259&C259 -> CheckerJ37 | B259: Checker | C259: J37
A260: =B260&C260 -> CheckerJ39 | B260: Checker | C260: J39 | D260: Declare if specified mineral used within the scope of products declared within this survey response originated from a conflict-affected and high-risk area on the Declaration tab cell D54 | E260: 在“申报”选项卡 D54 单元格中申报此调查回答中所申报产品范围内使用的指定矿产的原产地是否为受冲突影响和高风险地区 | F260: 本調査回答で申告された製品範囲内で使用される対象となる鉱物が、紛争地域および高リスク地域を原産としている場合、「申告（Declaration）」タブのD54セルで申告してください | G260: 선언(Declaration) 탭의 D54 셀에 이 설문조사의 응답 내용에 신고된 제품에 사용된 특정 광물의에가 분쟁 및 고위험 지역에서 조달된 것인지 여부를 신고하십시오. | H260: Déclarez si le minerai spécifié utilisé dans le cadre des produits déclarés dans les réponses à cette enquête provient d’une zone touchée par un conflit et à haut risque dans la cellule D54 de l’onglet Déclaration. | I260: Geben Sie in Zelle D54 der Erklärung, ob innerhalb des Umfangs der in dieser Umfrage angegebenen Produkte verwendetes angegebenen Mineralien aus einem konfliktbetroffenen und risikoreichen Gebiet stammt
A261: =B261&C261 -> CheckerJ40 | B261: Checker | C261: J40 | D261: Declare if specified mineral used within the scope of products declared within this survey response originated from a conflict-affected and high-risk area on the Declaration tab cell D55 | E261: 在“申报”选项卡 D55 单元格中申报此调查回答中所申报产品范围内使用的指定矿产的原产地是否为受冲突影响和高风险地区 | F261: 本調査回答で申告された製品範囲内で使用される対象となる鉱物が、紛争地域および高リスク地域を原産としている場合、「申告（Declaration）」タブのD55セルで申告してください | G261: 선언(Declaration) 탭의 D55 셀에 이 설문조사의 응답 내용에 신고된 제품에 사용된 특정 광물의에가 분쟁 및 고위험 지역에서 조달된 것인지 여부를 신고하십시오. | H261: Déclarez si le minerai spécifié utilisé dans le cadre des produits déclarés dans les réponses à cette enquête provient d’une zone touchée par un conflit et à haut risque dans la cellule D55 de l’onglet Déclaration. | I261: Geben Sie in Zelle D55 der Erklärung, ob innerhalb des Umfangs der in dieser Umfrage angegebenen Produkte verwendetes angegebenen Mineralien aus einem konfliktbetroffenen und risikoreichen Gebiet stammt
A262: =B262&C262 -> CheckerJ41 | B262: Checker | C262: J41 | D262: Declare if specified mineral used within the scope of products declared within this survey response originated from a conflict-affected and high-risk area on the Declaration tab cell D56 | E262: 在“申报”选项卡 D56 单元格中申报此调查回答中所申报产品范围内使用的指定矿产的原产地是否为受冲突影响和高风险地区 | F262: 本調査回答で申告された製品範囲内で使用される対象となる鉱物が、紛争地域および高リスク地域を原産としている場合、「申告（Declaration）」タブのD56セルで申告してください | G262: 선언(Declaration) 탭의 D56 셀에 이 설문조사의 응답 내용에 신고된 제품에 사용된 특정 광물의에가 분쟁 및 고위험 지역에서 조달된 것인지 여부를 신고하십시오. | H262: Déclarez si le minerai spécifié utilisé dans le cadre des produits déclarés dans les réponses à cette enquête provient d’une zone touchée par un conflit et à haut risque dans la cellule D56 de l’onglet Déclaration. | I262: Geben Sie in Zelle D56 der Erklärung, ob innerhalb des Umfangs der in dieser Umfrage angegebenen Produkte verwendetes angegebenen Mineralien aus einem konfliktbetroffenen und risikoreichen Gebiet stammt
A263: =B263&C263 -> CheckerJ42 | B263: Checker | C263: J42 | D263: Declare if specified mineral used within the scope of products declared within this survey response originated from a conflict-affected and high-risk area on the Declaration tab cell D57 | E263: 在“申报”选项卡 D57 单元格中申报此调查回答中所申报产品范围内使用的指定矿产的原产地是否为受冲突影响和高风险地区 | F263: 本調査回答で申告された製品範囲内で使用される対象となる鉱物が、紛争地域および高リスク地域を原産としている場合、「申告（Declaration）」タブのD57セルで申告してください | G263: 선언(Declaration) 탭의 D57 셀에 이 설문조사의 응답 내용에 신고된 제품에 사용된 특정 광물의에가 분쟁 및 고위험 지역에서 조달된 것인지 여부를 신고하십시오. | H263: Déclarez si le minerai spécifié utilisé dans le cadre des produits déclarés dans les réponses à cette enquête provient d’une zone touchée par un conflit et à haut risque dans la cellule D57 de l’onglet Déclaration. | I263: Geben Sie in Zelle D57 der Erklärung, ob innerhalb des Umfangs der in dieser Umfrage angegebenen Produkte verwendetes angegebenen Mineralien aus einem konfliktbetroffenen und risikoreichen Gebiet stammt
